Workbook

Sheet All Funds Rollup
A3: **Do Not Modify Sheet**
A4: Instructions: 1) Please read the instructions on the individual fund source worksheets (purple tabs) and provide the requested budget authority/revenues and expenditure forecasts for FY's 2022-2025. 2) All data from the purple tabs will automatically calculate for this tab. No input is needed on this sheet by end users. 3) This worksheet is a reflection of the unit's annual net operating position. Therefore, opening and ending balances are not included. 4) Many of the underlying funds presented here are restricted to a specific use and are, therefore, not freely accessible to be directed towards initiatives or operations outside of the restricted scope. 5) If applicable, UWC2 Fee-Based program activity is included to represent the unit's total scope of responsibility.
B5: Biennium 19 (Actuals/Plan) | H5: Biennium 21 (Plan) | L5: Biennium 23 (Plan)
B6: FY20 Actuals | C6: FY21 Actuals | D6: FY21 Submitted Plan | E6: FY21. Variance (Actuals Over [Under] Plan) | F6: Bien Total | H6: FY22 Plan | I6: FY23 Plan | J6: Bien Total | L6: FY24 Plan | M6: FY25 Plan | N6: Bien Total
A7: BUDGET AUTHORITY/REVENUES
A8: General Operating Fund
A9: Permanent Budget - Regular GOF | B9: =+GOF!B10 -> 0 | C9: =+GOF!C10 -> 0 | D9: =+GOF!D10 -> 0 | E9: =+C9-D9 -> 0 | H9: =+GOF!H10 -> 0 | I9: =+GOF!I10 -> 0 | L9: =+GOF!L10 -> 0 | M9: =+GOF!M10 -> 0
A10: Temporary Budget - Regular GOF | B10: =+GOF!B11 -> 0 | C10: =+GOF!C11 -> 0 | D10: =+GOF!D11 -> 0 | E10: =+C10-D10 -> 0 | H10: =+GOF!H11 -> 0 | I10: =+GOF!I11 -> 0 | L10: =+GOF!L11 -> 0 | M10: =+GOF!M11 -> 0
A11: Permanent Budget - GOF Provisos | B11: =+'GOF Provisos'!B10 -> 0 | C11: =+'GOF Provisos'!C10 -> 0 | D11: =+'GOF Provisos'!D10 -> 0 | E11: =+C11-D11 -> 0 | H11: =+'GOF Provisos'!H10 -> 0 | I11: =+'GOF Provisos'!I10 -> 0 | L11: =+'GOF Provisos'!L10 -> 0 | M11: =+'GOF Provisos'!M10 -> 0
A12: Temporary Budget - GOF Provisos | B12: =+'GOF Provisos'!B11 -> 0 | C12: =+'GOF Provisos'!C11 -> 0 | D12: =+'GOF Provisos'!D11 -> 0 | E12: =+C12-D12 -> 0 | H12: =+'GOF Provisos'!H11 -> 0 | I12: =+'GOF Provisos'!I11 -> 0 | L12: =+'GOF Provisos'!L11 -> 0 | M12: =+'GOF Provisos'!M11 -> 0
A13: Designated Operating Fund | E13: =+C13-D13 -> 0
A14: Permanent Budget | B14: =+DOF!B10 -> 0 | C14: =+DOF!C10 -> 0 | D14: =+DOF!D10 -> 0 | E14: =+C14-D14 -> 0 | H14: =+DOF!H10 -> 0 | I14: =+DOF!I10 -> 0 | L14: =+DOF!L10 -> 0 | M14: =+DOF!M10 -> 0
A15: Temporary Budget | B15: =+DOF!B11 -> 0 | C15: =+DOF!C11 -> 0 | D15: =+DOF!D11 -> 0 | E15: =+C15-D15 -> 0 | H15: =+DOF!H11 -> 0 | I15: =+DOF!I11 -> 0 | L15: =+DOF!L11 -> 0 | M15: =+DOF!M11 -> 0
A16: Restricted Operating Fund | E16: =+C16-D16 -> 0
A17: Special State Appropriations - Perm | B17: =+'Special State Appropriations'!B10 -> 0 | C17: =+'Special State Appropriations'!C10 -> 0 | D17: =+'Special State Appropriations'!D10 -> 0 | E17: =+C17-D17 -> 0 | H17: =+'Special State Appropriations'!H10 -> 0 | I17: =+'Special State Appropriations'!I10 -> 0 | L17: =+'Special State Appropriations'!L10 -> 0 | M17: =+'Special State Appropriations'!M10 -> 0
A18: Special State Appropriations - Temp | B18: =+'Special State Appropriations'!B11 -> 0 | C18: =+'Special State Appropriations'!C11 -> 0 | D18: =+'Special State Appropriations'!D11 -> 0 | E18: =+C18-D18 -> 0 | H18: =+'Special State Appropriations'!H11 -> 0 | I18: =+'Special State Appropriations'!I11 -> 0 | L18: =+'Special State Appropriations'!L11 -> 0 | M18: =+'Special State Appropriations'!M11 -> 0
A19: Grants & Contracts Sponsored Projects | B19: =+'Sponsored Projects'!B10 -> 0 | C19: =+'Sponsored Projects'!C10 -> 0 | D19: =+'Sponsored Projects'!D10 -> 0 | E19: =+C19-D19 -> 0 | H19: =+'Sponsored Projects'!H10 -> 0 | I19: =+'Sponsored Projects'!I10 -> 0 | L19: =+'Sponsored Projects'!L10 -> 0 | M19: =+'Sponsored Projects'!M10 -> 0
A20: Grants & Contracts Student Aid | B20: =+'Student Aid'!B10 -> 0 | C20: =+'Student Aid'!C10 -> 0 | D20: =+'Student Aid'!D10 -> 0 | E20: =+C20-D20 -> 0 | H20: =+'Student Aid'!H10 -> 0 | I20: =+'Student Aid'!I10 -> 0 | L20: =+'Student Aid'!L10 -> 0 | M20: =+'Student Aid'!M10 -> 0
A21: Grants & Contracts Others | B21: =+'Other Grant-Contract Types'!B10 -> 0 | C21: =+'Other Grant-Contract Types'!C10 -> 0 | D21: =+'Other Grant-Contract Types'!D10 -> 0 | E21: =+C21-D21 -> 0 | H21: =+'Other Grant-Contract Types'!H10 -> 0 | I21: =+'Other Grant-Contract Types'!I10 -> 0 | L21: =+'Other Grant-Contract Types'!L10 -> 0 | M21: =+'Other Grant-Contract Types'!M10 -> 0
A22: Gifts and Discretionary | B22: =+'Gifts-Discretionary'!B10 -> 0 | C22: =+'Gifts-Discretionary'!C10 -> 0 | D22: =+'Gifts-Discretionary'!D10 -> 0 | E22: =+C22-D22 -> 0 | H22: =+'Gifts-Discretionary'!H10 -> 0 | I22: =+'Gifts-Discretionary'!I10 -> 0 | L22: =+'Gifts-Discretionary'!L10 -> 0 | M22: =+'Gifts-Discretionary'!M10 -> 0 | N22: =+'Gifts-Discretionary'!N10 -> 0
A23: Self-Sustaining | B23: =+'Self Sustaining'!B10 -> 0 | C23: =+'Self Sustaining'!C10 -> 0 | D23: =+'Self Sustaining'!D10 -> 0 | E23: =+C23-D23 -> 0 | H23: =+'Self Sustaining'!H10 -> 0 | I23: =+'Self Sustaining'!I10 -> 0 | L23: =+'Self Sustaining'!L10 -> 0 | M23: =+'Self Sustaining'!M10 -> 0
A24: UWC2 Fee Based Programs | B24: =+'UWC2 Fee Based Programs'!B10 -> 0 | C24: =+'UWC2 Fee Based Programs'!C10 -> 0 | D24: =+'UWC2 Fee Based Programs'!D10 -> 0 | E24: =+C24-D24 -> 0 | H24: =+'UWC2 Fee Based Programs'!H10 -> 0 | I24: =+'UWC2 Fee Based Programs'!I10 -> 0 | L24: =+'UWC2 Fee Based Programs'!L10 -> 0 | M24: =+'UWC2 Fee Based Programs'!M10 -> 0
A25: Practice Plan Dept of Public Assistance | B25: =+'Practice Plan'!B10 -> 0 | C25: =+'Practice Plan'!C10 -> 0 | D25: =+'Practice Plan'!D10 -> 0 | E25: =+C25-D25 -> 0 | H25: =+'Practice Plan'!H10 -> 0 | I25: =+'Practice Plan'!I10 -> 0 | L25: =+'Practice Plan'!L10 -> 0 | M25: =+'Practice Plan'!M10 -> 0
A26: Total Budget Authority & Revenues | B26: =SUM(B8:B25) -> 0 | C26: =SUM(C8:C25) -> 0 | D26: =SUM(D8:D25) -> 0 | E26: =SUM(E8:E25) -> 0 | F26: =SUM(#REF!) -> #REF! | H26: =SUM(H8:H25) -> 0 | I26: =SUM(I8:I25) -> 0 | J26: =SUM(#REF!) -> #REF! | L26: =SUM(L8:L25) -> 0 | M26: =SUM(M8:M25) -> 0
A28: EXPENDITURES
A29: Salaries, Wages and Benefits
A30: Faculty (01-10) | B30: =+GOF!B16+'GOF Provisos'!B16+DOF!B16+'Special State Appropriations'!B16+'Sponsored Projects'!B15+'Student Aid'!B15+'Other Grant-Contract Types'!B15+'Gifts-Discretionary'!B15+'Self Sustaining'!B15+'UWC2 Fee Based Programs'!B15+'Practice Plan'!B15 -> 0 | C30: =+GOF!C16+'GOF Provisos'!C16+DOF!C16+'Special State Appropriations'!C16+'Sponsored Projects'!C15+'Student Aid'!C15+'Other Grant-Contract Types'!C15+'Gifts-Discretionary'!C15+'Self Sustaining'!C15+'UWC2 Fee Based Programs'!C15+'Practice Plan'!C15 -> 0 | D30: =+GOF!D16+'GOF Provisos'!D16+DOF!D16+'Special State Appropriations'!D16+'Sponsored Projects'!D15+'Student Aid'!D15+'Other Grant-Contract Types'!D15+'Gifts-Discretionary'!D15+'Self Sustaining'!D15+'UWC2 Fee Based Programs'!D15+'Practice Plan'!D15 -> 0 | E30: =+C30-D30 -> 0 | H30: =+GOF!H16+'GOF Provisos'!H16+DOF!H16+'Special State Appropriations'!H16+'Sponsored Projects'!H15+'Student Aid'!H15+'Other Grant-Contract Types'!H15+'Gifts-Discretionary'!H15+'Self Sustaining'!H15+'UWC2 Fee Based Programs'!H15+'Practice Plan'!H15 -> 0 | I30: =+GOF!I16+'GOF Provisos'!I16+DOF!I16+'Special State Appropriations'!I16+'Sponsored Projects'!I15+'Student Aid'!I15+'Other Grant-Contract Types'!I15+'Gifts-Discretionary'!I15+'Self Sustaining'!I15+'UWC2 Fee Based Programs'!I15+'Practice Plan'!I15 -> 0 | J30: =+GOF!J16+'GOF Provisos'!J16+DOF!J16+'Special State Appropriations'!J16+'Sponsored Projects'!J15+'Student Aid'!J15+'Other Grant-Contract Types'!J15+'Gifts-Discretionary'!J15+'Self Sustaining'!J15+'UWC2 Fee Based Programs'!J15+'Practice Plan'!J15 -> 0 | L30: =+GOF!L16+'GOF Provisos'!L16+DOF!L16+'Special State Appropriations'!L16+'Sponsored Projects'!L15+'Student Aid'!L15+'Other Grant-Contract Types'!L15+'Gifts-Discretionary'!L15+'Self Sustaining'!L15+'UWC2 Fee Based Programs'!L15+'Practice Plan'!L15 -> 0 | M30: =+GOF!M16+'GOF Provisos'!M16+DOF!M16+'Special State Appropriations'!M16+'Sponsored Projects'!M15+'Student Aid'!M15+'Other Grant-Contract Types'!M15+'Gifts-Discretionary'!M15+'Self Sustaining'!M15+'UWC2 Fee Based Programs'!M15+'Practice Plan'!M15 -> 0
A31: Auxiliary teaching (01-20) | B31: =+GOF!B17+'GOF Provisos'!B17+DOF!B17+'Special State Appropriations'!B17+'Sponsored Projects'!B16+'Student Aid'!B16+'Other Grant-Contract Types'!B16+'Gifts-Discretionary'!B16+'Self Sustaining'!B16+'UWC2 Fee Based Programs'!B16+'Practice Plan'!B16 -> 0 | C31: =+GOF!C17+'GOF Provisos'!C17+DOF!C17+'Special State Appropriations'!C17+'Sponsored Projects'!C16+'Student Aid'!C16+'Other Grant-Contract Types'!C16+'Gifts-Discretionary'!C16+'Self Sustaining'!C16+'UWC2 Fee Based Programs'!C16+'Practice Plan'!C16 -> 0 | D31: =+GOF!D17+'GOF Provisos'!D17+DOF!D17+'Special State Appropriations'!D17+'Sponsored Projects'!D16+'Student Aid'!D16+'Other Grant-Contract Types'!D16+'Gifts-Discretionary'!D16+'Self Sustaining'!D16+'UWC2 Fee Based Programs'!D16+'Practice Plan'!D16 -> 0 | E31: =+C31-D31 -> 0 | H31: =+GOF!H17+'GOF Provisos'!H17+DOF!H17+'Special State Appropriations'!H17+'Sponsored Projects'!H16+'Student Aid'!H16+'Other Grant-Contract Types'!H16+'Gifts-Discretionary'!H16+'Self Sustaining'!H16+'UWC2 Fee Based Programs'!H16+'Practice Plan'!H16 -> 0 | I31: =+GOF!I17+'GOF Provisos'!I17+DOF!I17+'Special State Appropriations'!I17+'Sponsored Projects'!I16+'Student Aid'!I16+'Other Grant-Contract Types'!I16+'Gifts-Discretionary'!I16+'Self Sustaining'!I16+'UWC2 Fee Based Programs'!I16+'Practice Plan'!I16 -> 0 | J31: =+GOF!J17+'GOF Provisos'!J17+DOF!J17+'Special State Appropriations'!J17+'Sponsored Projects'!J16+'Student Aid'!J16+'Other Grant-Contract Types'!J16+'Gifts-Discretionary'!J16+'Self Sustaining'!J16+'UWC2 Fee Based Programs'!J16+'Practice Plan'!J16 -> 0 | L31: =+GOF!L17+'GOF Provisos'!L17+DOF!L17+'Special State Appropriations'!L17+'Sponsored Projects'!L16+'Student Aid'!L16+'Other Grant-Contract Types'!L16+'Gifts-Discretionary'!L16+'Self Sustaining'!L16+'UWC2 Fee Based Programs'!L16+'Practice Plan'!L16 -> 0 | M31: =+GOF!M17+'GOF Provisos'!M17+DOF!M17+'Special State Appropriations'!M17+'Sponsored Projects'!M16+'Student Aid'!M16+'Other Grant-Contract Types'!M16+'Gifts-Discretionary'!M16+'Self Sustaining'!M16+'UWC2 Fee Based Programs'!M16+'Practice Plan'!M16 -> 0
A32: Graduate Students (01-30, 01-40) | B32: =+GOF!B18+'GOF Provisos'!B18+DOF!B18+'Special State Appropriations'!B18+'Sponsored Projects'!B17+'Student Aid'!B17+'Other Grant-Contract Types'!B17+'Gifts-Discretionary'!B17+'Self Sustaining'!B17+'UWC2 Fee Based Programs'!B17+'Practice Plan'!B17 -> 0 | C32: =+GOF!C18+'GOF Provisos'!C18+DOF!C18+'Special State Appropriations'!C18+'Sponsored Projects'!C17+'Student Aid'!C17+'Other Grant-Contract Types'!C17+'Gifts-Discretionary'!C17+'Self Sustaining'!C17+'UWC2 Fee Based Programs'!C17+'Practice Plan'!C17 -> 0 | D32: =+GOF!D18+'GOF Provisos'!D18+DOF!D18+'Special State Appropriations'!D18+'Sponsored Projects'!D17+'Student Aid'!D17+'Other Grant-Contract Types'!D17+'Gifts-Discretionary'!D17+'Self Sustaining'!D17+'UWC2 Fee Based Programs'!D17+'Practice Plan'!D17 -> 0 | E32: =+C32-D32 -> 0 | H32: =+GOF!H18+'GOF Provisos'!H18+DOF!H18+'Special State Appropriations'!H18+'Sponsored Projects'!H17+'Student Aid'!H17+'Other Grant-Contract Types'!H17+'Gifts-Discretionary'!H17+'Self Sustaining'!H17+'UWC2 Fee Based Programs'!H17+'Practice Plan'!H17 -> 0 | I32: =+GOF!I18+'GOF Provisos'!I18+DOF!I18+'Special State Appropriations'!I18+'Sponsored Projects'!I17+'Student Aid'!I17+'Other Grant-Contract Types'!I17+'Gifts-Discretionary'!I17+'Self Sustaining'!I17+'UWC2 Fee Based Programs'!I17+'Practice Plan'!I17 -> 0 | L32: =+GOF!L18+'GOF Provisos'!L18+DOF!L18+'Special State Appropriations'!L18+'Sponsored Projects'!L17+'Student Aid'!L17+'Other Grant-Contract Types'!L17+'Gifts-Discretionary'!L17+'Self Sustaining'!L17+'UWC2 Fee Based Programs'!L17+'Practice Plan'!L17 -> 0 | M32: =+GOF!M18+'GOF Provisos'!M18+DOF!M18+'Special State Appropriations'!M18+'Sponsored Projects'!M17+'Student Aid'!M17+'Other Grant-Contract Types'!M17+'Gifts-Discretionary'!M17+'Self Sustaining'!M17+'UWC2 Fee Based Programs'!M17+'Practice Plan'!M17 -> 0
A33: Post-doc research trainee (01-50) | B33: =+GOF!B19+'GOF Provisos'!B19+DOF!B19+'Special State Appropriations'!B19+'Sponsored Projects'!B18+'Student Aid'!B18+'Other Grant-Contract Types'!B18+'Gifts-Discretionary'!B18+'Self Sustaining'!B18+'UWC2 Fee Based Programs'!B18+'Practice Plan'!B18 -> 0 | C33: =+GOF!C19+'GOF Provisos'!C19+DOF!C19+'Special State Appropriations'!C19+'Sponsored Projects'!C18+'Student Aid'!C18+'Other Grant-Contract Types'!C18+'Gifts-Discretionary'!C18+'Self Sustaining'!C18+'UWC2 Fee Based Programs'!C18+'Practice Plan'!C18 -> 0 | D33: =+GOF!D19+'GOF Provisos'!D19+DOF!D19+'Special State Appropriations'!D19+'Sponsored Projects'!D18+'Student Aid'!D18+'Other Grant-Contract Types'!D18+'Gifts-Discretionary'!D18+'Self Sustaining'!D18+'UWC2 Fee Based Programs'!D18+'Practice Plan'!D18 -> 0 | E33: =+C33-D33 -> 0 | H33: =+GOF!H19+'GOF Provisos'!H19+DOF!H19+'Special State Appropriations'!H19+'Sponsored Projects'!H18+'Student Aid'!H18+'Other Grant-Contract Types'!H18+'Gifts-Discretionary'!H18+'Self Sustaining'!H18+'UWC2 Fee Based Programs'!H18+'Practice Plan'!H18 -> 0 | I33: =+GOF!I19+'GOF Provisos'!I19+DOF!I19+'Special State Appropriations'!I19+'Sponsored Projects'!I18+'Student Aid'!I18+'Other Grant-Contract Types'!I18+'Gifts-Discretionary'!I18+'Self Sustaining'!I18+'UWC2 Fee Based Programs'!I18+'Practice Plan'!I18 -> 0 | L33: =+GOF!L19+'GOF Provisos'!L19+DOF!L19+'Special State Appropriations'!L19+'Sponsored Projects'!L18+'Student Aid'!L18+'Other Grant-Contract Types'!L18+'Gifts-Discretionary'!L18+'Self Sustaining'!L18+'UWC2 Fee Based Programs'!L18+'Practice Plan'!L18 -> 0 | M33: =+GOF!M19+'GOF Provisos'!M19+DOF!M19+'Special State Appropriations'!M19+'Sponsored Projects'!M18+'Student Aid'!M18+'Other Grant-Contract Types'!M18+'Gifts-Discretionary'!M18+'Self Sustaining'!M18+'UWC2 Fee Based Programs'!M18+'Practice Plan'!M18 -> 0
A34: Classified staff (01-60) | B34: =+GOF!B20+'GOF Provisos'!B20+DOF!B20+'Special State Appropriations'!B20+'Sponsored Projects'!B19+'Student Aid'!B19+'Other Grant-Contract Types'!B19+'Gifts-Discretionary'!B19+'Self Sustaining'!B19+'UWC2 Fee Based Programs'!B19+'Practice Plan'!B19 -> 0 | C34: =+GOF!C20+'GOF Provisos'!C20+DOF!C20+'Special State Appropriations'!C20+'Sponsored Projects'!C19+'Student Aid'!C19+'Other Grant-Contract Types'!C19+'Gifts-Discretionary'!C19+'Self Sustaining'!C19+'UWC2 Fee Based Programs'!C19+'Practice Plan'!C19 -> 0 | D34: =+GOF!D20+'GOF Provisos'!D20+DOF!D20+'Special State Appropriations'!D20+'Sponsored Projects'!D19+'Student Aid'!D19+'Other Grant-Contract Types'!D19+'Gifts-Discretionary'!D19+'Self Sustaining'!D19+'UWC2 Fee Based Programs'!D19+'Practice Plan'!D19 -> 0 | E34: =+C34-D34 -> 0 | H34: =+GOF!H20+'GOF Provisos'!H20+DOF!H20+'Special State Appropriations'!H20+'Sponsored Projects'!H19+'Student Aid'!H19+'Other Grant-Contract Types'!H19+'Gifts-Discretionary'!H19+'Self Sustaining'!H19+'UWC2 Fee Based Programs'!H19+'Practice Plan'!H19 -> 0 | I34: =+GOF!I20+'GOF Provisos'!I20+DOF!I20+'Special State Appropriations'!I20+'Sponsored Projects'!I19+'Student Aid'!I19+'Other Grant-Contract Types'!I19+'Gifts-Discretionary'!I19+'Self Sustaining'!I19+'UWC2 Fee Based Programs'!I19+'Practice Plan'!I19 -> 0 | L34: =+GOF!L20+'GOF Provisos'!L20+DOF!L20+'Special State Appropriations'!L20+'Sponsored Projects'!L19+'Student Aid'!L19+'Other Grant-Contract Types'!L19+'Gifts-Discretionary'!L19+'Self Sustaining'!L19+'UWC2 Fee Based Programs'!L19+'Practice Plan'!L19 -> 0 | M34: =+GOF!M20+'GOF Provisos'!M20+DOF!M20+'Special State Appropriations'!M20+'Sponsored Projects'!M19+'Student Aid'!M19+'Other Grant-Contract Types'!M19+'Gifts-Discretionary'!M19+'Self Sustaining'!M19+'UWC2 Fee Based Programs'!M19+'Practice Plan'!M19 -> 0
A35: Professional staff (01-70) | B35: =+GOF!B21+'GOF Provisos'!B21+DOF!B21+'Special State Appropriations'!B21+'Sponsored Projects'!B20+'Student Aid'!B20+'Other Grant-Contract Types'!B20+'Gifts-Discretionary'!B20+'Self Sustaining'!B20+'UWC2 Fee Based Programs'!B20+'Practice Plan'!B20 -> 0 | C35: =+GOF!C21+'GOF Provisos'!C21+DOF!C21+'Special State Appropriations'!C21+'Sponsored Projects'!C20+'Student Aid'!C20+'Other Grant-Contract Types'!C20+'Gifts-Discretionary'!C20+'Self Sustaining'!C20+'UWC2 Fee Based Programs'!C20+'Practice Plan'!C20 -> 0 | D35: =+GOF!D21+'GOF Provisos'!D21+DOF!D21+'Special State Appropriations'!D21+'Sponsored Projects'!D20+'Student Aid'!D20+'Other Grant-Contract Types'!D20+'Gifts-Discretionary'!D20+'Self Sustaining'!D20+'UWC2 Fee Based Programs'!D20+'Practice Plan'!D20 -> 0 | E35: =+C35-D35 -> 0 | H35: =+GOF!H21+'GOF Provisos'!H21+DOF!H21+'Special State Appropriations'!H21+'Sponsored Projects'!H20+'Student Aid'!H20+'Other Grant-Contract Types'!H20+'Gifts-Discretionary'!H20+'Self Sustaining'!H20+'UWC2 Fee Based Programs'!H20+'Practice Plan'!H20 -> 0 | I35: =+GOF!I21+'GOF Provisos'!I21+DOF!I21+'Special State Appropriations'!I21+'Sponsored Projects'!I20+'Student Aid'!I20+'Other Grant-Contract Types'!I20+'Gifts-Discretionary'!I20+'Self Sustaining'!I20+'UWC2 Fee Based Programs'!I20+'Practice Plan'!I20 -> 0 | L35: =+GOF!L21+'GOF Provisos'!L21+DOF!L21+'Special State Appropriations'!L21+'Sponsored Projects'!L20+'Student Aid'!L20+'Other Grant-Contract Types'!L20+'Gifts-Discretionary'!L20+'Self Sustaining'!L20+'UWC2 Fee Based Programs'!L20+'Practice Plan'!L20 -> 0 | M35: =+GOF!M21+'GOF Provisos'!M21+DOF!M21+'Special State Appropriations'!M21+'Sponsored Projects'!M20+'Student Aid'!M20+'Other Grant-Contract Types'!M20+'Gifts-Discretionary'!M20+'Self Sustaining'!M20+'UWC2 Fee Based Programs'!M20+'Practice Plan'!M20 -> 0
A36: Temporary staff (01-80) | B36: =+GOF!B22+'GOF Provisos'!B22+DOF!B22+'Special State Appropriations'!B22+'Sponsored Projects'!B21+'Student Aid'!B21+'Other Grant-Contract Types'!B21+'Gifts-Discretionary'!B21+'Self Sustaining'!B21+'UWC2 Fee Based Programs'!B21+'Practice Plan'!B21 -> 0 | C36: =+GOF!C22+'GOF Provisos'!C22+DOF!C22+'Special State Appropriations'!C22+'Sponsored Projects'!C21+'Student Aid'!C21+'Other Grant-Contract Types'!C21+'Gifts-Discretionary'!C21+'Self Sustaining'!C21+'UWC2 Fee Based Programs'!C21+'Practice Plan'!C21 -> 0 | D36: =+GOF!D22+'GOF Provisos'!D22+DOF!D22+'Special State Appropriations'!D22+'Sponsored Projects'!D21+'Student Aid'!D21+'Other Grant-Contract Types'!D21+'Gifts-Discretionary'!D21+'Self Sustaining'!D21+'UWC2 Fee Based Programs'!D21+'Practice Plan'!D21 -> 0 | E36: =+C36-D36 -> 0 | H36: =+GOF!H22+'GOF Provisos'!H22+DOF!H22+'Special State Appropriations'!H22+'Sponsored Projects'!H21+'Student Aid'!H21+'Other Grant-Contract Types'!H21+'Gifts-Discretionary'!H21+'Self Sustaining'!H21+'UWC2 Fee Based Programs'!H21+'Practice Plan'!H21 -> 0 | I36: =+GOF!I22+'GOF Provisos'!I22+DOF!I22+'Special State Appropriations'!I22+'Sponsored Projects'!I21+'Student Aid'!I21+'Other Grant-Contract Types'!I21+'Gifts-Discretionary'!I21+'Self Sustaining'!I21+'UWC2 Fee Based Programs'!I21+'Practice Plan'!I21 -> 0 | L36: =+GOF!L22+'GOF Provisos'!L22+DOF!L22+'Special State Appropriations'!L22+'Sponsored Projects'!L21+'Student Aid'!L21+'Other Grant-Contract Types'!L21+'Gifts-Discretionary'!L21+'Self Sustaining'!L21+'UWC2 Fee Based Programs'!L21+'Practice Plan'!L21 -> 0 | M36: =+GOF!M22+'GOF Provisos'!M22+DOF!M22+'Special State Appropriations'!M22+'Sponsored Projects'!M21+'Student Aid'!M21+'Other Grant-Contract Types'!M21+'Gifts-Discretionary'!M21+'Self Sustaining'!M21+'UWC2 Fee Based Programs'!M21+'Practice Plan'!M21 -> 0
A37: Pre-doc trainees (01-90) | B37: =+GOF!B23+'GOF Provisos'!B23+DOF!B23+'Special State Appropriations'!B23+'Sponsored Projects'!B22+'Student Aid'!B22+'Other Grant-Contract Types'!B22+'Gifts-Discretionary'!B22+'Self Sustaining'!B22+'UWC2 Fee Based Programs'!B22+'Practice Plan'!B22 -> 0 | C37: =+GOF!C23+'GOF Provisos'!C23+DOF!C23+'Special State Appropriations'!C23+'Sponsored Projects'!C22+'Student Aid'!C22+'Other Grant-Contract Types'!C22+'Gifts-Discretionary'!C22+'Self Sustaining'!C22+'UWC2 Fee Based Programs'!C22+'Practice Plan'!C22 -> 0 | D37: =+GOF!D23+'GOF Provisos'!D23+DOF!D23+'Special State Appropriations'!D23+'Sponsored Projects'!D22+'Student Aid'!D22+'Other Grant-Contract Types'!D22+'Gifts-Discretionary'!D22+'Self Sustaining'!D22+'UWC2 Fee Based Programs'!D22+'Practice Plan'!D22 -> 0 | E37: =+C37-D37 -> 0 | H37: =+GOF!H23+'GOF Provisos'!H23+DOF!H23+'Special State Appropriations'!H23+'Sponsored Projects'!H22+'Student Aid'!H22+'Other Grant-Contract Types'!H22+'Gifts-Discretionary'!H22+'Self Sustaining'!H22+'UWC2 Fee Based Programs'!H22+'Practice Plan'!H22 -> 0 | I37: =+GOF!I23+'GOF Provisos'!I23+DOF!I23+'Special State Appropriations'!I23+'Sponsored Projects'!I22+'Student Aid'!I22+'Other Grant-Contract Types'!I22+'Gifts-Discretionary'!I22+'Self Sustaining'!I22+'UWC2 Fee Based Programs'!I22+'Practice Plan'!I22 -> 0 | L37: =+GOF!L23+'GOF Provisos'!L23+DOF!L23+'Special State Appropriations'!L23+'Sponsored Projects'!L22+'Student Aid'!L22+'Other Grant-Contract Types'!L22+'Gifts-Discretionary'!L22+'Self Sustaining'!L22+'UWC2 Fee Based Programs'!L22+'Practice Plan'!L22 -> 0 | M37: =+GOF!M23+'GOF Provisos'!M23+DOF!M23+'Special State Appropriations'!M23+'Sponsored Projects'!M22+'Student Aid'!M22+'Other Grant-Contract Types'!M22+'Gifts-Discretionary'!M22+'Self Sustaining'!M22+'UWC2 Fee Based Programs'!M22+'Practice Plan'!M22 -> 0
A38: Employee Benefits (07) | B38: =+GOF!B24+'GOF Provisos'!B24+DOF!B24+'Special State Appropriations'!B24+'Sponsored Projects'!B23+'Student Aid'!B23+'Other Grant-Contract Types'!B23+'Gifts-Discretionary'!B23+'Self Sustaining'!B23+'UWC2 Fee Based Programs'!B23+'Practice Plan'!B23 -> 0 | C38: =+GOF!C24+'GOF Provisos'!C24+DOF!C24+'Special State Appropriations'!C24+'Sponsored Projects'!C23+'Student Aid'!C23+'Other Grant-Contract Types'!C23+'Gifts-Discretionary'!C23+'Self Sustaining'!C23+'UWC2 Fee Based Programs'!C23+'Practice Plan'!C23 -> 0 | D38: =+GOF!D24+'GOF Provisos'!D24+DOF!D24+'Special State Appropriations'!D24+'Sponsored Projects'!D23+'Student Aid'!D23+'Other Grant-Contract Types'!D23+'Gifts-Discretionary'!D23+'Self Sustaining'!D23+'UWC2 Fee Based Programs'!D23+'Practice Plan'!D23 -> 0 | E38: =+C38-D38 -> 0 | F38: =(_xlfn.IFNA(VLOOKUP($A30,'Benefits Drivers'!$A$6:$F$13,4,FALSE)*F$30,0))+(_xlfn.IFNA(VLOOKUP($A31,'Benefits Drivers'!$A$6:$F$13,4,FALSE)*F$31,0))+(_xlfn.IFNA(VLOOKUP($A32,'Benefits Drivers'!$A$6:$F$13,4,FALSE)*F$32,0))+(_xlfn.IFNA(VLOOKUP($A33,'Benefits Drivers'!$A$6:$F$13,4,FALSE)*F$33,0))+(_xlfn.IFNA(VLOOKUP($A34,'Benefits Drivers'!$A$6:$F$13,4,FALSE)*F$34,0))+(_xlfn.IFNA(VLOOKUP($A36,'Benefits Drivers'!$A$6:$F$13,4,FALSE)*F$36,0))+(_xlfn.IFNA(VLOOKUP($A37,'Benefits Drivers'!$A$6:$F$13,4,FALSE)*F$37,0))+(_xlfn.IFNA(VLOOKUP($A35,'Benefits Drivers'!$A$6:$F$13,4,FALSE)*F$35,0)) -> 0 | H38: =+GOF!H24+'GOF Provisos'!H24+DOF!H24+'Special State Appropriations'!H24+'Sponsored Projects'!H23+'Student Aid'!H23+'Other Grant-Contract Types'!H23+'Gifts-Discretionary'!H23+'Self Sustaining'!H23+'UWC2 Fee Based Programs'!H23+'Practice Plan'!H23 -> 0 | I38: =+GOF!I24+'GOF Provisos'!I24+DOF!I24+'Special State Appropriations'!I24+'Sponsored Projects'!I23+'Student Aid'!I23+'Other Grant-Contract Types'!I23+'Gifts-Discretionary'!I23+'Self Sustaining'!I23+'UWC2 Fee Based Programs'!I23+'Practice Plan'!I23 -> 0 | L38: =+GOF!L24+'GOF Provisos'!L24+DOF!L24+'Special State Appropriations'!L24+'Sponsored Projects'!L23+'Student Aid'!L23+'Other Grant-Contract Types'!L23+'Gifts-Discretionary'!L23+'Self Sustaining'!L23+'UWC2 Fee Based Programs'!L23+'Practice Plan'!L23 -> 0 | M38: =+GOF!M24+'GOF Provisos'!M24+DOF!M24+'Special State Appropriations'!M24+'Sponsored Projects'!M23+'Student Aid'!M23+'Other Grant-Contract Types'!M23+'Gifts-Discretionary'!M23+'Self Sustaining'!M23+'UWC2 Fee Based Programs'!M23+'Practice Plan'!M23 -> 0
A39: Subtotal Salaries, Wages and Benefits | B39: =SUM(B30:B38) -> 0 | C39: =SUM(C30:C38) -> 0 | D39: =SUM(D30:D38) -> 0 | E39: =+C39-D39 -> 0 | F39: =SUM(F30:F38) -> 0 | H39: =SUM(H30:H38) -> 0 | I39: =SUM(I30:I38) -> 0 | J39: =SUM(J30:J38) -> 0 | L39: =SUM(L30:L38) -> 0 | M39: =SUM(M30:M38) -> 0
A40: Operations (All ObjCodes except 01, 07, 21 and 25) | B40: =+GOF!B26+'GOF Provisos'!B26+DOF!B26+'Special State Appropriations'!B26+'Sponsored Projects'!B25+'Student Aid'!B25+'Other Grant-Contract Types'!B25+'Gifts-Discretionary'!B25+'Self Sustaining'!B25+'UWC2 Fee Based Programs'!B25+'Practice Plan'!B25 -> 0 | C40: =+GOF!C26+'GOF Provisos'!C26+DOF!C26+'Special State Appropriations'!C26+'Sponsored Projects'!C25+'Student Aid'!C25+'Other Grant-Contract Types'!C25+'Gifts-Discretionary'!C25+'Self Sustaining'!C25+'UWC2 Fee Based Programs'!C25+'Practice Plan'!C25 -> 0 | D40: =+GOF!D26+'GOF Provisos'!D26+DOF!D26+'Special State Appropriations'!D26+'Sponsored Projects'!D25+'Student Aid'!D25+'Other Grant-Contract Types'!D25+'Gifts-Discretionary'!D25+'Self Sustaining'!D25+'UWC2 Fee Based Programs'!D25+'Practice Plan'!D25 -> 0 | E40: =+C40-D40 -> 0 | H40: =+GOF!H26+'GOF Provisos'!H26+DOF!H26+'Special State Appropriations'!H26+'Sponsored Projects'!H25+'Student Aid'!H25+'Other Grant-Contract Types'!H25+'Gifts-Discretionary'!H25+'Self Sustaining'!H25+'UWC2 Fee Based Programs'!H25+'Practice Plan'!H25 -> 0 | I40: =+GOF!I26+'GOF Provisos'!I26+DOF!I26+'Special State Appropriations'!I26+'Sponsored Projects'!I25+'Student Aid'!I25+'Other Grant-Contract Types'!I25+'Gifts-Discretionary'!I25+'Self Sustaining'!I25+'UWC2 Fee Based Programs'!I25+'Practice Plan'!I25 -> 0 | L40: =+GOF!L26+'GOF Provisos'!L26+DOF!L26+'Special State Appropriations'!L26+'Sponsored Projects'!L25+'Student Aid'!L25+'Other Grant-Contract Types'!L25+'Gifts-Discretionary'!L25+'Self Sustaining'!L25+'UWC2 Fee Based Programs'!L25+'Practice Plan'!L25 -> 0 | M40: =+GOF!M26+'GOF Provisos'!M26+DOF!M26+'Special State Appropriations'!M26+'Sponsored Projects'!M25+'Student Aid'!M25+'Other Grant-Contract Types'!M25+'Gifts-Discretionary'!M25+'Self Sustaining'!M25+'UWC2 Fee Based Programs'!M25+'Practice Plan'!M25 -> 0
A41: Cost transfer invoices (CTIs) (21) | B41: =+GOF!B27+'GOF Provisos'!B27+DOF!B27+'Special State Appropriations'!B27+'Sponsored Projects'!B26+'Student Aid'!B26+'Other Grant-Contract Types'!B26+'Gifts-Discretionary'!B26+'Self Sustaining'!B26+'UWC2 Fee Based Programs'!B26+'Practice Plan'!B26 -> 0 | C41: =+GOF!C27+'GOF Provisos'!C27+DOF!C27+'Special State Appropriations'!C27+'Sponsored Projects'!C26+'Student Aid'!C26+'Other Grant-Contract Types'!C26+'Gifts-Discretionary'!C26+'Self Sustaining'!C26+'UWC2 Fee Based Programs'!C26+'Practice Plan'!C26 -> 0 | D41: =+GOF!D27+'GOF Provisos'!D27+DOF!D27+'Special State Appropriations'!D27+'Sponsored Projects'!D26+'Student Aid'!D26+'Other Grant-Contract Types'!D26+'Gifts-Discretionary'!D26+'Self Sustaining'!D26+'UWC2 Fee Based Programs'!D26+'Practice Plan'!D26 -> 0 | E41: =+C41-D41 -> 0 | H41: =+GOF!H27+'GOF Provisos'!H27+DOF!H27+'Special State Appropriations'!H27+'Sponsored Projects'!H26+'Student Aid'!H26+'Other Grant-Contract Types'!H26+'Gifts-Discretionary'!H26+'Self Sustaining'!H26+'UWC2 Fee Based Programs'!H26+'Practice Plan'!H26 -> 0 | I41: =+GOF!I27+'GOF Provisos'!I27+DOF!I27+'Special State Appropriations'!I27+'Sponsored Projects'!I26+'Student Aid'!I26+'Other Grant-Contract Types'!I26+'Gifts-Discretionary'!I26+'Self Sustaining'!I26+'UWC2 Fee Based Programs'!I26+'Practice Plan'!I26 -> 0 | L41: =+GOF!L27+'GOF Provisos'!L27+DOF!L27+'Special State Appropriations'!L27+'Sponsored Projects'!L26+'Student Aid'!L26+'Other Grant-Contract Types'!L26+'Gifts-Discretionary'!L26+'Self Sustaining'!L26+'UWC2 Fee Based Programs'!L26+'Practice Plan'!L26 -> 0 | M41: =+GOF!M27+'GOF Provisos'!M27+DOF!M27+'Special State Appropriations'!M27+'Sponsored Projects'!M26+'Student Aid'!M26+'Other Grant-Contract Types'!M26+'Gifts-Discretionary'!M26+'Self Sustaining'!M26+'UWC2 Fee Based Programs'!M26+'Practice Plan'!M26 -> 0
A42: Indirect Cost (25) | B42: =+GOF!B28+'GOF Provisos'!B28+DOF!B28+'Special State Appropriations'!B28+'Sponsored Projects'!B27+'Student Aid'!B27+'Other Grant-Contract Types'!B27+'Gifts-Discretionary'!B27+'Self Sustaining'!B27+'UWC2 Fee Based Programs'!B27+'Practice Plan'!B27 -> 0 | C42: =+GOF!C28+'GOF Provisos'!C28+DOF!C28+'Special State Appropriations'!C28+'Sponsored Projects'!C27+'Student Aid'!C27+'Other Grant-Contract Types'!C27+'Gifts-Discretionary'!C27+'Self Sustaining'!C27+'UWC2 Fee Based Programs'!C27+'Practice Plan'!C27 -> 0 | D42: =+GOF!D28+'GOF Provisos'!D28+DOF!D28+'Special State Appropriations'!D28+'Sponsored Projects'!D27+'Student Aid'!D27+'Other Grant-Contract Types'!D27+'Gifts-Discretionary'!D27+'Self Sustaining'!D27+'UWC2 Fee Based Programs'!D27+'Practice Plan'!D27 -> 0 | E42: =+C42-D42 -> 0 | H42: =+GOF!H28+'GOF Provisos'!H28+DOF!H28+'Special State Appropriations'!H28+'Sponsored Projects'!H27+'Student Aid'!H27+'Other Grant-Contract Types'!H27+'Gifts-Discretionary'!H27+'Self Sustaining'!H27+'UWC2 Fee Based Programs'!H27+'Practice Plan'!H27 -> 0 | I42: =+GOF!I28+'GOF Provisos'!I28+DOF!I28+'Special State Appropriations'!I28+'Sponsored Projects'!I27+'Student Aid'!I27+'Other Grant-Contract Types'!I27+'Gifts-Discretionary'!I27+'Self Sustaining'!I27+'UWC2 Fee Based Programs'!I27+'Practice Plan'!I27 -> 0 | L42: =+GOF!L28+'GOF Provisos'!L28+DOF!L28+'Special State Appropriations'!L28+'Sponsored Projects'!L27+'Student Aid'!L27+'Other Grant-Contract Types'!L27+'Gifts-Discretionary'!L27+'Self Sustaining'!L27+'UWC2 Fee Based Programs'!L27+'Practice Plan'!L27 -> 0 | M42: =+GOF!M28+'GOF Provisos'!M28+DOF!M28+'Special State Appropriations'!M28+'Sponsored Projects'!M27+'Student Aid'!M27+'Other Grant-Contract Types'!M27+'Gifts-Discretionary'!M27+'Self Sustaining'!M27+'UWC2 Fee Based Programs'!M27+'Practice Plan'!M27 -> 0
A43: TOTAL EXPENDITURES | B43: =SUM(B39:B42) -> 0 | C43: =SUM(C39:C42) -> 0 | D43: =SUM(D39:D42) -> 0 | E43: =+C43-D43 -> 0 | F43: =SUM(F39:F42) -> 0 | H43: =SUM(H39:H42) -> 0 | I43: =SUM(I39:I42) -> 0 | L43: =SUM(L39:L42) -> 0 | M43: =SUM(M39:M42) -> 0
A44: Net Position | B44: =+B26-B43 -> 0 | C44: =+C26-C43 -> 0 | D44: =+D26-D43 -> 0 | E44: =+C44-D44 -> 0 | F44: =+F26-F43 -> #REF! | H44: =+H26-H43 -> 0 | I44: =+I26-I43 -> 0 | L44: =+L26-L43 -> 0 | M44: =+M26-M43 -> 0

Sheet Fund Balance Summary
A2: =LEFT(GOF!A2:N2,(FIND("-",GOF!A2:N2) -1 )) -> #VALUE! | C2: **Do Not Modify Sheet**
A28: Fund Type | B28: FY2020 | C28: FY2021 | D28: FY2022 | E28: FY2023 | F28: FY2024 | G28: FY2025
A29: GOF | B29: =+GOF!B34 -> 0 | C29: =+GOF!C34 -> 0 | D29: =+GOF!H34 -> 0 | E29: =+GOF!I34 -> 0 | F29: =+GOF!L34 -> 0 | G29: =+GOF!M34 -> 0
A30: GOF Provisos | B30: =+'GOF Provisos'!B35 -> 0 | C30: =+'GOF Provisos'!C35 -> 0 | D30: =+'GOF Provisos'!H35 -> 0 | E30: =+'GOF Provisos'!I35 -> 0 | F30: =+'GOF Provisos'!L35 -> 0 | G30: =+'GOF Provisos'!M35 -> 0
A31: DOF | B31: =+DOF!B34 -> 0 | C31: =+DOF!C34 -> 0 | D31: =+DOF!H34 -> 0 | E31: =+DOF!I34 -> 0 | F31: =+DOF!L34 -> 0 | G31: =+DOF!M34 -> 0
A32: Special State Appropriations | B32: =+'Special State Appropriations'!B35 -> 0 | C32: =+'Special State Appropriations'!C35 -> 0 | D32: =+'Special State Appropriations'!H35 -> 0 | E32: =+'Special State Appropriations'!I35 -> 0 | F32: =+'Special State Appropriations'!L35 -> 0 | G32: =+'Special State Appropriations'!M35 -> 0
A33: Practice Plan | B33: =+'Practice Plan'!B33 -> 0 | C33: =+'Practice Plan'!C33 -> 0 | D33: =+'Practice Plan'!H33 -> 0 | E33: =+'Practice Plan'!I33 -> 0 | F33: =+'Practice Plan'!L33 -> 0 | G33: =+'Practice Plan'!M33 -> 0
A34: Gifts and Discretionary | B34: =+'Gifts-Discretionary'!B33 -> 0 | C34: =+'Gifts-Discretionary'!C33 -> 0 | D34: =+'Gifts-Discretionary'!H33 -> 0 | E34: =+'Gifts-Discretionary'!I33 -> 0 | F34: =+'Gifts-Discretionary'!L33 -> 0 | G34: =+'Gifts-Discretionary'!M33 -> 0
A35: Other Grants-Contracts | B35: =+'Other Grant-Contract Types'!B33 -> 0 | C35: =+'Other Grant-Contract Types'!C33 -> 0 | D35: =+'Other Grant-Contract Types'!H33 -> 0 | E35: =+'Other Grant-Contract Types'!I33 -> 0 | F35: =+'Other Grant-Contract Types'!L33 -> 0 | G35: =+'Other Grant-Contract Types'!M33 -> 0
A36: UWC2 Fee Based Programs | B36: =+'UWC2 Fee Based Programs'!B33 -> 0 | C36: =+'UWC2 Fee Based Programs'!C33 -> 0 | D36: =+'UWC2 Fee Based Programs'!H33 -> 0 | E36: =+'UWC2 Fee Based Programs'!I33 -> 0 | F36: =+'UWC2 Fee Based Programs'!L33 -> 0 | G36: =+'UWC2 Fee Based Programs'!M33 -> 0
A37: Self Sustaining | B37: =+'Self Sustaining'!B33 -> 0 | C37: =+'Self Sustaining'!C33 -> 0 | D37: =+'Self Sustaining'!H33 -> 0 | E37: =+'Self Sustaining'!I33 -> 0 | F37: =+'Self Sustaining'!L33 -> 0 | G37: =+'Self Sustaining'!M33 -> 0
A39: GOF/DOF Fund Balance (Excludes Provisos) | B39: =+B29+B31 -> 0 | C39: =+C29+C31 -> 0 | D39: =+D29+D31 -> 0 | E39: =+E29+E31 -> 0 | F39: =+F29+F31 -> 0 | G39: =+G29+G31 -> 0
A40: Self Sustaining Fund Balance | B40: =+B37 -> 0 | C40: =+C37 -> 0 | D40: =+D37 -> 0 | E40: =+E37 -> 0 | F40: =+F37 -> 0 | G40: =+G37 -> 0

Sheet GOF-DOF-Approp-Self Sus Roll Up
A2: =CONCATENATE(LEFT(GOF!A2:N2,(FIND("-",GOF!A2:N2) -1 )),"GOF, DOF, SPECIAL STATE APPROPRIATIONS (ROF) AND SELF SUSTAINING") -> #VALUE!
A3: **Do Not Modify Sheet**
A4: Instructions: 1) Please read the instructions on the individual fund source worksheets (purple tabs) and provide the requested budget authority/revenue and expenditure plans for FY's 2022-2025 on those tabs. 2) All data from the purple "GOF", "GOF Provisos", "DOF", "Special Appropriations" and "Self Sustaining" tabs will automatically calculate for this tab. No input is needed by end users. 3) The Foregone Proviso/Appropriation Funds line represents unspent or overspent funds that do not carryover into the next biennium. Fiscal year provisos/special appropriations cannot carryover any funds across fiscal years. Biennial provisos/special appropriations, however, can have unspent or overspent funds at the end of the 1st fiscal year which can carryover into the 2nd fiscal year. This can happen when the funds are distributed over several units. Some units can underspend and some can overspend as long as the total proviso/special apprpropriation nets to zero. Otherwise, provisos/special appropriations cannot be overspent. For FY’s 2022-2025, the assumption is that units will fully spend (not overspend) any proviso/special appropriation funds. Therefore, the Foregone Funds line is not applicable.
B7: Biennium 17 (Actuals/Plan) | G7: Biennium 21 (Plan) | K7: Biennium 23 (Plan)
B8: FY20 Actuals | C8: FY21 Actuals | D8: FY21 Submitted Plan | E8: FY21. Variance (Actuals Over [Under] Plan) | G8: FY22 Plan | H8: FY23 Plan | I8: Bien Total | K8: FY24 Plan | L8: FY25 Plan | M8: Bien Total
A9: BUDGET AUTHORITY/REVENUES
A10: General Operating Fund (excludes provisos)
A11: Permanent Budget | B11: =+GOF!B10 -> 0 | C11: =+GOF!C10 -> 0 | D11: =+GOF!D10 -> 0 | E11: =+C11-D11 -> 0 | G11: =+GOF!H10 -> 0 | H11: =+GOF!I10 -> 0 | K11: =+GOF!L10 -> 0 | L11: =+GOF!M10 -> 0
A12: Temporary Budget | B12: =+GOF!B11 -> 0 | C12: =+GOF!C11 -> 0 | D12: =+GOF!D11 -> 0 | E12: =+C12-D12 -> 0 | G12: =+GOF!H11 -> 0 | H12: =+GOF!I11 -> 0 | K12: =+GOF!L11 -> 0 | L12: =+GOF!M11 -> 0
A13: Provisos - General Operating Fund
A14: Permanent Budget | B14: =+'GOF Provisos'!B10 -> 0 | C14: =+'GOF Provisos'!C10 -> 0 | D14: =+'GOF Provisos'!D10 -> 0 | E14: =+C14-D14 -> 0 | G14: =+'GOF Provisos'!H10 -> 0 | H14: =+'GOF Provisos'!I10 -> 0 | K14: =+'GOF Provisos'!L10 -> 0 | L14: =+'GOF Provisos'!M10 -> 0
A15: Temporary Budget | B15: =+'GOF Provisos'!B11 -> 0 | C15: =+'GOF Provisos'!C11 -> 0 | D15: =+'GOF Provisos'!D11 -> 0 | E15: =+C15-D15 -> 0 | G15: =+'GOF Provisos'!H11 -> 0 | H15: =+'GOF Provisos'!I11 -> 0 | K15: =+'GOF Provisos'!L11 -> 0 | L15: =+'GOF Provisos'!M11 -> 0
A16: Designated Operating Fund (excludes tech fee)
A17: Permanent Budget | B17: =+DOF!B10 -> 0 | C17: =+DOF!C10 -> 0 | D17: =+DOF!D10 -> 0 | E17: =+C17-D17 -> 0 | G17: =+DOF!H10 -> 0 | H17: =+DOF!I10 -> 0 | K17: =+DOF!L10 -> 0 | L17: =+DOF!M10 -> 0
A18: Temporary Budget | B18: =+DOF!B11 -> 0 | C18: =+DOF!C11 -> 0 | D18: =+DOF!D11 -> 0 | E18: =+C18-D18 -> 0 | G18: =+DOF!H11 -> 0 | H18: =+DOF!I11 -> 0 | K18: =+DOF!L11 -> 0 | L18: =+DOF!M11 -> 0
A19: Restricted Operating Fund
A20: Special State Appropriations - Perm | B20: =+'Special State Appropriations'!B10 -> 0 | C20: =+'Special State Appropriations'!C10 -> 0 | D20: =+'Special State Appropriations'!D10 -> 0 | E20: =+C20-D20 -> 0 | G20: =+'Special State Appropriations'!H10 -> 0 | H20: =+'Special State Appropriations'!I10 -> 0 | K20: =+'Special State Appropriations'!L10 -> 0 | L20: =+'Special State Appropriations'!M10 -> 0
A21: Special State Appropriations - Temp | B21: =+'Special State Appropriations'!B11 -> 0 | C21: =+'Special State Appropriations'!C11 -> 0 | D21: =+'Special State Appropriations'!D11 -> 0 | E21: =+C21-D21 -> 0 | G21: =+'Special State Appropriations'!H11 -> 0 | H21: =+'Special State Appropriations'!I11 -> 0 | K21: =+'Special State Appropriations'!L11 -> 0 | L21: =+'Special State Appropriations'!M11 -> 0
A22: Self-Sustaining | B22: =+'Self Sustaining'!B10 -> 0 | C22: =+'Self Sustaining'!C10 -> 0 | D22: =+'Self Sustaining'!D10 -> 0 | E22: =+C22-D22 -> 0 | G22: =+'Self Sustaining'!H10 -> 0 | H22: =+'Self Sustaining'!I10 -> 0 | K22: =+'Self Sustaining'!L10 -> 0 | L22: =+'Self Sustaining'!M10 -> 0
A23: Total Budget Authority & Revenues | B23: =SUM(B11:B22) -> 0 | C23: =SUM(C11:C22) -> 0 | D23: =SUM(D11:D22) -> 0 | E23: =SUM(E11:E22) -> 0 | G23: =SUM(G11:G22) -> 0 | H23: =SUM(H11:H22) -> 0 | K23: =SUM(K11:K22) -> 0 | L23: =SUM(L11:L22) -> 0
A25: EXPENDITURES
A26: Salaries, Wages and Benefits
A27: Faculty and academic personnel (01-10) | B27: =+GOF!B16+'GOF Provisos'!B16+DOF!B16+'Special State Appropriations'!B16+'Self Sustaining'!B15 -> 0 | C27: =+GOF!C16+'GOF Provisos'!C16+DOF!C16+'Special State Appropriations'!C16+'Self Sustaining'!C15 -> 0 | D27: =+GOF!D16+'GOF Provisos'!D16+DOF!D16+'Special State Appropriations'!D16+'Self Sustaining'!D15 -> 0 | E27: =+C27-D27 -> 0 | G27: =+GOF!H16+'GOF Provisos'!H16+DOF!H16+'Special State Appropriations'!H16+'Self Sustaining'!H15 -> 0 | H27: =+GOF!I16+'GOF Provisos'!I16+DOF!I16+'Special State Appropriations'!I16+'Self Sustaining'!I15 -> 0 | K27: =+GOF!L16+'GOF Provisos'!L16+DOF!L16+'Special State Appropriations'!L16+'Self Sustaining'!L15 -> 0 | L27: =+GOF!M16+'GOF Provisos'!M16+DOF!M16+'Special State Appropriations'!M16+'Self Sustaining'!M15 -> 0 | M27: =+GOF!N16+#REF!+#REF!+#REF!+#REF!+#REF!+#REF!+#REF!+#REF! -> #REF!
A28: Auxiliary teaching (01-20) | B28: =+GOF!B17+'GOF Provisos'!B17+DOF!B17+'Special State Appropriations'!B17+'Self Sustaining'!B16 -> 0 | C28: =+GOF!C17+'GOF Provisos'!C17+DOF!C17+'Special State Appropriations'!C17+'Self Sustaining'!C16 -> 0 | D28: =+GOF!D17+'GOF Provisos'!D17+DOF!D17+'Special State Appropriations'!D17+'Self Sustaining'!D16 -> 0 | E28: =+C28-D28 -> 0 | G28: =+GOF!H17+'GOF Provisos'!H17+DOF!H17+'Special State Appropriations'!H17+'Self Sustaining'!H16 -> 0 | H28: =+GOF!I17+'GOF Provisos'!I17+DOF!I17+'Special State Appropriations'!I17+'Self Sustaining'!I16 -> 0 | K28: =+GOF!L17+'GOF Provisos'!L17+DOF!L17+'Special State Appropriations'!L17+'Self Sustaining'!L16 -> 0 | L28: =+GOF!M17+'GOF Provisos'!M17+DOF!M17+'Special State Appropriations'!M17+'Self Sustaining'!M16 -> 0
A29: Graduate Students (01-30, 01-40) | B29: =+GOF!B18+'GOF Provisos'!B18+DOF!B18+'Special State Appropriations'!B18+'Self Sustaining'!B17 -> 0 | C29: =+GOF!C18+'GOF Provisos'!C18+DOF!C18+'Special State Appropriations'!C18+'Self Sustaining'!C17 -> 0 | D29: =+GOF!D18+'GOF Provisos'!D18+DOF!D18+'Special State Appropriations'!D18+'Self Sustaining'!D17 -> 0 | E29: =+C29-D29 -> 0 | G29: =+GOF!H18+'GOF Provisos'!H18+DOF!H18+'Special State Appropriations'!H18+'Self Sustaining'!H17 -> 0 | H29: =+GOF!I18+'GOF Provisos'!I18+DOF!I18+'Special State Appropriations'!I18+'Self Sustaining'!I17 -> 0 | K29: =+GOF!L18+'GOF Provisos'!L18+DOF!L18+'Special State Appropriations'!L18+'Self Sustaining'!L17 -> 0 | L29: =+GOF!M18+'GOF Provisos'!M18+DOF!M18+'Special State Appropriations'!M18+'Self Sustaining'!M17 -> 0
A30: Post-doc research trainee (01-50) | B30: =+GOF!B19+'GOF Provisos'!B19+DOF!B19+'Special State Appropriations'!B19+'Self Sustaining'!B18 -> 0 | C30: =+GOF!C19+'GOF Provisos'!C19+DOF!C19+'Special State Appropriations'!C19+'Self Sustaining'!C18 -> 0 | D30: =+GOF!D19+'GOF Provisos'!D19+DOF!D19+'Special State Appropriations'!D19+'Self Sustaining'!D18 -> 0 | E30: =+C30-D30 -> 0 | G30: =+GOF!H19+'GOF Provisos'!H19+DOF!H19+'Special State Appropriations'!H19+'Self Sustaining'!H18 -> 0 | H30: =+GOF!I19+'GOF Provisos'!I19+DOF!I19+'Special State Appropriations'!I19+'Self Sustaining'!I18 -> 0 | K30: =+GOF!L19+'GOF Provisos'!L19+DOF!L19+'Special State Appropriations'!L19+'Self Sustaining'!L18 -> 0 | L30: =+GOF!M19+'GOF Provisos'!M19+DOF!M19+'Special State Appropriations'!M19+'Self Sustaining'!M18 -> 0
A31: Classified staff (01-60) | B31: =+GOF!B20+'GOF Provisos'!B20+DOF!B20+'Special State Appropriations'!B20+'Self Sustaining'!B19 -> 0 | C31: =+GOF!C20+'GOF Provisos'!C20+DOF!C20+'Special State Appropriations'!C20+'Self Sustaining'!C19 -> 0 | D31: =+GOF!D20+'GOF Provisos'!D20+DOF!D20+'Special State Appropriations'!D20+'Self Sustaining'!D19 -> 0 | E31: =+C31-D31 -> 0 | G31: =+GOF!H20+'GOF Provisos'!H20+DOF!H20+'Special State Appropriations'!H20+'Self Sustaining'!H19 -> 0 | H31: =+GOF!I20+'GOF Provisos'!I20+DOF!I20+'Special State Appropriations'!I20+'Self Sustaining'!I19 -> 0 | K31: =+GOF!L20+'GOF Provisos'!L20+DOF!L20+'Special State Appropriations'!L20+'Self Sustaining'!L19 -> 0 | L31: =+GOF!M20+'GOF Provisos'!M20+DOF!M20+'Special State Appropriations'!M20+'Self Sustaining'!M19 -> 0
A32: Professional staff (01-70) | B32: =+GOF!B21+'GOF Provisos'!B21+DOF!B21+'Special State Appropriations'!B21+'Self Sustaining'!B20 -> 0 | C32: =+GOF!C21+'GOF Provisos'!C21+DOF!C21+'Special State Appropriations'!C21+'Self Sustaining'!C20 -> 0 | D32: =+GOF!D21+'GOF Provisos'!D21+DOF!D21+'Special State Appropriations'!D21+'Self Sustaining'!D20 -> 0 | E32: =+C32-D32 -> 0 | G32: =+GOF!H21+'GOF Provisos'!H21+DOF!H21+'Special State Appropriations'!H21+'Self Sustaining'!H20 -> 0 | H32: =+GOF!I21+'GOF Provisos'!I21+DOF!I21+'Special State Appropriations'!I21+'Self Sustaining'!I20 -> 0 | K32: =+GOF!L21+'GOF Provisos'!L21+DOF!L21+'Special State Appropriations'!L21+'Self Sustaining'!L20 -> 0 | L32: =+GOF!M21+'GOF Provisos'!M21+DOF!M21+'Special State Appropriations'!M21+'Self Sustaining'!M20 -> 0
A33: Temporary staff (01-80) | B33: =+GOF!B22+'GOF Provisos'!B22+DOF!B22+'Special State Appropriations'!B22+'Self Sustaining'!B21 -> 0 | C33: =+GOF!C22+'GOF Provisos'!C22+DOF!C22+'Special State Appropriations'!C22+'Self Sustaining'!C21 -> 0 | D33: =+GOF!D22+'GOF Provisos'!D22+DOF!D22+'Special State Appropriations'!D22+'Self Sustaining'!D21 -> 0 | E33: =+C33-D33 -> 0 | G33: =+GOF!H22+'GOF Provisos'!H22+DOF!H22+'Special State Appropriations'!H22+'Self Sustaining'!H21 -> 0 | H33: =+GOF!I22+'GOF Provisos'!I22+DOF!I22+'Special State Appropriations'!I22+'Self Sustaining'!I21 -> 0 | K33: =+GOF!L22+'GOF Provisos'!L22+DOF!L22+'Special State Appropriations'!L22+'Self Sustaining'!L21 -> 0 | L33: =+GOF!M22+'GOF Provisos'!M22+DOF!M22+'Special State Appropriations'!M22+'Self Sustaining'!M21 -> 0
A34: Pre-doc Trainees (01-90) | B34: =+GOF!B23+'GOF Provisos'!B23+DOF!B23+'Special State Appropriations'!B23+'Self Sustaining'!B22 -> 0 | C34: =+GOF!C23+'GOF Provisos'!C23+DOF!C23+'Special State Appropriations'!C23+'Self Sustaining'!C22 -> 0 | D34: =+GOF!D23+'GOF Provisos'!D23+DOF!D23+'Special State Appropriations'!D23+'Self Sustaining'!D22 -> 0 | E34: =+C34-D34 -> 0 | G34: =+GOF!H23+'GOF Provisos'!H23+DOF!H23+'Special State Appropriations'!H23+'Self Sustaining'!H22 -> 0 | H34: =+GOF!I23+'GOF Provisos'!I23+DOF!I23+'Special State Appropriations'!I23+'Self Sustaining'!I22 -> 0 | K34: =+GOF!L23+'GOF Provisos'!L23+DOF!L23+'Special State Appropriations'!L23+'Self Sustaining'!L22 -> 0 | L34: =+GOF!M23+'GOF Provisos'!M23+DOF!M23+'Special State Appropriations'!M23+'Self Sustaining'!M22 -> 0
A35: Employee benefits (07) | B35: =+GOF!B24+'GOF Provisos'!B24+DOF!B24+'Special State Appropriations'!B24+'Self Sustaining'!B23 -> 0 | C35: =+GOF!C24+'GOF Provisos'!C24+DOF!C24+'Special State Appropriations'!C24+'Self Sustaining'!C23 -> 0 | D35: =+GOF!D24+'GOF Provisos'!D24+DOF!D24+'Special State Appropriations'!D24+'Self Sustaining'!D23 -> 0 | E35: =+C35-D35 -> 0 | G35: =+GOF!H24+'GOF Provisos'!H24+DOF!H24+'Special State Appropriations'!H24+'Self Sustaining'!H23 -> 0 | H35: =+GOF!I24+'GOF Provisos'!I24+DOF!I24+'Special State Appropriations'!I24+'Self Sustaining'!I23 -> 0 | K35: =+GOF!L24+'GOF Provisos'!L24+DOF!L24+'Special State Appropriations'!L24+'Self Sustaining'!L23 -> 0 | L35: =+GOF!M24+'GOF Provisos'!M24+DOF!M24+'Special State Appropriations'!M24+'Self Sustaining'!M23 -> 0
A36: Subtotal Salaries, Wages and Benefits | B36: =SUM(B27:B35) -> 0 | C36: =SUM(C27:C35) -> 0 | D36: =SUM(D27:D35) -> 0 | E36: =SUM(E27:E35) -> 0 | G36: =SUM(G27:G35) -> 0 | H36: =SUM(H27:H35) -> 0 | K36: =SUM(K27:K35) -> 0 | L36: =SUM(L27:L35) -> 0
A37: Operations (All exp obj codes except 01, 07, 21 and 25) | B37: =+GOF!B26+'GOF Provisos'!B26+DOF!B26+'Special State Appropriations'!B26+'Self Sustaining'!B25 -> 0 | C37: =+GOF!C26+'GOF Provisos'!C26+DOF!C26+'Special State Appropriations'!C26+'Self Sustaining'!C25 -> 0 | D37: =+GOF!D26+'GOF Provisos'!D26+DOF!D26+'Special State Appropriations'!D26+'Self Sustaining'!D25 -> 0 | E37: =+C37-D37 -> 0 | G37: =+GOF!H26+'GOF Provisos'!H26+DOF!H26+'Special State Appropriations'!H26+'Self Sustaining'!H25 -> 0 | H37: =+GOF!I26+'GOF Provisos'!I26+DOF!I26+'Special State Appropriations'!I26+'Self Sustaining'!I25 -> 0 | I37: =+GOF!J26+'GOF Provisos'!J26+DOF!J26+'Special State Appropriations'!J26+'Self Sustaining'!J25 -> 0 | K37: =+GOF!L26+'GOF Provisos'!L26+DOF!L26+'Special State Appropriations'!L26+'Self Sustaining'!L25 -> 0 | L37: =+GOF!M26+'GOF Provisos'!M26+DOF!M26+'Special State Appropriations'!M26+'Self Sustaining'!M25 -> 0
A38: Cost transfer invoices (CTIs) (21) | B38: =+GOF!B27+'GOF Provisos'!B27+DOF!B27+'Special State Appropriations'!B27+'Self Sustaining'!B26 -> 0 | C38: =+GOF!C27+'GOF Provisos'!C27+DOF!C27+'Special State Appropriations'!C27+'Self Sustaining'!C26 -> 0 | D38: =+GOF!D27+'GOF Provisos'!D27+DOF!D27+'Special State Appropriations'!D27+'Self Sustaining'!D26 -> 0 | E38: =+C38-D38 -> 0 | G38: =+GOF!H27+'GOF Provisos'!H27+DOF!H27+'Special State Appropriations'!H27+'Self Sustaining'!H26 -> 0 | H38: =+GOF!I27+'GOF Provisos'!I27+DOF!I27+'Special State Appropriations'!I27+'Self Sustaining'!I26 -> 0 | I38: =+GOF!J27+'GOF Provisos'!J27+DOF!J27+'Special State Appropriations'!J27+'Self Sustaining'!J26 -> 0 | K38: =+GOF!L27+'GOF Provisos'!L27+DOF!L27+'Special State Appropriations'!L27+'Self Sustaining'!L26 -> 0 | L38: =+GOF!M27+'GOF Provisos'!M27+DOF!M27+'Special State Appropriations'!M27+'Self Sustaining'!M26 -> 0
A39: Indirect Cost (25) | B39: =+GOF!B28+'GOF Provisos'!B28+DOF!B28+'Special State Appropriations'!B28+'Self Sustaining'!B27 -> 0 | C39: =+GOF!C28+'GOF Provisos'!C28+DOF!C28+'Special State Appropriations'!C28+'Self Sustaining'!C27 -> 0 | D39: =+GOF!D28+'GOF Provisos'!D28+DOF!D28+'Special State Appropriations'!D28+'Self Sustaining'!D27 -> 0 | E39: =+C39-D39 -> 0 | G39: =+GOF!H28+'GOF Provisos'!H28+DOF!H28+'Special State Appropriations'!H28+'Self Sustaining'!H27 -> 0 | H39: =+GOF!I28+'GOF Provisos'!I28+DOF!I28+'Special State Appropriations'!I28+'Self Sustaining'!I27 -> 0 | K39: =+GOF!L28+'GOF Provisos'!L28+DOF!L28+'Special State Appropriations'!L28+'Self Sustaining'!L27 -> 0 | L39: =+GOF!M28+'GOF Provisos'!M28+DOF!M28+'Special State Appropriations'!M28+'Self Sustaining'!M27 -> 0
A40: TOTAL EXPENDITURES | B40: =SUM(B36:B39) -> 0 | C40: =SUM(C36:C39) -> 0 | D40: =SUM(D36:D39) -> 0 | E40: =+C40-D40 -> 0 | G40: =SUM(G36:G39) -> 0 | H40: =SUM(H36:H39) -> 0 | K40: =SUM(K36:K39) -> 0 | L40: =SUM(L36:L39) -> 0
A41: Net Contribution to (Use of) Fund Balance | B41: =+B23-B40 -> 0 | C41: =+C23-C40 -> 0 | D41: =+D23-D40 -> 0 | E41: =+C41-D41 -> 0 | G41: =+G23-G40 -> 0 | H41: =+H23-H40 -> 0 | K41: =+K23-K40 -> 0 | L41: =+L23-L40 -> 0
A43: Opening Balance | B43: =+GOF!B32+'GOF Provisos'!B32+DOF!B32+'Special State Appropriations'!B32+'Self Sustaining'!B31 -> 0 | C43: =+B46 -> 0 | D43: =+C46 -> 0 | E43: =+D43 -> 0 | G43: =+GOF!H32+'GOF Provisos'!H32+DOF!H32+'Special State Appropriations'!H32+'Self Sustaining'!H31 -> 0 | H43: =+GOF!I32+'GOF Provisos'!I32+DOF!I32+'Special State Appropriations'!I32+'Self Sustaining'!I31 -> 0 | K43: =+GOF!L32+'GOF Provisos'!L32+DOF!L32+'Special State Appropriations'!L32+'Self Sustaining'!L31 -> 0 | L43: =+GOF!M32+'GOF Provisos'!M32+DOF!M32+'Special State Appropriations'!M32+'Self Sustaining'!M31 -> 0
A44: Net Contribution to (Use of) Fund Balance | B44: =+B41 -> 0 | C44: =+C41 -> 0 | D44: =+D41 -> 0 | E44: =+E41 -> 0 | G44: =+G41 -> 0 | H44: =+H41 -> 0 | K44: =+K41 -> 0 | L44: =+L41 -> 0
A45: Foregone Proviso/Appropriation Funds 3 | B45: =+'GOF Provisos'!B34+'Special State Appropriations'!B34 -> 0 | C45: =+'GOF Provisos'!C34+'Special State Appropriations'!C34 -> 0 | D45: =+'GOF Provisos'!D34+'Special State Appropriations'!D34 -> 0 | E45: =+'GOF Provisos'!E34+'Special State Appropriations'!E34 -> 0 | G45: =+'GOF Provisos'!H34+'Special State Appropriations'!H34 -> 0 | H45: =+'GOF Provisos'!I34+'Special State Appropriations'!I34 -> 0 | K45: =+'GOF Provisos'!L34+'Special State Appropriations'!L34 -> 0 | L45: =+'GOF Provisos'!M34+'Special State Appropriations'!M34 -> 0
A46: Closing Balance | B46: =+B43+B44+B45 -> 0 | C46: =+C43+C44+C45 -> 0 | D46: =+D43+D44+D45 -> 0 | E46: =+E43+E44+E45 -> 0 | G46: =+G43+G44+G45 -> 0 | H46: =+H43+H44+H45 -> 0 | K46: =+K43+K44+K45 -> 0 | L46: =+L43+L44+L45 -> 0

Sheet GOF
A4: Instructions: 1) Please review the budget authority, expenditures, and transfers for your unit for FYs 20-21 and refer to Fiscal Vitality Process Guide at https://www.washington.edu/opb/uw-budget/annual-budgets/fy23-annual-review-materials/ for the data parameters and definitions that were used to generate these figures. For detailed amounts down to the budget number level or other data exploration, please see the Fiscal Vitality Budget Tableau report titled Export to Crosstab at https://bitools.uw.edu/#/site/Transitional/views/FiscalVitalityBudget/DocumentationandResources 2) The Central Budget Policies and Assumptions document is available at https://www.washington.edu/opb/uw-budget/annual-budgets/fy23-annual-review-materials/. If you use alternative assumptions, you should briefly explain them in the Annual Review Submission Portal.
A5: 3) Provide full budget authority and expenditure plans for fiscal years 2022-2025 in the green colored cells. 4) The "Opening Balance" row includes carryover. Carryover amounts have been removed from the "temporary budget" line and should not be included in any projections of temporary budget. 5) The FY21 submitted plan and variance is not accurate for this worksheet and the GOF Provisos worksheet as the FY23 budget cycle split GOF and GOF Provisos into two tabs. In prior cycles, regular GOF and GOF provisos were consolidated into a single tab, with no way of parsing end user plan inputs between proviso and non proviso GOF funds
B6: Biennium 19 (Actuals/Plan) | H6: Biennium 21 (Plan) | L6: Biennium 23 (Plan)
B7: FY20 Actuals | C7: FY21 Actuals | D7: FY21 Submitted Plan | E7: FY21. Variance (Actuals Over [Under] Plan) | F7: Bien Total | H7: FY22 Plan | I7: FY23 Plan | J7: Bien Total | L7: FY24 Plan | M7: FY25 Plan | N7: Bien Total
A8: BUDGET AUTHORITY/REVENUES
A9: General Operating Fund
A10: Permanent Budget | E10: =+C10-D10 -> 0
A11: Temporary Budget | E11: =+C11-D11 -> 0
A12: TOTAL BUDGET AUTHORITY | B12: =SUM(B10:B11) -> 0 | C12: =SUM(C10:C11) -> 0 | D12: =SUM(D10:D11) -> 0 | E12: =+C12-D12 -> 0 | F12: =SUM(F10:F11) -> 0 | H12: =SUM(H10:H11) -> 0 | I12: =SUM(I10:I11) -> 0 | J12: =SUM(J10:J11) -> 0 | L12: =SUM(L10:L11) -> 0 | M12: =SUM(M10:M11) -> 0
A14: EXPENDITURES
A15: Salaries, Wages and Benefits
A16: Faculty (01-10) | E16: =+C16-D16 -> 0
A17: Auxiliary teaching (01-20) | E17: =+C17-D17 -> 0
A18: Graduate Students (01-30, 01-40) | E18: =+C18-D18 -> 0
A19: Post-doc research trainee (01-50) | E19: =+C19-D19 -> 0
A20: Classified staff (01-60) | E20: =+C20-D20 -> 0
A21: Professional staff (01-70) | E21: =+C21-D21 -> 0
A22: Temporary staff (01-80) | E22: =+C22-D22 -> 0
A23: Pre-doc trainees (01-90) | E23: =+C23-D23 -> 0
A24: Employee Benefits (07) | E24: =+C24-D24 -> 0 | F24: =(_xlfn.IFNA(VLOOKUP($A16,'Benefits Drivers'!$A$6:$F$13,4,FALSE)*F$16,0))+(_xlfn.IFNA(VLOOKUP($A17,'Benefits Drivers'!$A$6:$F$13,4,FALSE)*F$17,0))+(_xlfn.IFNA(VLOOKUP($A18,'Benefits Drivers'!$A$6:$F$13,4,FALSE)*F$18,0))+(_xlfn.IFNA(VLOOKUP($A19,'Benefits Drivers'!$A$6:$F$13,4,FALSE)*F$19,0))+(_xlfn.IFNA(VLOOKUP($A20,'Benefits Drivers'!$A$6:$F$13,4,FALSE)*F$20,0))+(_xlfn.IFNA(VLOOKUP($A22,'Benefits Drivers'!$A$6:$F$13,4,FALSE)*F$22,0))+(_xlfn.IFNA(VLOOKUP($A23,'Benefits Drivers'!$A$6:$F$13,4,FALSE)*F$23,0))+(_xlfn.IFNA(VLOOKUP($A21,'Benefits Drivers'!$A$6:$F$13,4,FALSE)*F$21,0)) -> 0 | H24: =(_xlfn.IFNA(VLOOKUP($A16,'Benefits Drivers'!$A$6:$F$13,3,FALSE)*H$16,0))+(_xlfn.IFNA(VLOOKUP($A17,'Benefits Drivers'!$A$6:$F$13,3,FALSE)*H$17,0))+(_xlfn.IFNA(VLOOKUP($A18,'Benefits Drivers'!$A$6:$F$13,3,FALSE)*H$18,0))+(_xlfn.IFNA(VLOOKUP($A19,'Benefits Drivers'!$A$6:$F$13,3,FALSE)*H$19,0))+(_xlfn.IFNA(VLOOKUP($A20,'Benefits Drivers'!$A$6:$F$13,3,FALSE)*H$20,0))+(_xlfn.IFNA(VLOOKUP($A22,'Benefits Drivers'!$A$6:$F$13,3,FALSE)*H$22,0))+(_xlfn.IFNA(VLOOKUP($A23,'Benefits Drivers'!$A$6:$F$13,3,FALSE)*H$23,0))+(_xlfn.IFNA(VLOOKUP($A21,'Benefits Drivers'!$A$6:$F$13,3,FALSE)*H$21,0)) -> 0 | I24: =(_xlfn.IFNA(VLOOKUP($A16,'Benefits Drivers'!$A$6:$F$13,4,FALSE)*I$16,0))+(_xlfn.IFNA(VLOOKUP($A17,'Benefits Drivers'!$A$6:$F$13,4,FALSE)*I$17,0))+(_xlfn.IFNA(VLOOKUP($A18,'Benefits Drivers'!$A$6:$F$13,4,FALSE)*I$18,0))+(_xlfn.IFNA(VLOOKUP($A19,'Benefits Drivers'!$A$6:$F$13,4,FALSE)*I$19,0))+(_xlfn.IFNA(VLOOKUP($A20,'Benefits Drivers'!$A$6:$F$13,4,FALSE)*I$20,0))+(_xlfn.IFNA(VLOOKUP($A22,'Benefits Drivers'!$A$6:$F$13,4,FALSE)*I$22,0))+(_xlfn.IFNA(VLOOKUP($A23,'Benefits Drivers'!$A$6:$F$13,4,FALSE)*I$23,0))+(_xlfn.IFNA(VLOOKUP($A21,'Benefits Drivers'!$A$6:$F$13,4,FALSE)*I$21,0)) -> 0 | L24: =(_xlfn.IFNA(VLOOKUP($A16,'Benefits Drivers'!$A$6:$F$13,5,FALSE)*L$16,0))+(_xlfn.IFNA(VLOOKUP($A17,'Benefits Drivers'!$A$6:$F$13,5,FALSE)*L$17,0))+(_xlfn.IFNA(VLOOKUP($A18,'Benefits Drivers'!$A$6:$F$13,5,FALSE)*L$18,0))+(_xlfn.IFNA(VLOOKUP($A19,'Benefits Drivers'!$A$6:$F$13,5,FALSE)*L$19,0))+(_xlfn.IFNA(VLOOKUP($A20,'Benefits Drivers'!$A$6:$F$13,5,FALSE)*L$20,0))+(_xlfn.IFNA(VLOOKUP($A22,'Benefits Drivers'!$A$6:$F$13,5,FALSE)*L$22,0))+(_xlfn.IFNA(VLOOKUP($A23,'Benefits Drivers'!$A$6:$F$13,5,FALSE)*L$23,0))+(_xlfn.IFNA(VLOOKUP($A21,'Benefits Drivers'!$A$6:$F$13,5,FALSE)*L$21,0)) -> 0 | M24: =(_xlfn.IFNA(VLOOKUP($A16,'Benefits Drivers'!$A$6:$F$13,6,FALSE)*M$16,0))+(_xlfn.IFNA(VLOOKUP($A17,'Benefits Drivers'!$A$6:$F$13,6,FALSE)*M$17,0))+(_xlfn.IFNA(VLOOKUP($A18,'Benefits Drivers'!$A$6:$F$13,6,FALSE)*M$18,0))+(_xlfn.IFNA(VLOOKUP($A19,'Benefits Drivers'!$A$6:$F$13,6,FALSE)*M$19,0))+(_xlfn.IFNA(VLOOKUP($A20,'Benefits Drivers'!$A$6:$F$13,6,FALSE)*M$20,0))+(_xlfn.IFNA(VLOOKUP($A22,'Benefits Drivers'!$A$6:$F$13,6,FALSE)*M$22,0))+(_xlfn.IFNA(VLOOKUP($A23,'Benefits Drivers'!$A$6:$F$13,6,FALSE)*M$23,0))+(_xlfn.IFNA(VLOOKUP($A21,'Benefits Drivers'!$A$6:$F$13,6,FALSE)*M$21,0)) -> 0
A25: Subtotal Salaries, Wages and Benefits | B25: =SUM(B16:B24) -> 0 | C25: =SUM(C16:C24) -> 0 | D25: =SUM(D16:D24) -> 0 | E25: =+C25-D25 -> 0 | F25: =SUM(F16:F24) -> 0 | H25: =SUM(H16:H24) -> 0 | I25: =SUM(I16:I24) -> 0 | J25: =SUM(J16:J24) -> 0 | L25: =SUM(L16:L24) -> 0 | M25: =SUM(M16:M24) -> 0
A26: Operations (All ObjCodes except 01, 07, 21 and 25) | E26: =+C26-D26 -> 0
A27: Cost transfer invoices (CTIs) (21) | E27: =+C27-D27 -> 0
A28: Indirect Cost (25) | E28: =+C28-D28 -> 0
A29: TOTAL EXPENDITURES | B29: =SUM(B25:B28) -> 0 | C29: =SUM(C25:C28) -> 0 | D29: =SUM(D25:D28) -> 0 | E29: =+C29-D29 -> 0 | F29: =SUM(F25:F28) -> 0 | H29: =SUM(H25:H28) -> 0 | I29: =SUM(I25:I28) -> 0 | L29: =SUM(L25:L28) -> 0 | M29: =SUM(M25:M28) -> 0
A30: Net Contribution to (Use of) Fund Balance | B30: =+B12-B29 -> 0 | C30: =+C12-C29 -> 0 | D30: =+D12-D29 -> 0 | E30: =+C30-D30 -> 0 | F30: =+F12-F29 -> 0 | H30: =+H12-H29 -> 0 | I30: =+I12-I29 -> 0 | L30: =+L12-L29 -> 0 | M30: =+M12-M29 -> 0
A32: Opening Balance | C32: =+B34 -> 0 | D32: =+B34 -> 0 | E32: =+D32 -> 0 | F32: =+#REF! -> #REF! | H32: {=_xlfn.SWITCH(LEFT(A2,7),"2000101",0,"2000102",0,"2000103",0,"2000104",0,"201 ATT",0,"600 UW ",19130446,C34)} -> 0 | I32: =+H34 -> 0 | L32: {=_xlfn.SWITCH(LEFT(A2,7),"2000101",0,"2000102",0,"2000103",0,"2000104",0,"201 ATT",0,I34)} -> 0 | M32: =+L34 -> 0
A33: Net Contribution to (Use of) Fund Balance | B33: =+B30 -> 0 | C33: =+C30 -> 0 | D33: =+D30 -> 0 | E33: =+E30 -> 0 | F33: =+F30 -> 0 | H33: =+H30 -> 0 | I33: =+I30 -> 0 | L33: =+L30 -> 0 | M33: =+M30 -> 0
A34: Closing Balance | B34: =+B32+B33 -> 0 | C34: =+C32+C33 -> 0 | D34: =+D32+D33 -> 0 | E34: =+E32+E33 -> 0 | F34: =+F32+F33 -> #REF! | H34: =+H32+H33 -> 0 | I34: =+I32+I33 -> 0 | L34: =+L32+L33 -> 0 | M34: =+M32+M33 -> 0

Sheet GOF Provisos
A4: Instructions: 1) Please review the budget authority, expenditures, and transfers for your unit for FYs 20-21 and refer to Fiscal Vitality Process Guide at https://www.washington.edu/opb/uw-budget/annual-budgets/fy23-annual-review-materials/ for the data parameters and definitions that were used to generate these figures. For detailed amounts down to the budget number level or other data exploration, please see the Fiscal Vitality Budget Tableau report titled Export to Crosstab at https://bitools.uw.edu/#/site/Transitional/views/FiscalVitalityBudget/DocumentationandResources 2) The Central Budget Policies and Assumptions document is available at https://www.washington.edu/opb/uw-budget/annual-budgets/fy23-annual-review-materials/. If you use alternative assumptions, you should briefly explain them in the Annual Review Submission Portal.
A5: 3) Provide full budget authority and expenditure plans for fiscal years 2022-2025 in the green colored cells. 4) The "Opening Balance" row includes carryover. Carryover amounts have been removed from the "temporary budget" line and should not be included in any projections of temporary budget. 5) The FY21 submitted plan and variance is not accurate for this worksheet and the GOF worksheet as the FY23 budget cycle split GOF and GOF Provisos into two tabs. In prior cycles, regular GOF and GOF provisos were consolidated into a single tab, with no way of parsing end user plan inputs between proviso and non proviso GOF funds
B6: Biennium 19 (Actuals/Plan) | H6: Biennium 21 (Plan) | L6: Biennium 23 (Plan)
B7: FY20 Actuals | C7: FY21 Actuals | D7: FY21 Submitted Plan | E7: FY21. Variance (Actuals Over [Under] Plan) | F7: Bien Total | H7: FY22 Plan | I7: FY23 Plan | J7: Bien Total | L7: FY24 Plan | M7: FY25 Plan | N7: Bien Total
A8: BUDGET AUTHORITY/REVENUES
A9: General Operating Fund Provisos
A10: Permanent Budget | E10: =+C10-D10 -> 0
A11: Temporary Budget | E11: =+C11-D11 -> 0
A12: TOTAL BUDGET AUTHORITY | B12: =SUM(B10:B11) -> 0 | C12: =SUM(C10:C11) -> 0 | D12: =SUM(D10:D11) -> 0 | E12: =+C12-D12 -> 0 | F12: =SUM(F10:F11) -> 0 | H12: =SUM(H10:H11) -> 0 | I12: =SUM(I10:I11) -> 0 | J12: =SUM(J10:J11) -> 0 | L12: =SUM(L10:L11) -> 0 | M12: =SUM(M10:M11) -> 0
A14: EXPENDITURES
A15: Salaries, Wages and Benefits
A16: Faculty (01-10) | E16: =+C16-D16 -> 0
A17: Auxiliary teaching (01-20) | E17: =+C17-D17 -> 0
A18: Graduate Students (01-30, 01-40) | E18: =+C18-D18 -> 0
A19: Post-doc research trainee (01-50) | E19: =+C19-D19 -> 0
A20: Classified staff (01-60) | E20: =+C20-D20 -> 0
A21: Professional staff (01-70) | E21: =+C21-D21 -> 0
A22: Temporary staff (01-80) | E22: =+C22-D22 -> 0
A23: Pre-doc trainees (01-90) | E23: =+C23-D23 -> 0
A24: Employee Benefits (07) | E24: =+C24-D24 -> 0 | F24: =(_xlfn.IFNA(VLOOKUP($A16,'Benefits Drivers'!$A$6:$F$13,4,FALSE)*F$16,0))+(_xlfn.IFNA(VLOOKUP($A17,'Benefits Drivers'!$A$6:$F$13,4,FALSE)*F$17,0))+(_xlfn.IFNA(VLOOKUP($A18,'Benefits Drivers'!$A$6:$F$13,4,FALSE)*F$18,0))+(_xlfn.IFNA(VLOOKUP($A19,'Benefits Drivers'!$A$6:$F$13,4,FALSE)*F$19,0))+(_xlfn.IFNA(VLOOKUP($A20,'Benefits Drivers'!$A$6:$F$13,4,FALSE)*F$20,0))+(_xlfn.IFNA(VLOOKUP($A22,'Benefits Drivers'!$A$6:$F$13,4,FALSE)*F$22,0))+(_xlfn.IFNA(VLOOKUP($A23,'Benefits Drivers'!$A$6:$F$13,4,FALSE)*F$23,0))+(_xlfn.IFNA(VLOOKUP($A21,'Benefits Drivers'!$A$6:$F$13,4,FALSE)*F$21,0)) -> 0 | H24: =(_xlfn.IFNA(VLOOKUP($A16,'Benefits Drivers'!$A$6:$F$13,3,FALSE)*H$16,0))+(_xlfn.IFNA(VLOOKUP($A17,'Benefits Drivers'!$A$6:$F$13,3,FALSE)*H$17,0))+(_xlfn.IFNA(VLOOKUP($A18,'Benefits Drivers'!$A$6:$F$13,3,FALSE)*H$18,0))+(_xlfn.IFNA(VLOOKUP($A19,'Benefits Drivers'!$A$6:$F$13,3,FALSE)*H$19,0))+(_xlfn.IFNA(VLOOKUP($A20,'Benefits Drivers'!$A$6:$F$13,3,FALSE)*H$20,0))+(_xlfn.IFNA(VLOOKUP($A22,'Benefits Drivers'!$A$6:$F$13,3,FALSE)*H$22,0))+(_xlfn.IFNA(VLOOKUP($A23,'Benefits Drivers'!$A$6:$F$13,3,FALSE)*H$23,0))+(_xlfn.IFNA(VLOOKUP($A21,'Benefits Drivers'!$A$6:$F$13,3,FALSE)*H$21,0)) -> 0 | I24: =(_xlfn.IFNA(VLOOKUP($A16,'Benefits Drivers'!$A$6:$F$13,4,FALSE)*I$16,0))+(_xlfn.IFNA(VLOOKUP($A17,'Benefits Drivers'!$A$6:$F$13,4,FALSE)*I$17,0))+(_xlfn.IFNA(VLOOKUP($A18,'Benefits Drivers'!$A$6:$F$13,4,FALSE)*I$18,0))+(_xlfn.IFNA(VLOOKUP($A19,'Benefits Drivers'!$A$6:$F$13,4,FALSE)*I$19,0))+(_xlfn.IFNA(VLOOKUP($A20,'Benefits Drivers'!$A$6:$F$13,4,FALSE)*I$20,0))+(_xlfn.IFNA(VLOOKUP($A22,'Benefits Drivers'!$A$6:$F$13,4,FALSE)*I$22,0))+(_xlfn.IFNA(VLOOKUP($A23,'Benefits Drivers'!$A$6:$F$13,4,FALSE)*I$23,0))+(_xlfn.IFNA(VLOOKUP($A21,'Benefits Drivers'!$A$6:$F$13,4,FALSE)*I$21,0)) -> 0 | L24: =(_xlfn.IFNA(VLOOKUP($A16,'Benefits Drivers'!$A$6:$F$13,5,FALSE)*L$16,0))+(_xlfn.IFNA(VLOOKUP($A17,'Benefits Drivers'!$A$6:$F$13,5,FALSE)*L$17,0))+(_xlfn.IFNA(VLOOKUP($A18,'Benefits Drivers'!$A$6:$F$13,5,FALSE)*L$18,0))+(_xlfn.IFNA(VLOOKUP($A19,'Benefits Drivers'!$A$6:$F$13,5,FALSE)*L$19,0))+(_xlfn.IFNA(VLOOKUP($A20,'Benefits Drivers'!$A$6:$F$13,5,FALSE)*L$20,0))+(_xlfn.IFNA(VLOOKUP($A22,'Benefits Drivers'!$A$6:$F$13,5,FALSE)*L$22,0))+(_xlfn.IFNA(VLOOKUP($A23,'Benefits Drivers'!$A$6:$F$13,5,FALSE)*L$23,0))+(_xlfn.IFNA(VLOOKUP($A21,'Benefits Drivers'!$A$6:$F$13,5,FALSE)*L$21,0)) -> 0 | M24: =(_xlfn.IFNA(VLOOKUP($A16,'Benefits Drivers'!$A$6:$F$13,6,FALSE)*M$16,0))+(_xlfn.IFNA(VLOOKUP($A17,'Benefits Drivers'!$A$6:$F$13,6,FALSE)*M$17,0))+(_xlfn.IFNA(VLOOKUP($A18,'Benefits Drivers'!$A$6:$F$13,6,FALSE)*M$18,0))+(_xlfn.IFNA(VLOOKUP($A19,'Benefits Drivers'!$A$6:$F$13,6,FALSE)*M$19,0))+(_xlfn.IFNA(VLOOKUP($A20,'Benefits Drivers'!$A$6:$F$13,6,FALSE)*M$20,0))+(_xlfn.IFNA(VLOOKUP($A22,'Benefits Drivers'!$A$6:$F$13,6,FALSE)*M$22,0))+(_xlfn.IFNA(VLOOKUP($A23,'Benefits Drivers'!$A$6:$F$13,6,FALSE)*M$23,0))+(_xlfn.IFNA(VLOOKUP($A21,'Benefits Drivers'!$A$6:$F$13,6,FALSE)*M$21,0)) -> 0
A25: Subtotal Salaries, Wages and Benefits | B25: =SUM(B16:B24) -> 0 | C25: =SUM(C16:C24) -> 0 | D25: =SUM(D16:D24) -> 0 | E25: =+C25-D25 -> 0 | F25: =SUM(F16:F24) -> 0 | H25: =SUM(H16:H24) -> 0 | I25: =SUM(I16:I24) -> 0 | J25: =SUM(J16:J24) -> 0 | L25: =SUM(L16:L24) -> 0 | M25: =SUM(M16:M24) -> 0
A26: Operations (All ObjCodes except 01, 07, 21 and 25) | E26: =+C26-D26 -> 0
A27: Cost transfer invoices (CTIs) (21) | E27: =+C27-D27 -> 0
A28: Indirect Cost (25) | E28: =+C28-D28 -> 0
A29: TOTAL EXPENDITURES | B29: =SUM(B25:B28) -> 0 | C29: =SUM(C25:C28) -> 0 | D29: =SUM(D25:D28) -> 0 | E29: =+C29-D29 -> 0 | F29: =SUM(F25:F28) -> 0 | H29: =SUM(H25:H28) -> 0 | I29: =SUM(I25:I28) -> 0 | L29: =SUM(L25:L28) -> 0 | M29: =SUM(M25:M28) -> 0
A30: Net Contribution to (Use of) Fund Balance | B30: =+B12-B29 -> 0 | C30: =+C12-C29 -> 0 | D30: =+D12-D29 -> 0 | E30: =+C30-D30 -> 0 | F30: =+F12-F29 -> 0 | H30: =+H12-H29 -> 0 | I30: =+I12-I29 -> 0 | L30: =+L12-L29 -> 0 | M30: =+M12-M29 -> 0
A32: Opening Balance | B32: 0 | C32: =+B35 -> 0 | D32: =+B35 -> 0 | E32: =+D32 -> 0 | F32: =+#REF! -> #REF! | H32: 0 | I32: =+H35 -> 0 | L32: 0 | M32: =+L35 -> 0
A33: Net Contribution to (Use of) Fund Balance | B33: =+B30 -> 0 | C33: =+C30 -> 0 | D33: =+D30 -> 0 | E33: =+E30 -> 0 | F33: =+F30 -> 0 | H33: =+H30 -> 0 | I33: =+I30 -> 0 | L33: =+L30 -> 0 | M33: =+M30 -> 0
A34: Foregone Funds
A35: Closing Balance | B35: =+B32+B33+B34 -> 0 | C35: =+C32+C33+C34 -> 0 | D35: =+D32+D33 -> 0 | E35: =+E32+E33 -> 0 | F35: =+F32+F33 -> #REF! | H35: =+H32+H33+H34 -> 0 | I35: =+I32+I33+I34 -> 0 | L35: =+L32+L33+L34 -> 0 | M35: =+M32+M33+M34 -> 0

Sheet DOF
A4: Instructions: 1) Please review the budget authority, expenditures, and transfers for your unit for FYs 20-21 and refer to Fiscal Vitality Process Guide at https://www.washington.edu/opb/uw-budget/annual-budgets/fy23-annual-review-materials/ for the data parameters and definitions that were used to generate these figures. For detailed amounts down to the budget number level or other data exploration, please see the Fiscal Vitality Budget Tableau report titled Export to Crosstab at https://bitools.uw.edu/#/site/Transitional/views/FiscalVitalityBudget/DocumentationandResources 2) The Central Budget Policies and Assumptions document is available at https://www.washington.edu/opb/uw-budget/annual-budgets/fy23-annual-review-materials/. If you use alternative assumptions, you should briefly explain them in the Annual Review Submission Portal.
A5: 3) Provide full budget authority and expenditure plans for fiscal years 2022-2025 in the green colored cells. 4) The "Opening Balance" row includes carryover. Carryover amounts have been removed from the "temporary budget" line and should not be included in any projections of temporary budget. 5) Student Technology Fee is not to be included in this data
B6: Biennium 19 (Actuals/Plan) | H6: Biennium 21 (Plan) | L6: Biennium 23 (Plan)
B7: FY20 Actuals | C7: FY21 Actuals | D7: FY21 Submitted Plan | E7: FY21. Variance (Actuals Over [Under] Plan) | F7: Bien Total | H7: FY22 Plan | I7: FY23 Plan | J7: Bien Total | L7: FY24 Plan | M7: FY25 Plan | N7: Bien Total
A8: BUDGET AUTHORITY/REVENUES
A9: Designated Operating Fund
A10: Permanent Budget | E10: =+C10-D10 -> 0
A11: Temporary Budget | E11: =+C11-D11 -> 0
A12: TOTAL BUDGET AUTHORITY | B12: =SUM(B10:B11) -> 0 | C12: =SUM(C10:C11) -> 0 | D12: =SUM(D10:D11) -> 0 | E12: =+C12-D12 -> 0 | F12: =SUM(F10:F11) -> 0 | H12: =SUM(H10:H11) -> 0 | I12: =SUM(I10:I11) -> 0 | J12: =SUM(J10:J11) -> 0 | L12: =SUM(L10:L11) -> 0 | M12: =SUM(M10:M11) -> 0
A14: EXPENDITURES
A15: Salaries, Wages and Benefits
A16: Faculty (01-10) | E16: =+C16-D16 -> 0
A17: Auxiliary teaching (01-20) | E17: =+C17-D17 -> 0
A18: Graduate Students (01-30, 01-40) | E18: =+C18-D18 -> 0
A19: Post-doc research trainee (01-50) | E19: =+C19-D19 -> 0
A20: Classified staff (01-60) | E20: =+C20-D20 -> 0
A21: Professional staff (01-70) | E21: =+C21-D21 -> 0
A22: Temporary staff (01-80) | E22: =+C22-D22 -> 0
A23: Pre-doc trainees (01-90) | E23: =+C23-D23 -> 0
A24: Employee Benefits (07) | E24: =+C24-D24 -> 0 | F24: =(_xlfn.IFNA(VLOOKUP($A16,'Benefits Drivers'!$A$6:$F$13,4,FALSE)*F$16,0))+(_xlfn.IFNA(VLOOKUP($A17,'Benefits Drivers'!$A$6:$F$13,4,FALSE)*F$17,0))+(_xlfn.IFNA(VLOOKUP($A18,'Benefits Drivers'!$A$6:$F$13,4,FALSE)*F$18,0))+(_xlfn.IFNA(VLOOKUP($A19,'Benefits Drivers'!$A$6:$F$13,4,FALSE)*F$19,0))+(_xlfn.IFNA(VLOOKUP($A20,'Benefits Drivers'!$A$6:$F$13,4,FALSE)*F$20,0))+(_xlfn.IFNA(VLOOKUP($A22,'Benefits Drivers'!$A$6:$F$13,4,FALSE)*F$22,0))+(_xlfn.IFNA(VLOOKUP($A23,'Benefits Drivers'!$A$6:$F$13,4,FALSE)*F$23,0))+(_xlfn.IFNA(VLOOKUP($A21,'Benefits Drivers'!$A$6:$F$13,4,FALSE)*F$21,0)) -> 0 | H24: =(_xlfn.IFNA(VLOOKUP($A16,'Benefits Drivers'!$A$6:$F$13,3,FALSE)*H$16,0))+(_xlfn.IFNA(VLOOKUP($A17,'Benefits Drivers'!$A$6:$F$13,3,FALSE)*H$17,0))+(_xlfn.IFNA(VLOOKUP($A18,'Benefits Drivers'!$A$6:$F$13,3,FALSE)*H$18,0))+(_xlfn.IFNA(VLOOKUP($A19,'Benefits Drivers'!$A$6:$F$13,3,FALSE)*H$19,0))+(_xlfn.IFNA(VLOOKUP($A20,'Benefits Drivers'!$A$6:$F$13,3,FALSE)*H$20,0))+(_xlfn.IFNA(VLOOKUP($A22,'Benefits Drivers'!$A$6:$F$13,3,FALSE)*H$22,0))+(_xlfn.IFNA(VLOOKUP($A23,'Benefits Drivers'!$A$6:$F$13,3,FALSE)*H$23,0))+(_xlfn.IFNA(VLOOKUP($A21,'Benefits Drivers'!$A$6:$F$13,3,FALSE)*H$21,0)) -> 0 | I24: =(_xlfn.IFNA(VLOOKUP($A16,'Benefits Drivers'!$A$6:$F$13,4,FALSE)*I$16,0))+(_xlfn.IFNA(VLOOKUP($A17,'Benefits Drivers'!$A$6:$F$13,4,FALSE)*I$17,0))+(_xlfn.IFNA(VLOOKUP($A18,'Benefits Drivers'!$A$6:$F$13,4,FALSE)*I$18,0))+(_xlfn.IFNA(VLOOKUP($A19,'Benefits Drivers'!$A$6:$F$13,4,FALSE)*I$19,0))+(_xlfn.IFNA(VLOOKUP($A20,'Benefits Drivers'!$A$6:$F$13,4,FALSE)*I$20,0))+(_xlfn.IFNA(VLOOKUP($A22,'Benefits Drivers'!$A$6:$F$13,4,FALSE)*I$22,0))+(_xlfn.IFNA(VLOOKUP($A23,'Benefits Drivers'!$A$6:$F$13,4,FALSE)*I$23,0))+(_xlfn.IFNA(VLOOKUP($A21,'Benefits Drivers'!$A$6:$F$13,4,FALSE)*I$21,0)) -> 0 | L24: =(_xlfn.IFNA(VLOOKUP($A16,'Benefits Drivers'!$A$6:$F$13,5,FALSE)*L$16,0))+(_xlfn.IFNA(VLOOKUP($A17,'Benefits Drivers'!$A$6:$F$13,5,FALSE)*L$17,0))+(_xlfn.IFNA(VLOOKUP($A18,'Benefits Drivers'!$A$6:$F$13,5,FALSE)*L$18,0))+(_xlfn.IFNA(VLOOKUP($A19,'Benefits Drivers'!$A$6:$F$13,5,FALSE)*L$19,0))+(_xlfn.IFNA(VLOOKUP($A20,'Benefits Drivers'!$A$6:$F$13,5,FALSE)*L$20,0))+(_xlfn.IFNA(VLOOKUP($A22,'Benefits Drivers'!$A$6:$F$13,5,FALSE)*L$22,0))+(_xlfn.IFNA(VLOOKUP($A23,'Benefits Drivers'!$A$6:$F$13,5,FALSE)*L$23,0))+(_xlfn.IFNA(VLOOKUP($A21,'Benefits Drivers'!$A$6:$F$13,5,FALSE)*L$21,0)) -> 0 | M24: =(_xlfn.IFNA(VLOOKUP($A16,'Benefits Drivers'!$A$6:$F$13,6,FALSE)*M$16,0))+(_xlfn.IFNA(VLOOKUP($A17,'Benefits Drivers'!$A$6:$F$13,6,FALSE)*M$17,0))+(_xlfn.IFNA(VLOOKUP($A18,'Benefits Drivers'!$A$6:$F$13,6,FALSE)*M$18,0))+(_xlfn.IFNA(VLOOKUP($A19,'Benefits Drivers'!$A$6:$F$13,6,FALSE)*M$19,0))+(_xlfn.IFNA(VLOOKUP($A20,'Benefits Drivers'!$A$6:$F$13,6,FALSE)*M$20,0))+(_xlfn.IFNA(VLOOKUP($A22,'Benefits Drivers'!$A$6:$F$13,6,FALSE)*M$22,0))+(_xlfn.IFNA(VLOOKUP($A23,'Benefits Drivers'!$A$6:$F$13,6,FALSE)*M$23,0))+(_xlfn.IFNA(VLOOKUP($A21,'Benefits Drivers'!$A$6:$F$13,6,FALSE)*M$21,0)) -> 0
A25: Subtotal Salaries, Wages and Benefits | B25: =SUM(B16:B24) -> 0 | C25: =SUM(C16:C24) -> 0 | D25: =SUM(D16:D24) -> 0 | E25: =+C25-D25 -> 0 | F25: =SUM(F16:F24) -> 0 | H25: =SUM(H16:H24) -> 0 | I25: =SUM(I16:I24) -> 0 | J25: =SUM(J16:J24) -> 0 | L25: =SUM(L16:L24) -> 0 | M25: =SUM(M16:M24) -> 0
A26: Operations (All ObjCodes except 01, 07, 21 and 25) | E26: =+C26-D26 -> 0
A27: Cost transfer invoices (CTIs) (21) | E27: =+C27-D27 -> 0
A28: Indirect Cost (25) | E28: =+C28-D28 -> 0
A29: TOTAL EXPENDITURES | B29: =SUM(B25:B28) -> 0 | C29: =SUM(C25:C28) -> 0 | D29: =SUM(D25:D28) -> 0 | E29: =+C29-D29 -> 0 | F29: =SUM(F25:F28) -> 0 | H29: =SUM(H25:H28) -> 0 | I29: =SUM(I25:I28) -> 0 | L29: =SUM(L25:L28) -> 0 | M29: =SUM(M25:M28) -> 0
A30: Net Contribution to (Use of) Fund Balance | B30: =+B12-B29 -> 0 | C30: =+C12-C29 -> 0 | D30: =+D12-D29 -> 0 | E30: =+C30-D30 -> 0 | F30: =+F12-F29 -> 0 | H30: =+H12-H29 -> 0 | I30: =+I12-I29 -> 0 | L30: =+L12-L29 -> 0 | M30: =+M12-M29 -> 0
A32: Opening Balance | C32: =+B34 -> 0 | D32: =+B34 -> 0 | E32: =+D32 -> 0 | F32: =+#REF! -> #REF! | H32: {=_xlfn.SWITCH(LEFT(A2,7),"2000101",0,"2000102",0,"2000103",0,"2000104",0,"201 ATT",0,"500 UW ",31580945,"600 UW ",9251818,C34)} -> 0 | I32: =+H34 -> 0 | L32: {=_xlfn.SWITCH(LEFT(A2,7),"2000101",0,"2000102",0,"2000103",0,"2000104",0,"201 ATT",0,I34)} -> 0 | M32: =+L34 -> 0
A33: Net Contribution to (Use of) Fund Balance | B33: =+B30 -> 0 | C33: =+C30 -> 0 | D33: =+D30 -> 0 | E33: =+E30 -> 0 | F33: =+F30 -> 0 | H33: =+H30 -> 0 | I33: =+I30 -> 0 | L33: =+L30 -> 0 | M33: =+M30 -> 0
A34: Closing Balance | B34: =+B32+B33 -> 0 | C34: =+C32+C33 -> 0 | D34: =+D32+D33 -> 0 | E34: =+E32+E33 -> 0 | F34: =+F32+F33 -> #REF! | H34: =+H32+H33 -> 0 | I34: =+I32+I33 -> 0 | L34: =+L32+L33 -> 0 | M34: =+M32+M33 -> 0

Sheet Special State Appropriations
A4: Instructions: 1) Please review the budget authority, expenditures, and transfers for your unit for FYs 20-21 and refer to Fiscal Vitality Process Guide at https://www.washington.edu/opb/uw-budget/annual-budgets/fy23-annual-review-materials/ for the data parameters and definitions that were used to generate these figures. For detailed amounts down to the budget number level or other data exploration, please see the Fiscal Vitality Budget Tableau report titled Export to Crosstab at https://bitools.uw.edu/#/site/Transitional/views/FiscalVitalityBudget/DocumentationandResources 2) The Central Budget Policies and Assumptions document is available at https://www.washington.edu/opb/uw-budget/annual-budgets/fy23-annual-review-materials/. If you use alternative assumptions, you should briefly explain them in the Annual Review Submission Portal.
A5: 3) Provide full budget authority and expenditure plans for fiscal years 2022-2025 in the green colored cells. 4) The Foregone Funds line represents unspent or overspent funds that do not carryover into the 21-23 biennium. Fiscal year special appropriations cannot carryover any funds across fiscal years. Biennial special appropriations, however, can have unspent or overspent funds at the end of the 1st fiscal year which can carryover into the 2nd fiscal year. This can happen when the funds are distributed over several units. Some units can underspend and some can overspend as long as the total special apprpropriation nets to zero. Otherwise, special appropriations cannot be overspent. For FY’s 2022-2025, the assumption is that units will fully spend (not overspend) any special appropriation funds. Therefore, the Foregone Funds line is not applicable.
B6: Biennium 19 (Actuals/Plan) | H6: Biennium 21 (Plan) | L6: Biennium 23 (Plan)
B7: FY20 Actuals | C7: FY21 Actuals | D7: FY21 Submitted Plan | E7: FY21. Variance (Actuals Over [Under] Plan) | F7: Bien Total | H7: FY22 Plan | I7: FY23 Plan | J7: Bien Total | L7: FY24 Plan | M7: FY25 Plan | N7: Bien Total
A8: BUDGET AUTHORITY/REVENUES
A9: Special State Appropriations - ROF
A10: Permanent Budget | E10: =+C10-D10 -> 0
A11: Temporary Budget | E11: =+C11-D11 -> 0
A12: TOTAL BUDGET AUTHORITY | B12: =SUM(B10:B11) -> 0 | C12: =SUM(C10:C11) -> 0 | D12: =SUM(D10:D11) -> 0 | E12: =+C12-D12 -> 0 | F12: =SUM(F10:F11) -> 0 | H12: =SUM(H10:H11) -> 0 | I12: =SUM(I10:I11) -> 0 | J12: =SUM(J10:J11) -> 0 | L12: =SUM(L10:L11) -> 0 | M12: =SUM(M10:M11) -> 0
A14: EXPENDITURES
A15: Salaries, Wages and Benefits
A16: Faculty (01-10) | E16: =+C16-D16 -> 0
A17: Auxiliary teaching (01-20) | E17: =+C17-D17 -> 0
A18: Graduate Students (01-30, 01-40) | E18: =+C18-D18 -> 0
A19: Post-doc research trainee (01-50) | E19: =+C19-D19 -> 0
A20: Classified staff (01-60) | E20: =+C20-D20 -> 0
A21: Professional staff (01-70) | E21: =+C21-D21 -> 0
A22: Temporary staff (01-80) | E22: =+C22-D22 -> 0
A23: Pre-doc trainees (01-90) | E23: =+C23-D23 -> 0
A24: Employee Benefits (07) | E24: =+C24-D24 -> 0 | F24: =(_xlfn.IFNA(VLOOKUP($A16,'Benefits Drivers'!$A$6:$F$13,4,FALSE)*F$16,0))+(_xlfn.IFNA(VLOOKUP($A17,'Benefits Drivers'!$A$6:$F$13,4,FALSE)*F$17,0))+(_xlfn.IFNA(VLOOKUP($A18,'Benefits Drivers'!$A$6:$F$13,4,FALSE)*F$18,0))+(_xlfn.IFNA(VLOOKUP($A19,'Benefits Drivers'!$A$6:$F$13,4,FALSE)*F$19,0))+(_xlfn.IFNA(VLOOKUP($A20,'Benefits Drivers'!$A$6:$F$13,4,FALSE)*F$20,0))+(_xlfn.IFNA(VLOOKUP($A22,'Benefits Drivers'!$A$6:$F$13,4,FALSE)*F$22,0))+(_xlfn.IFNA(VLOOKUP($A23,'Benefits Drivers'!$A$6:$F$13,4,FALSE)*F$23,0))+(_xlfn.IFNA(VLOOKUP($A21,'Benefits Drivers'!$A$6:$F$13,4,FALSE)*F$21,0)) -> 0 | H24: =(_xlfn.IFNA(VLOOKUP($A16,'Benefits Drivers'!$A$6:$F$13,3,FALSE)*H$16,0))+(_xlfn.IFNA(VLOOKUP($A17,'Benefits Drivers'!$A$6:$F$13,3,FALSE)*H$17,0))+(_xlfn.IFNA(VLOOKUP($A18,'Benefits Drivers'!$A$6:$F$13,3,FALSE)*H$18,0))+(_xlfn.IFNA(VLOOKUP($A19,'Benefits Drivers'!$A$6:$F$13,3,FALSE)*H$19,0))+(_xlfn.IFNA(VLOOKUP($A20,'Benefits Drivers'!$A$6:$F$13,3,FALSE)*H$20,0))+(_xlfn.IFNA(VLOOKUP($A22,'Benefits Drivers'!$A$6:$F$13,3,FALSE)*H$22,0))+(_xlfn.IFNA(VLOOKUP($A23,'Benefits Drivers'!$A$6:$F$13,3,FALSE)*H$23,0))+(_xlfn.IFNA(VLOOKUP($A21,'Benefits Drivers'!$A$6:$F$13,3,FALSE)*H$21,0)) -> 0 | I24: =(_xlfn.IFNA(VLOOKUP($A16,'Benefits Drivers'!$A$6:$F$13,4,FALSE)*I$16,0))+(_xlfn.IFNA(VLOOKUP($A17,'Benefits Drivers'!$A$6:$F$13,4,FALSE)*I$17,0))+(_xlfn.IFNA(VLOOKUP($A18,'Benefits Drivers'!$A$6:$F$13,4,FALSE)*I$18,0))+(_xlfn.IFNA(VLOOKUP($A19,'Benefits Drivers'!$A$6:$F$13,4,FALSE)*I$19,0))+(_xlfn.IFNA(VLOOKUP($A20,'Benefits Drivers'!$A$6:$F$13,4,FALSE)*I$20,0))+(_xlfn.IFNA(VLOOKUP($A22,'Benefits Drivers'!$A$6:$F$13,4,FALSE)*I$22,0))+(_xlfn.IFNA(VLOOKUP($A23,'Benefits Drivers'!$A$6:$F$13,4,FALSE)*I$23,0))+(_xlfn.IFNA(VLOOKUP($A21,'Benefits Drivers'!$A$6:$F$13,4,FALSE)*I$21,0)) -> 0 | L24: =(_xlfn.IFNA(VLOOKUP($A16,'Benefits Drivers'!$A$6:$F$13,5,FALSE)*L$16,0))+(_xlfn.IFNA(VLOOKUP($A17,'Benefits Drivers'!$A$6:$F$13,5,FALSE)*L$17,0))+(_xlfn.IFNA(VLOOKUP($A18,'Benefits Drivers'!$A$6:$F$13,5,FALSE)*L$18,0))+(_xlfn.IFNA(VLOOKUP($A19,'Benefits Drivers'!$A$6:$F$13,5,FALSE)*L$19,0))+(_xlfn.IFNA(VLOOKUP($A20,'Benefits Drivers'!$A$6:$F$13,5,FALSE)*L$20,0))+(_xlfn.IFNA(VLOOKUP($A22,'Benefits Drivers'!$A$6:$F$13,5,FALSE)*L$22,0))+(_xlfn.IFNA(VLOOKUP($A23,'Benefits Drivers'!$A$6:$F$13,5,FALSE)*L$23,0))+(_xlfn.IFNA(VLOOKUP($A21,'Benefits Drivers'!$A$6:$F$13,5,FALSE)*L$21,0)) -> 0 | M24: =(_xlfn.IFNA(VLOOKUP($A16,'Benefits Drivers'!$A$6:$F$13,6,FALSE)*M$16,0))+(_xlfn.IFNA(VLOOKUP($A17,'Benefits Drivers'!$A$6:$F$13,6,FALSE)*M$17,0))+(_xlfn.IFNA(VLOOKUP($A18,'Benefits Drivers'!$A$6:$F$13,6,FALSE)*M$18,0))+(_xlfn.IFNA(VLOOKUP($A19,'Benefits Drivers'!$A$6:$F$13,6,FALSE)*M$19,0))+(_xlfn.IFNA(VLOOKUP($A20,'Benefits Drivers'!$A$6:$F$13,6,FALSE)*M$20,0))+(_xlfn.IFNA(VLOOKUP($A22,'Benefits Drivers'!$A$6:$F$13,6,FALSE)*M$22,0))+(_xlfn.IFNA(VLOOKUP($A23,'Benefits Drivers'!$A$6:$F$13,6,FALSE)*M$23,0))+(_xlfn.IFNA(VLOOKUP($A21,'Benefits Drivers'!$A$6:$F$13,6,FALSE)*M$21,0)) -> 0
A25: Subtotal Salaries, Wages and Benefits | B25: =SUM(B16:B24) -> 0 | C25: =SUM(C16:C24) -> 0 | D25: =SUM(D16:D24) -> 0 | E25: =+C25-D25 -> 0 | F25: =SUM(F16:F24) -> 0 | H25: =SUM(H16:H24) -> 0 | I25: =SUM(I16:I24) -> 0 | J25: =SUM(J16:J24) -> 0 | L25: =SUM(L16:L24) -> 0 | M25: =SUM(M16:M24) -> 0
A26: Operations (All ObjCodes except 01, 07, 21 and 25) | E26: =+C26-D26 -> 0
A27: Cost transfer invoices (CTIs) (21) | E27: =+C27-D27 -> 0
A28: Indirect Cost (25) | E28: =+C28-D28 -> 0
A29: TOTAL EXPENDITURES | B29: =SUM(B25:B28) -> 0 | C29: =SUM(C25:C28) -> 0 | D29: =SUM(D25:D28) -> 0 | E29: =+C29-D29 -> 0 | F29: =SUM(F25:F28) -> 0 | H29: =SUM(H25:H28) -> 0 | I29: =SUM(I25:I28) -> 0 | L29: =SUM(L25:L28) -> 0 | M29: =SUM(M25:M28) -> 0
A30: Net Contribution to (Use of) Fund Balance | B30: =+B12-B29 -> 0 | C30: =+C12-C29 -> 0 | D30: =+D12-D29 -> 0 | E30: =+C30-D30 -> 0 | F30: =+F12-F29 -> 0 | H30: =+H12-H29 -> 0 | I30: =+I12-I29 -> 0 | L30: =+L12-L29 -> 0 | M30: =+M12-M29 -> 0
A32: Opening Balance | C32: =+B35 -> 0 | D32: =+B35 -> 0 | E32: =+D32 -> 0 | F32: =+#REF! -> #REF! | H32: =+C35 -> 0 | I32: =+H35 -> 0 | L32: =+I35 -> 0 | M32: =+L35 -> 0
A33: Net Contribution to (Use of) Fund Balance | B33: =+B30 -> 0 | C33: =+C30 -> 0 | D33: =+D30 -> 0 | E33: =+E30 -> 0 | F33: =+F30 -> 0 | H33: =+H30 -> 0 | I33: =+I30 -> 0 | L33: =+L30 -> 0 | M33: =+M30 -> 0
A34: Foregone Funds
A35: Closing Balance | B35: =+B32+B33+B34 -> 0 | C35: =+C32+C33+C34 -> 0 | D35: =+D32+D33+D34 -> 0 | E35: =+E32+E33+E34 -> 0 | F35: =+F32+F33 -> #REF! | H35: =+H32+H33+H34 -> 0 | I35: =+I32+I33+I34 -> 0 | L35: =+L32+L33+L34 -> 0 | M35: =+M32+M33+M34 -> 0

Sheet Sponsored Projects
A4: Instructions: 1) Please review the budget authority, expenditures, and transfers for your unit for FYs 20-21 and refer to Fiscal Vitality Process Guide at https://www.washington.edu/opb/uw-budget/annual-budgets/fy23-annual-review-materials/ for the data parameters and definitions that were used to generate these figures. For detailed amounts down to the budget number level or other data exploration, please see the Fiscal Vitality Budget Tableau report titled Export to Crosstab at https://bitools.uw.edu/#/site/Transitional/views/FiscalVitalityBudget/DocumentationandResources 2) The Central Budget Policies and Assumptions document is available at https://www.washington.edu/opb/uw-budget/annual-budgets/fy23-annual-review-materials/. If you use alternative assumptions, you should briefly explain them in the Annual Review Submission Portal.
A5: 3) Provide full revenue and expenditure plans for fiscal years 2022-2025 in the green colored cells. 4) The expenditure amounts provided can be reconciled to FAS. For purposes of this exercise, revenues have been set to equal expenditures. OPB would expect units to apply that same assumption for future fiscal years as the primary purpose of this section of the fiscal vitality reports is to capture and focus on activity rather than sort through the nuances of revenue recognition principles as applied to the variety of grant and contract types across campus.
B6: Biennium 19 (Actuals/Plan) | H6: Biennium 21 (Plan) | L6: Biennium 23 (Plan)
B7: FY20 Actuals | C7: FY21 Actuals | D7: FY21 Submitted Plan | E7: FY21. Variance (Actuals Over [Under] Plan) | F7: Bien Total | H7: FY22 Plan | I7: FY23 Plan | J7: Bien Total | L7: FY24 Plan | M7: FY25 Plan | N7: Bien Total
A8: BUDGET AUTHORITY/REVENUES
A9: Grants & Contracts Sponsored Projects
A10: Revenue | E10: =+C10-D10 -> 0
A11: TOTAL REVENUES | B11: =SUM(B10:B10) -> 0 | C11: =SUM(C10:C10) -> 0 | D11: =SUM(D10:D10) -> 0 | E11: =SUM(E10:E10) -> 0 | F11: =SUM(F10:F10) -> 0 | H11: =SUM(H10:H10) -> 0 | I11: =SUM(I10:I10) -> 0 | J11: =SUM(J10:J10) -> 0 | L11: =SUM(L10:L10) -> 0 | M11: =SUM(M10:M10) -> 0
A13: EXPENDITURES
A14: Salaries, Wages and Benefits
A15: Faculty (01-10) | E15: =+C15-D15 -> 0
A16: Auxiliary teaching (01-20) | E16: =+C16-D16 -> 0
A17: Graduate Students (01-30, 01-40) | E17: =+C17-D17 -> 0
A18: Post-doc research trainee (01-50) | E18: =+C18-D18 -> 0
A19: Classified staff (01-60) | E19: =+C19-D19 -> 0
A20: Professional staff (01-70) | E20: =+C20-D20 -> 0
A21: Temporary staff (01-80) | E21: =+C21-D21 -> 0
A22: Pre-doc trainees (01-90) | E22: =+C22-D22 -> 0
A23: Employee Benefits (07) | E23: =+C23-D23 -> 0 | F23: =(_xlfn.IFNA(VLOOKUP($A15,'Benefits Drivers'!$A$6:$F$13,4,FALSE)*F$15,0))+(_xlfn.IFNA(VLOOKUP($A16,'Benefits Drivers'!$A$6:$F$13,4,FALSE)*F$16,0))+(_xlfn.IFNA(VLOOKUP($A17,'Benefits Drivers'!$A$6:$F$13,4,FALSE)*F$17,0))+(_xlfn.IFNA(VLOOKUP($A18,'Benefits Drivers'!$A$6:$F$13,4,FALSE)*F$18,0))+(_xlfn.IFNA(VLOOKUP($A19,'Benefits Drivers'!$A$6:$F$13,4,FALSE)*F$19,0))+(_xlfn.IFNA(VLOOKUP($A21,'Benefits Drivers'!$A$6:$F$13,4,FALSE)*F$21,0))+(_xlfn.IFNA(VLOOKUP($A22,'Benefits Drivers'!$A$6:$F$13,4,FALSE)*F$22,0))+(_xlfn.IFNA(VLOOKUP($A20,'Benefits Drivers'!$A$6:$F$13,4,FALSE)*F$20,0)) -> 0 | H23: =(_xlfn.IFNA(VLOOKUP($A15,'Benefits Drivers'!$A$6:$F$13,3,FALSE)*H$15,0))+(_xlfn.IFNA(VLOOKUP($A16,'Benefits Drivers'!$A$6:$F$13,3,FALSE)*H$16,0))+(_xlfn.IFNA(VLOOKUP($A17,'Benefits Drivers'!$A$6:$F$13,3,FALSE)*H$17,0))+(_xlfn.IFNA(VLOOKUP($A18,'Benefits Drivers'!$A$6:$F$13,3,FALSE)*H$18,0))+(_xlfn.IFNA(VLOOKUP($A19,'Benefits Drivers'!$A$6:$F$13,3,FALSE)*H$19,0))+(_xlfn.IFNA(VLOOKUP($A21,'Benefits Drivers'!$A$6:$F$13,3,FALSE)*H$21,0))+(_xlfn.IFNA(VLOOKUP($A22,'Benefits Drivers'!$A$6:$F$13,3,FALSE)*H$22,0))+(_xlfn.IFNA(VLOOKUP($A20,'Benefits Drivers'!$A$6:$F$13,3,FALSE)*H$20,0)) -> 0 | I23: =(_xlfn.IFNA(VLOOKUP($A15,'Benefits Drivers'!$A$6:$F$13,4,FALSE)*I$15,0))+(_xlfn.IFNA(VLOOKUP($A16,'Benefits Drivers'!$A$6:$F$13,4,FALSE)*I$16,0))+(_xlfn.IFNA(VLOOKUP($A17,'Benefits Drivers'!$A$6:$F$13,4,FALSE)*I$17,0))+(_xlfn.IFNA(VLOOKUP($A18,'Benefits Drivers'!$A$6:$F$13,4,FALSE)*I$18,0))+(_xlfn.IFNA(VLOOKUP($A19,'Benefits Drivers'!$A$6:$F$13,4,FALSE)*I$19,0))+(_xlfn.IFNA(VLOOKUP($A21,'Benefits Drivers'!$A$6:$F$13,4,FALSE)*I$21,0))+(_xlfn.IFNA(VLOOKUP($A22,'Benefits Drivers'!$A$6:$F$13,4,FALSE)*I$22,0))+(_xlfn.IFNA(VLOOKUP($A20,'Benefits Drivers'!$A$6:$F$13,4,FALSE)*I$20,0)) -> 0 | L23: =(_xlfn.IFNA(VLOOKUP($A15,'Benefits Drivers'!$A$6:$F$13,5,FALSE)*L$15,0))+(_xlfn.IFNA(VLOOKUP($A16,'Benefits Drivers'!$A$6:$F$13,5,FALSE)*L$16,0))+(_xlfn.IFNA(VLOOKUP($A17,'Benefits Drivers'!$A$6:$F$13,5,FALSE)*L$17,0))+(_xlfn.IFNA(VLOOKUP($A18,'Benefits Drivers'!$A$6:$F$13,5,FALSE)*L$18,0))+(_xlfn.IFNA(VLOOKUP($A19,'Benefits Drivers'!$A$6:$F$13,5,FALSE)*L$19,0))+(_xlfn.IFNA(VLOOKUP($A21,'Benefits Drivers'!$A$6:$F$13,5,FALSE)*L$21,0))+(_xlfn.IFNA(VLOOKUP($A22,'Benefits Drivers'!$A$6:$F$13,5,FALSE)*L$22,0))+(_xlfn.IFNA(VLOOKUP($A20,'Benefits Drivers'!$A$6:$F$13,5,FALSE)*L$20,0)) -> 0 | M23: =(_xlfn.IFNA(VLOOKUP($A15,'Benefits Drivers'!$A$6:$F$13,6,FALSE)*M$15,0))+(_xlfn.IFNA(VLOOKUP($A16,'Benefits Drivers'!$A$6:$F$13,6,FALSE)*M$16,0))+(_xlfn.IFNA(VLOOKUP($A17,'Benefits Drivers'!$A$6:$F$13,6,FALSE)*M$17,0))+(_xlfn.IFNA(VLOOKUP($A18,'Benefits Drivers'!$A$6:$F$13,6,FALSE)*M$18,0))+(_xlfn.IFNA(VLOOKUP($A19,'Benefits Drivers'!$A$6:$F$13,6,FALSE)*M$19,0))+(_xlfn.IFNA(VLOOKUP($A21,'Benefits Drivers'!$A$6:$F$13,6,FALSE)*M$21,0))+(_xlfn.IFNA(VLOOKUP($A22,'Benefits Drivers'!$A$6:$F$13,6,FALSE)*M$22,0))+(_xlfn.IFNA(VLOOKUP($A20,'Benefits Drivers'!$A$6:$F$13,6,FALSE)*M$20,0)) -> 0
A24: Subtotal Salaries, Wages and Benefits | B24: =SUM(B15:B23) -> 0 | C24: =SUM(C15:C23) -> 0 | D24: =SUM(D15:D23) -> 0 | E24: =+C24-D24 -> 0 | F24: =SUM(F15:F23) -> 0 | H24: =SUM(H15:H23) -> 0 | I24: =SUM(I15:I23) -> 0 | J24: =SUM(J15:J23) -> 0 | L24: =SUM(L15:L23) -> 0 | M24: =SUM(M15:M23) -> 0
A25: Operations (All ObjCodes except 01, 07, 21 and 25) | E25: =+C25-D25 -> 0
A26: Cost transfer invoices (CTIs) (21) | E26: =+C26-D26 -> 0
A27: Indirect Cost (25) | E27: =+C27-D27 -> 0
A28: TOTAL EXPENDITURES | B28: =SUM(B24:B27) -> 0 | C28: =SUM(C24:C27) -> 0 | D28: =SUM(D24:D27) -> 0 | E28: =+C28-D28 -> 0 | F28: =SUM(F24:F27) -> 0 | H28: =SUM(H24:H27) -> 0 | I28: =SUM(I24:I27) -> 0 | L28: =SUM(L24:L27) -> 0 | M28: =SUM(M24:M27) -> 0
A29: Net Contribution to (Use of) Fund Balance | B29: =+B11-B28 -> 0 | C29: =+C11-C28 -> 0 | D29: =+D11-D28 -> 0 | E29: =+C29-D29 -> 0 | F29: =+F11-F28 -> 0 | H29: =+H11-H28 -> 0 | I29: =+I11-I28 -> 0 | L29: =+L11-L28 -> 0 | M29: =+M11-M28 -> 0
A31: Opening Balance | C31: =+B33 -> 0 | D31: =+B33 -> 0 | E31: =+D31 -> 0 | F31: =+#REF! -> #REF! | H31: =+C33 -> 0 | I31: =+H33 -> 0 | L31: =+I33 -> 0 | M31: =+L33 -> 0
A32: Net Contribution to (Use of) Fund Balance | B32: =+B29 -> 0 | C32: =+C29 -> 0 | D32: =+D29 -> 0 | E32: =+E29 -> 0 | F32: =+F29 -> 0 | H32: =+H29 -> 0 | I32: =+I29 -> 0 | L32: =+L29 -> 0 | M32: =+M29 -> 0
A33: Closing Balance | B33: =+B31+B32 -> 0 | C33: =+C31+C32 -> 0 | D33: =+D31+D32 -> 0 | E33: =+E31+E32 -> 0 | F33: =+F31+F32 -> #REF! | H33: =+H31+H32 -> 0 | I33: =+I31+I32 -> 0 | L33: =+L31+L32 -> 0 | M33: =+M31+M32 -> 0

Sheet Student Aid
A4: Instructions: 1) Please review the budget authority, expenditures, and transfers for your unit for FYs 20-21 and refer to Fiscal Vitality Process Guide at https://www.washington.edu/opb/uw-budget/annual-budgets/fy23-annual-review-materials/ for the data parameters and definitions that were used to generate these figures. For detailed amounts down to the budget number level or other data exploration, please see the Fiscal Vitality Budget Tableau report titled Export to Crosstab at https://bitools.uw.edu/#/site/Transitional/views/FiscalVitalityBudget/DocumentationandResources 2) The Central Budget Policies and Assumptions document is available at https://www.washington.edu/opb/uw-budget/annual-budgets/fy23-annual-review-materials/. If you use alternative assumptions, you should briefly explain them in the Annual Review Submission Portal.
A5: 3) Provide full revenue and expenditure plans for fiscal years 2022-2025 in the green colored cells. 4) The expenditure amounts provided can be reconciled to FAS. For purposes of this exercise, revenues have been set to equal expenditures. OPB would expect units to apply that same assumption for future fiscal years as the primary purpose of this section of the fiscal vitality reports is to capture and focus on activity rather than sort through the nuances of revenue recognition principles as applied to the variety of grant and contract types across campus.
B6: Biennium 19 (Actuals/Plan) | H6: Biennium 21 (Plan) | L6: Biennium 23 (Plan)
B7: FY20 Actuals | C7: FY21 Actuals | D7: FY21 Submitted Plan | E7: FY21. Variance (Actuals Over [Under] Plan) | F7: Bien Total | H7: FY22 Plan | I7: FY23 Plan | J7: Bien Total | L7: FY24 Plan | M7: FY25 Plan | N7: Bien Total
A8: BUDGET AUTHORITY/REVENUES
A9: Grants & Contracts Student Aid
A10: Revenue | E10: =+C10-D10 -> 0
A11: TOTAL REVENUES | B11: =SUM(B10:B10) -> 0 | C11: =SUM(C10:C10) -> 0 | D11: =SUM(D10:D10) -> 0 | E11: =SUM(E10:E10) -> 0 | F11: =SUM(F10:F10) -> 0 | H11: =SUM(H10:H10) -> 0 | I11: =SUM(I10:I10) -> 0 | J11: =SUM(J10:J10) -> 0 | L11: =SUM(L10:L10) -> 0 | M11: =SUM(M10:M10) -> 0
A13: EXPENDITURES
A14: Salaries, Wages and Benefits
A15: Faculty (01-10) | E15: =+C15-D15 -> 0
A16: Auxiliary teaching (01-20) | E16: =+C16-D16 -> 0
A17: Graduate Students (01-30, 01-40) | E17: =+C17-D17 -> 0
A18: Post-doc research trainee (01-50) | E18: =+C18-D18 -> 0
A19: Classified staff (01-60) | E19: =+C19-D19 -> 0
A20: Professional staff (01-70) | E20: =+C20-D20 -> 0
A21: Temporary staff (01-80) | E21: =+C21-D21 -> 0
A22: Pre-doc trainees (01-90) | E22: =+C22-D22 -> 0
A23: Employee Benefits (07) | E23: =+C23-D23 -> 0 | F23: =(_xlfn.IFNA(VLOOKUP($A15,'Benefits Drivers'!$A$6:$F$13,4,FALSE)*F$15,0))+(_xlfn.IFNA(VLOOKUP($A16,'Benefits Drivers'!$A$6:$F$13,4,FALSE)*F$16,0))+(_xlfn.IFNA(VLOOKUP($A17,'Benefits Drivers'!$A$6:$F$13,4,FALSE)*F$17,0))+(_xlfn.IFNA(VLOOKUP($A18,'Benefits Drivers'!$A$6:$F$13,4,FALSE)*F$18,0))+(_xlfn.IFNA(VLOOKUP($A19,'Benefits Drivers'!$A$6:$F$13,4,FALSE)*F$19,0))+(_xlfn.IFNA(VLOOKUP($A21,'Benefits Drivers'!$A$6:$F$13,4,FALSE)*F$21,0))+(_xlfn.IFNA(VLOOKUP($A22,'Benefits Drivers'!$A$6:$F$13,4,FALSE)*F$22,0))+(_xlfn.IFNA(VLOOKUP($A20,'Benefits Drivers'!$A$6:$F$13,4,FALSE)*F$20,0)) -> 0 | H23: =(_xlfn.IFNA(VLOOKUP($A15,'Benefits Drivers'!$A$6:$F$13,3,FALSE)*H$15,0))+(_xlfn.IFNA(VLOOKUP($A16,'Benefits Drivers'!$A$6:$F$13,3,FALSE)*H$16,0))+(_xlfn.IFNA(VLOOKUP($A17,'Benefits Drivers'!$A$6:$F$13,3,FALSE)*H$17,0))+(_xlfn.IFNA(VLOOKUP($A18,'Benefits Drivers'!$A$6:$F$13,3,FALSE)*H$18,0))+(_xlfn.IFNA(VLOOKUP($A19,'Benefits Drivers'!$A$6:$F$13,3,FALSE)*H$19,0))+(_xlfn.IFNA(VLOOKUP($A21,'Benefits Drivers'!$A$6:$F$13,3,FALSE)*H$21,0))+(_xlfn.IFNA(VLOOKUP($A22,'Benefits Drivers'!$A$6:$F$13,3,FALSE)*H$22,0))+(_xlfn.IFNA(VLOOKUP($A20,'Benefits Drivers'!$A$6:$F$13,3,FALSE)*H$20,0)) -> 0 | I23: =(_xlfn.IFNA(VLOOKUP($A15,'Benefits Drivers'!$A$6:$F$13,4,FALSE)*I$15,0))+(_xlfn.IFNA(VLOOKUP($A16,'Benefits Drivers'!$A$6:$F$13,4,FALSE)*I$16,0))+(_xlfn.IFNA(VLOOKUP($A17,'Benefits Drivers'!$A$6:$F$13,4,FALSE)*I$17,0))+(_xlfn.IFNA(VLOOKUP($A18,'Benefits Drivers'!$A$6:$F$13,4,FALSE)*I$18,0))+(_xlfn.IFNA(VLOOKUP($A19,'Benefits Drivers'!$A$6:$F$13,4,FALSE)*I$19,0))+(_xlfn.IFNA(VLOOKUP($A21,'Benefits Drivers'!$A$6:$F$13,4,FALSE)*I$21,0))+(_xlfn.IFNA(VLOOKUP($A22,'Benefits Drivers'!$A$6:$F$13,4,FALSE)*I$22,0))+(_xlfn.IFNA(VLOOKUP($A20,'Benefits Drivers'!$A$6:$F$13,4,FALSE)*I$20,0)) -> 0 | L23: =(_xlfn.IFNA(VLOOKUP($A15,'Benefits Drivers'!$A$6:$F$13,5,FALSE)*L$15,0))+(_xlfn.IFNA(VLOOKUP($A16,'Benefits Drivers'!$A$6:$F$13,5,FALSE)*L$16,0))+(_xlfn.IFNA(VLOOKUP($A17,'Benefits Drivers'!$A$6:$F$13,5,FALSE)*L$17,0))+(_xlfn.IFNA(VLOOKUP($A18,'Benefits Drivers'!$A$6:$F$13,5,FALSE)*L$18,0))+(_xlfn.IFNA(VLOOKUP($A19,'Benefits Drivers'!$A$6:$F$13,5,FALSE)*L$19,0))+(_xlfn.IFNA(VLOOKUP($A21,'Benefits Drivers'!$A$6:$F$13,5,FALSE)*L$21,0))+(_xlfn.IFNA(VLOOKUP($A22,'Benefits Drivers'!$A$6:$F$13,5,FALSE)*L$22,0))+(_xlfn.IFNA(VLOOKUP($A20,'Benefits Drivers'!$A$6:$F$13,5,FALSE)*L$20,0)) -> 0 | M23: =(_xlfn.IFNA(VLOOKUP($A15,'Benefits Drivers'!$A$6:$F$13,6,FALSE)*M$15,0))+(_xlfn.IFNA(VLOOKUP($A16,'Benefits Drivers'!$A$6:$F$13,6,FALSE)*M$16,0))+(_xlfn.IFNA(VLOOKUP($A17,'Benefits Drivers'!$A$6:$F$13,6,FALSE)*M$17,0))+(_xlfn.IFNA(VLOOKUP($A18,'Benefits Drivers'!$A$6:$F$13,6,FALSE)*M$18,0))+(_xlfn.IFNA(VLOOKUP($A19,'Benefits Drivers'!$A$6:$F$13,6,FALSE)*M$19,0))+(_xlfn.IFNA(VLOOKUP($A21,'Benefits Drivers'!$A$6:$F$13,6,FALSE)*M$21,0))+(_xlfn.IFNA(VLOOKUP($A22,'Benefits Drivers'!$A$6:$F$13,6,FALSE)*M$22,0))+(_xlfn.IFNA(VLOOKUP($A20,'Benefits Drivers'!$A$6:$F$13,6,FALSE)*M$20,0)) -> 0
A24: Subtotal Salaries, Wages and Benefits | B24: =SUM(B15:B23) -> 0 | C24: =SUM(C15:C23) -> 0 | D24: =SUM(D15:D23) -> 0 | E24: =+C24-D24 -> 0 | F24: =SUM(F15:F23) -> 0 | H24: =SUM(H15:H23) -> 0 | I24: =SUM(I15:I23) -> 0 | J24: =SUM(J15:J23) -> 0 | L24: =SUM(L15:L23) -> 0 | M24: =SUM(M15:M23) -> 0
A25: Operations (All ObjCodes except 01, 07, 21 and 25) | E25: =+C25-D25 -> 0
A26: Cost transfer invoices (CTIs) (21) | E26: =+C26-D26 -> 0
A27: Indirect Cost (25) | E27: =+C27-D27 -> 0
A28: TOTAL EXPENDITURES | B28: =SUM(B24:B27) -> 0 | C28: =SUM(C24:C27) -> 0 | D28: =SUM(D24:D27) -> 0 | E28: =+C28-D28 -> 0 | F28: =SUM(F24:F27) -> 0 | H28: =SUM(H24:H27) -> 0 | I28: =SUM(I24:I27) -> 0 | L28: =SUM(L24:L27) -> 0 | M28: =SUM(M24:M27) -> 0
A29: Net Contribution to (Use of) Fund Balance | B29: =+B11-B28 -> 0 | C29: =+C11-C28 -> 0 | D29: =+D11-D28 -> 0 | E29: =+C29-D29 -> 0 | F29: =+F11-F28 -> 0 | H29: =+H11-H28 -> 0 | I29: =+I11-I28 -> 0 | L29: =+L11-L28 -> 0 | M29: =+M11-M28 -> 0
A31: Opening Balance | C31: =+B33 -> 0 | D31: =+B33 -> 0 | E31: =+D31 -> 0 | F31: =+#REF! -> #REF! | H31: =+C33 -> 0 | I31: =+H33 -> 0 | L31: =+I33 -> 0 | M31: =+L33 -> 0
A32: Net Contribution to (Use of) Fund Balance | B32: =+B29 -> 0 | C32: =+C29 -> 0 | D32: =+D29 -> 0 | E32: =+E29 -> 0 | F32: =+F29 -> 0 | H32: =+H29 -> 0 | I32: =+I29 -> 0 | L32: =+L29 -> 0 | M32: =+M29 -> 0
A33: Closing Balance | B33: =+B31+B32 -> 0 | C33: =+C31+C32 -> 0 | D33: =+D31+D32 -> 0 | E33: =+E31+E32 -> 0 | F33: =+F31+F32 -> #REF! | H33: =+H31+H32 -> 0 | I33: =+I31+I32 -> 0 | L33: =+L31+L32 -> 0 | M33: =+M31+M32 -> 0

Sheet Other Grant-Contract Types
A4: Instructions: 1) Please review the budget authority, expenditures, and transfers for your unit for FYs 20-21 and refer to Fiscal Vitality Process Guide at https://www.washington.edu/opb/uw-budget/annual-budgets/fy23-annual-review-materials/ for the data parameters and definitions that were used to generate these figures. For detailed amounts down to the budget number level or other data exploration, please see the Fiscal Vitality Budget Tableau report titled Export to Crosstab at https://bitools.uw.edu/#/site/Transitional/views/FiscalVitalityBudget/DocumentationandResources 2) The Central Budget Policies and Assumptions document is available at https://www.washington.edu/opb/uw-budget/annual-budgets/fy23-annual-review-materials/. If you use alternative assumptions, you should briefly explain them in the Annual Review Submission Portal.
A5: 3) Provide full revenue and expenditure plans for fiscal years 2022-2025 in the green colored cells. Budgets in this category may not be cost reimbursable like sponsored projects. Therefore, revenues may not always equal expenditures. 4) The "Opening Balance" row reflects the beginning fund balance and is not included in the "revenue" line.
B6: Biennium 19 (Actuals/Plan) | H6: Biennium 21 (Plan) | L6: Biennium 23 (Plan)
B7: FY20 Actuals | C7: FY21 Actuals | D7: FY21 Submitted Plan | E7: FY21. Variance (Actuals Over [Under] Plan) | F7: Bien Total | H7: FY22 Plan | I7: FY23 Plan | J7: Bien Total | L7: FY24 Plan | M7: FY25 Plan | N7: Bien Total
A8: BUDGET AUTHORITY/REVENUES
A9: Grants & Contracts Others
A10: Revenue | E10: =+C10-D10 -> 0
A11: TOTAL REVENUES | B11: =SUM(B10:B10) -> 0 | C11: =SUM(C10:C10) -> 0 | D11: =SUM(D10:D10) -> 0 | E11: =SUM(E10:E10) -> 0 | F11: =SUM(F10:F10) -> 0 | H11: =SUM(H10:H10) -> 0 | I11: =SUM(I10:I10) -> 0 | J11: =SUM(J10:J10) -> 0 | L11: =SUM(L10:L10) -> 0 | M11: =SUM(M10:M10) -> 0
A13: EXPENDITURES
A14: Salaries, Wages and Benefits
A15: Faculty (01-10) | E15: =+C15-D15 -> 0
A16: Auxiliary teaching (01-20) | E16: =+C16-D16 -> 0
A17: Graduate Students (01-30, 01-40) | E17: =+C17-D17 -> 0
A18: Post-doc research trainee (01-50) | E18: =+C18-D18 -> 0
A19: Classified staff (01-60) | E19: =+C19-D19 -> 0
A20: Professional staff (01-70) | E20: =+C20-D20 -> 0
A21: Temporary staff (01-80) | E21: =+C21-D21 -> 0
A22: Pre-doc trainees (01-90) | E22: =+C22-D22 -> 0
A23: Employee Benefits (07) | E23: =+C23-D23 -> 0 | F23: =(_xlfn.IFNA(VLOOKUP($A15,'Benefits Drivers'!$A$6:$F$13,4,FALSE)*F$15,0))+(_xlfn.IFNA(VLOOKUP($A16,'Benefits Drivers'!$A$6:$F$13,4,FALSE)*F$16,0))+(_xlfn.IFNA(VLOOKUP($A17,'Benefits Drivers'!$A$6:$F$13,4,FALSE)*F$17,0))+(_xlfn.IFNA(VLOOKUP($A18,'Benefits Drivers'!$A$6:$F$13,4,FALSE)*F$18,0))+(_xlfn.IFNA(VLOOKUP($A19,'Benefits Drivers'!$A$6:$F$13,4,FALSE)*F$19,0))+(_xlfn.IFNA(VLOOKUP($A21,'Benefits Drivers'!$A$6:$F$13,4,FALSE)*F$21,0))+(_xlfn.IFNA(VLOOKUP($A22,'Benefits Drivers'!$A$6:$F$13,4,FALSE)*F$22,0))+(_xlfn.IFNA(VLOOKUP($A20,'Benefits Drivers'!$A$6:$F$13,4,FALSE)*F$20,0)) -> 0 | H23: =(_xlfn.IFNA(VLOOKUP($A15,'Benefits Drivers'!$A$6:$F$13,3,FALSE)*H$15,0))+(_xlfn.IFNA(VLOOKUP($A16,'Benefits Drivers'!$A$6:$F$13,3,FALSE)*H$16,0))+(_xlfn.IFNA(VLOOKUP($A17,'Benefits Drivers'!$A$6:$F$13,3,FALSE)*H$17,0))+(_xlfn.IFNA(VLOOKUP($A18,'Benefits Drivers'!$A$6:$F$13,3,FALSE)*H$18,0))+(_xlfn.IFNA(VLOOKUP($A19,'Benefits Drivers'!$A$6:$F$13,3,FALSE)*H$19,0))+(_xlfn.IFNA(VLOOKUP($A21,'Benefits Drivers'!$A$6:$F$13,3,FALSE)*H$21,0))+(_xlfn.IFNA(VLOOKUP($A22,'Benefits Drivers'!$A$6:$F$13,3,FALSE)*H$22,0))+(_xlfn.IFNA(VLOOKUP($A20,'Benefits Drivers'!$A$6:$F$13,3,FALSE)*H$20,0)) -> 0 | I23: =(_xlfn.IFNA(VLOOKUP($A15,'Benefits Drivers'!$A$6:$F$13,4,FALSE)*I$15,0))+(_xlfn.IFNA(VLOOKUP($A16,'Benefits Drivers'!$A$6:$F$13,4,FALSE)*I$16,0))+(_xlfn.IFNA(VLOOKUP($A17,'Benefits Drivers'!$A$6:$F$13,4,FALSE)*I$17,0))+(_xlfn.IFNA(VLOOKUP($A18,'Benefits Drivers'!$A$6:$F$13,4,FALSE)*I$18,0))+(_xlfn.IFNA(VLOOKUP($A19,'Benefits Drivers'!$A$6:$F$13,4,FALSE)*I$19,0))+(_xlfn.IFNA(VLOOKUP($A21,'Benefits Drivers'!$A$6:$F$13,4,FALSE)*I$21,0))+(_xlfn.IFNA(VLOOKUP($A22,'Benefits Drivers'!$A$6:$F$13,4,FALSE)*I$22,0))+(_xlfn.IFNA(VLOOKUP($A20,'Benefits Drivers'!$A$6:$F$13,4,FALSE)*I$20,0)) -> 0 | L23: =(_xlfn.IFNA(VLOOKUP($A15,'Benefits Drivers'!$A$6:$F$13,5,FALSE)*L$15,0))+(_xlfn.IFNA(VLOOKUP($A16,'Benefits Drivers'!$A$6:$F$13,5,FALSE)*L$16,0))+(_xlfn.IFNA(VLOOKUP($A17,'Benefits Drivers'!$A$6:$F$13,5,FALSE)*L$17,0))+(_xlfn.IFNA(VLOOKUP($A18,'Benefits Drivers'!$A$6:$F$13,5,FALSE)*L$18,0))+(_xlfn.IFNA(VLOOKUP($A19,'Benefits Drivers'!$A$6:$F$13,5,FALSE)*L$19,0))+(_xlfn.IFNA(VLOOKUP($A21,'Benefits Drivers'!$A$6:$F$13,5,FALSE)*L$21,0))+(_xlfn.IFNA(VLOOKUP($A22,'Benefits Drivers'!$A$6:$F$13,5,FALSE)*L$22,0))+(_xlfn.IFNA(VLOOKUP($A20,'Benefits Drivers'!$A$6:$F$13,5,FALSE)*L$20,0)) -> 0 | M23: =(_xlfn.IFNA(VLOOKUP($A15,'Benefits Drivers'!$A$6:$F$13,6,FALSE)*M$15,0))+(_xlfn.IFNA(VLOOKUP($A16,'Benefits Drivers'!$A$6:$F$13,6,FALSE)*M$16,0))+(_xlfn.IFNA(VLOOKUP($A17,'Benefits Drivers'!$A$6:$F$13,6,FALSE)*M$17,0))+(_xlfn.IFNA(VLOOKUP($A18,'Benefits Drivers'!$A$6:$F$13,6,FALSE)*M$18,0))+(_xlfn.IFNA(VLOOKUP($A19,'Benefits Drivers'!$A$6:$F$13,6,FALSE)*M$19,0))+(_xlfn.IFNA(VLOOKUP($A21,'Benefits Drivers'!$A$6:$F$13,6,FALSE)*M$21,0))+(_xlfn.IFNA(VLOOKUP($A22,'Benefits Drivers'!$A$6:$F$13,6,FALSE)*M$22,0))+(_xlfn.IFNA(VLOOKUP($A20,'Benefits Drivers'!$A$6:$F$13,6,FALSE)*M$20,0)) -> 0
A24: Subtotal Salaries, Wages and Benefits | B24: =SUM(B15:B23) -> 0 | C24: =SUM(C15:C23) -> 0 | D24: =SUM(D15:D23) -> 0 | E24: =+C24-D24 -> 0 | F24: =SUM(F15:F23) -> 0 | H24: =SUM(H15:H23) -> 0 | I24: =SUM(I15:I23) -> 0 | J24: =SUM(J15:J23) -> 0 | L24: =SUM(L15:L23) -> 0 | M24: =SUM(M15:M23) -> 0
A25: Operations (All ObjCodes except 01, 07, 21 and 25) | E25: =+C25-D25 -> 0
A26: Cost transfer invoices (CTIs) (21) | E26: =+C26-D26 -> 0
A27: Indirect Cost (25) | E27: =+C27-D27 -> 0
A28: TOTAL EXPENDITURES | B28: =SUM(B24:B27) -> 0 | C28: =SUM(C24:C27) -> 0 | D28: =SUM(D24:D27) -> 0 | E28: =+C28-D28 -> 0 | F28: =SUM(F24:F27) -> 0 | H28: =SUM(H24:H27) -> 0 | I28: =SUM(I24:I27) -> 0 | L28: =SUM(L24:L27) -> 0 | M28: =SUM(M24:M27) -> 0
A29: Net Contribution to (Use of) Fund Balance | B29: =+B11-B28 -> 0 | C29: =+C11-C28 -> 0 | D29: =+D11-D28 -> 0 | E29: =+C29-D29 -> 0 | F29: =+F11-F28 -> 0 | H29: =+H11-H28 -> 0 | I29: =+I11-I28 -> 0 | L29: =+L11-L28 -> 0 | M29: =+M11-M28 -> 0
A31: Opening Balance | C31: =+B33 -> 0 | D31: =+B33 -> 0 | E31: =+D31 -> 0 | F31: =+#REF! -> #REF! | H31: =+C33 -> 0 | I31: =+H33 -> 0 | L31: =+I33 -> 0 | M31: =+L33 -> 0
A32: Net Contribution to (Use of) Fund Balance | B32: =+B29 -> 0 | C32: =+C29 -> 0 | D32: =+D29 -> 0 | E32: =+E29 -> 0 | F32: =+F29 -> 0 | H32: =+H29 -> 0 | I32: =+I29 -> 0 | L32: =+L29 -> 0 | M32: =+M29 -> 0
A33: Closing Balance | B33: =+B31+B32 -> 0 | C33: =+C31+C32 -> 0 | D33: =+D31+D32 -> 0 | E33: =+E31+E32 -> 0 | F33: =+F31+F32 -> #REF! | H33: =+H31+H32 -> 0 | I33: =+I31+I32 -> 0 | L33: =+L31+L32 -> 0 | M33: =+M31+M32 -> 0

Sheet Gifts-Discretionary
A4: Instructions: 1) Please review the budget authority, expenditures, and transfers for your unit for FYs 20-21 and refer to Fiscal Vitality Process Guide at https://www.washington.edu/opb/uw-budget/annual-budgets/fy23-annual-review-materials/ for the data parameters and definitions that were used to generate these figures. For detailed amounts down to the budget number level or other data exploration, please see the Fiscal Vitality Budget Tableau report titled Export to Crosstab at https://bitools.uw.edu/#/site/Transitional/views/FiscalVitalityBudget/DocumentationandResources 2) The Central Budget Policies and Assumptions document is available at https://www.washington.edu/opb/uw-budget/annual-budgets/fy23-annual-review-materials/. If you use alternative assumptions, you should briefly explain them in the Annual Review Submission Portal.
A5: 3) Provide full revenue and expenditure plans for fiscal years 2022-2025 in the green colored cells. 4) The "Opening Balance" row reflects the beginning fund balance and is not included in the "revenue" line.
B6: Biennium 19 (Actuals/Plan) | H6: Biennium 21 (Plan) | L6: Biennium 23 (Plan)
B7: FY20 Actuals | C7: FY21 Actuals | D7: FY21 Submitted Plan | E7: FY21. Variance (Actuals Over [Under] Plan) | F7: Bien Total | H7: FY22 Plan | I7: FY23 Plan | J7: Bien Total | L7: FY24 Plan | M7: FY25 Plan | N7: Bien Total
A8: BUDGET AUTHORITY/REVENUES
A9: Gifts and Discretionary
A10: Revenue | E10: =+C10-D10 -> 0
A11: TOTAL REVENUES | B11: =SUM(B10:B10) -> 0 | C11: =SUM(C10:C10) -> 0 | D11: =SUM(D10:D10) -> 0 | E11: =SUM(E10:E10) -> 0 | F11: =SUM(F10:F10) -> 0 | H11: =SUM(H10:H10) -> 0 | I11: =SUM(I10:I10) -> 0 | J11: =SUM(J10:J10) -> 0 | L11: =SUM(L10:L10) -> 0 | M11: =SUM(M10:M10) -> 0
A13: EXPENDITURES
A14: Salaries, Wages and Benefits
A15: Faculty (01-10) | E15: =+C15-D15 -> 0
A16: Auxiliary teaching (01-20) | E16: =+C16-D16 -> 0
A17: Graduate Students (01-30, 01-40) | E17: =+C17-D17 -> 0
A18: Post-doc research trainee (01-50) | E18: =+C18-D18 -> 0
A19: Classified staff (01-60) | E19: =+C19-D19 -> 0
A20: Professional staff (01-70) | E20: =+C20-D20 -> 0
A21: Temporary staff (01-80) | E21: =+C21-D21 -> 0
A22: Pre-doc trainees (01-90) | E22: =+C22-D22 -> 0
A23: Employee Benefits (07) | E23: =+C23-D23 -> 0 | F23: =(_xlfn.IFNA(VLOOKUP($A15,'Benefits Drivers'!$A$6:$F$13,4,FALSE)*F$15,0))+(_xlfn.IFNA(VLOOKUP($A16,'Benefits Drivers'!$A$6:$F$13,4,FALSE)*F$16,0))+(_xlfn.IFNA(VLOOKUP($A17,'Benefits Drivers'!$A$6:$F$13,4,FALSE)*F$17,0))+(_xlfn.IFNA(VLOOKUP($A18,'Benefits Drivers'!$A$6:$F$13,4,FALSE)*F$18,0))+(_xlfn.IFNA(VLOOKUP($A19,'Benefits Drivers'!$A$6:$F$13,4,FALSE)*F$19,0))+(_xlfn.IFNA(VLOOKUP($A21,'Benefits Drivers'!$A$6:$F$13,4,FALSE)*F$21,0))+(_xlfn.IFNA(VLOOKUP($A22,'Benefits Drivers'!$A$6:$F$13,4,FALSE)*F$22,0))+(_xlfn.IFNA(VLOOKUP($A20,'Benefits Drivers'!$A$6:$F$13,4,FALSE)*F$20,0)) -> 0 | H23: =(_xlfn.IFNA(VLOOKUP($A15,'Benefits Drivers'!$A$6:$F$13,3,FALSE)*H$15,0))+(_xlfn.IFNA(VLOOKUP($A16,'Benefits Drivers'!$A$6:$F$13,3,FALSE)*H$16,0))+(_xlfn.IFNA(VLOOKUP($A17,'Benefits Drivers'!$A$6:$F$13,3,FALSE)*H$17,0))+(_xlfn.IFNA(VLOOKUP($A18,'Benefits Drivers'!$A$6:$F$13,3,FALSE)*H$18,0))+(_xlfn.IFNA(VLOOKUP($A19,'Benefits Drivers'!$A$6:$F$13,3,FALSE)*H$19,0))+(_xlfn.IFNA(VLOOKUP($A21,'Benefits Drivers'!$A$6:$F$13,3,FALSE)*H$21,0))+(_xlfn.IFNA(VLOOKUP($A22,'Benefits Drivers'!$A$6:$F$13,3,FALSE)*H$22,0))+(_xlfn.IFNA(VLOOKUP($A20,'Benefits Drivers'!$A$6:$F$13,3,FALSE)*H$20,0)) -> 0 | I23: =(_xlfn.IFNA(VLOOKUP($A15,'Benefits Drivers'!$A$6:$F$13,4,FALSE)*I$15,0))+(_xlfn.IFNA(VLOOKUP($A16,'Benefits Drivers'!$A$6:$F$13,4,FALSE)*I$16,0))+(_xlfn.IFNA(VLOOKUP($A17,'Benefits Drivers'!$A$6:$F$13,4,FALSE)*I$17,0))+(_xlfn.IFNA(VLOOKUP($A18,'Benefits Drivers'!$A$6:$F$13,4,FALSE)*I$18,0))+(_xlfn.IFNA(VLOOKUP($A19,'Benefits Drivers'!$A$6:$F$13,4,FALSE)*I$19,0))+(_xlfn.IFNA(VLOOKUP($A21,'Benefits Drivers'!$A$6:$F$13,4,FALSE)*I$21,0))+(_xlfn.IFNA(VLOOKUP($A22,'Benefits Drivers'!$A$6:$F$13,4,FALSE)*I$22,0))+(_xlfn.IFNA(VLOOKUP($A20,'Benefits Drivers'!$A$6:$F$13,4,FALSE)*I$20,0)) -> 0 | L23: =(_xlfn.IFNA(VLOOKUP($A15,'Benefits Drivers'!$A$6:$F$13,5,FALSE)*L$15,0))+(_xlfn.IFNA(VLOOKUP($A16,'Benefits Drivers'!$A$6:$F$13,5,FALSE)*L$16,0))+(_xlfn.IFNA(VLOOKUP($A17,'Benefits Drivers'!$A$6:$F$13,5,FALSE)*L$17,0))+(_xlfn.IFNA(VLOOKUP($A18,'Benefits Drivers'!$A$6:$F$13,5,FALSE)*L$18,0))+(_xlfn.IFNA(VLOOKUP($A19,'Benefits Drivers'!$A$6:$F$13,5,FALSE)*L$19,0))+(_xlfn.IFNA(VLOOKUP($A21,'Benefits Drivers'!$A$6:$F$13,5,FALSE)*L$21,0))+(_xlfn.IFNA(VLOOKUP($A22,'Benefits Drivers'!$A$6:$F$13,5,FALSE)*L$22,0))+(_xlfn.IFNA(VLOOKUP($A20,'Benefits Drivers'!$A$6:$F$13,5,FALSE)*L$20,0)) -> 0 | M23: =(_xlfn.IFNA(VLOOKUP($A15,'Benefits Drivers'!$A$6:$F$13,6,FALSE)*M$15,0))+(_xlfn.IFNA(VLOOKUP($A16,'Benefits Drivers'!$A$6:$F$13,6,FALSE)*M$16,0))+(_xlfn.IFNA(VLOOKUP($A17,'Benefits Drivers'!$A$6:$F$13,6,FALSE)*M$17,0))+(_xlfn.IFNA(VLOOKUP($A18,'Benefits Drivers'!$A$6:$F$13,6,FALSE)*M$18,0))+(_xlfn.IFNA(VLOOKUP($A19,'Benefits Drivers'!$A$6:$F$13,6,FALSE)*M$19,0))+(_xlfn.IFNA(VLOOKUP($A21,'Benefits Drivers'!$A$6:$F$13,6,FALSE)*M$21,0))+(_xlfn.IFNA(VLOOKUP($A22,'Benefits Drivers'!$A$6:$F$13,6,FALSE)*M$22,0))+(_xlfn.IFNA(VLOOKUP($A20,'Benefits Drivers'!$A$6:$F$13,6,FALSE)*M$20,0)) -> 0
A24: Subtotal Salaries, Wages and Benefits | B24: =SUM(B15:B23) -> 0 | C24: =SUM(C15:C23) -> 0 | D24: =SUM(D15:D23) -> 0 | E24: =+C24-D24 -> 0 | F24: =SUM(F15:F23) -> 0 | H24: =SUM(H15:H23) -> 0 | I24: =SUM(I15:I23) -> 0 | J24: =SUM(J15:J23) -> 0 | L24: =SUM(L15:L23) -> 0 | M24: =SUM(M15:M23) -> 0
A25: Operations (All ObjCodes except 01, 07, 21 and 25) | E25: =+C25-D25 -> 0
A26: Cost transfer invoices (CTIs) (21) | E26: =+C26-D26 -> 0
A27: Indirect Cost (25) | E27: =+C27-D27 -> 0
A28: TOTAL EXPENDITURES | B28: =SUM(B24:B27) -> 0 | C28: =SUM(C24:C27) -> 0 | D28: =SUM(D24:D27) -> 0 | E28: =+C28-D28 -> 0 | F28: =SUM(F24:F27) -> 0 | H28: =SUM(H24:H27) -> 0 | I28: =SUM(I24:I27) -> 0 | L28: =SUM(L24:L27) -> 0 | M28: =SUM(M24:M27) -> 0
A29: Net Contribution to (Use of) Fund Balance | B29: =+B11-B28 -> 0 | C29: =+C11-C28 -> 0 | D29: =+D11-D28 -> 0 | E29: =+C29-D29 -> 0 | F29: =+F11-F28 -> 0 | H29: =+H11-H28 -> 0 | I29: =+I11-I28 -> 0 | L29: =+L11-L28 -> 0 | M29: =+M11-M28 -> 0
A31: Opening Balance | C31: =+B33 -> 0 | D31: =+B33 -> 0 | E31: =+D31 -> 0 | F31: =+#REF! -> #REF! | H31: =+C33 -> 0 | I31: =+H33 -> 0 | L31: =+I33 -> 0 | M31: =+L33 -> 0
A32: Net Contribution to (Use of) Fund Balance | B32: =+B29 -> 0 | C32: =+C29 -> 0 | D32: =+D29 -> 0 | E32: =+E29 -> 0 | F32: =+F29 -> 0 | H32: =+H29 -> 0 | I32: =+I29 -> 0 | L32: =+L29 -> 0 | M32: =+M29 -> 0
A33: Closing Balance | B33: =+B31+B32 -> 0 | C33: =+C31+C32 -> 0 | D33: =+D31+D32 -> 0 | E33: =+E31+E32 -> 0 | F33: =+F31+F32 -> #REF! | H33: =+H31+H32 -> 0 | I33: =+I31+I32 -> 0 | L33: =+L31+L32 -> 0 | M33: =+M31+M32 -> 0

Sheet Self Sustaining
A4: Instructions: 1) Please review the budget authority, expenditures, and transfers for your unit for FYs 20-21 and refer to Fiscal Vitality Process Guide at https://www.washington.edu/opb/uw-budget/annual-budgets/fy23-annual-review-materials/ for the data parameters and definitions that were used to generate these figures. For detailed amounts down to the budget number level or other data exploration, please see the Fiscal Vitality Budget Tableau report titled Export to Crosstab at https://bitools.uw.edu/#/site/Transitional/views/FiscalVitalityBudget/DocumentationandResources 2) The Central Budget Policies and Assumptions document is available at https://www.washington.edu/opb/uw-budget/annual-budgets/fy23-annual-review-materials/. If you use alternative assumptions, you should briefly explain them in the Annual Review Submission Portal.
A5: 3) Provide full revenue and expenditure plans for fiscal years 2022-2025 in the green colored cells. 4) The "Opening Balance" row reflects the beginning fund balance and is not included in the "revenue" line.
B6: Biennium 19 (Actuals/Plan) | H6: Biennium 21 (Plan) | L6: Biennium 23 (Plan)
B7: FY20 Actuals | C7: FY21 Actuals | D7: FY21 Submitted Plan | E7: FY21. Variance (Actuals Over [Under] Plan) | F7: Bien Total | H7: FY22 Plan | I7: FY23 Plan | J7: Bien Total | L7: FY24 Plan | M7: FY25 Plan | N7: Bien Total
A8: BUDGET AUTHORITY/REVENUES
A9: Self Sustaining Activity
A10: Revenue | E10: =+C10-D10 -> 0
A11: TOTAL REVENUES | B11: =SUM(B10:B10) -> 0 | C11: =SUM(C10:C10) -> 0 | D11: =SUM(D10:D10) -> 0 | E11: =SUM(E10:E10) -> 0 | F11: =SUM(F10:F10) -> 0 | H11: =SUM(H10:H10) -> 0 | I11: =SUM(I10:I10) -> 0 | J11: =SUM(J10:J10) -> 0 | L11: =SUM(L10:L10) -> 0 | M11: =SUM(M10:M10) -> 0
A13: EXPENDITURES
A14: Salaries, Wages and Benefits
A15: Faculty (01-10) | E15: =+C15-D15 -> 0
A16: Auxiliary teaching (01-20) | E16: =+C16-D16 -> 0
A17: Graduate Students (01-30, 01-40) | E17: =+C17-D17 -> 0
A18: Post-doc research trainee (01-50) | E18: =+C18-D18 -> 0
A19: Classified staff (01-60) | E19: =+C19-D19 -> 0
A20: Professional staff (01-70) | E20: =+C20-D20 -> 0
A21: Temporary staff (01-80) | E21: =+C21-D21 -> 0
A22: Pre-doc trainees (01-90) | E22: =+C22-D22 -> 0
A23: Employee Benefits (07) | E23: =+C23-D23 -> 0 | F23: =(_xlfn.IFNA(VLOOKUP($A15,'Benefits Drivers'!$A$6:$F$13,4,FALSE)*F$15,0))+(_xlfn.IFNA(VLOOKUP($A16,'Benefits Drivers'!$A$6:$F$13,4,FALSE)*F$16,0))+(_xlfn.IFNA(VLOOKUP($A17,'Benefits Drivers'!$A$6:$F$13,4,FALSE)*F$17,0))+(_xlfn.IFNA(VLOOKUP($A18,'Benefits Drivers'!$A$6:$F$13,4,FALSE)*F$18,0))+(_xlfn.IFNA(VLOOKUP($A19,'Benefits Drivers'!$A$6:$F$13,4,FALSE)*F$19,0))+(_xlfn.IFNA(VLOOKUP($A21,'Benefits Drivers'!$A$6:$F$13,4,FALSE)*F$21,0))+(_xlfn.IFNA(VLOOKUP($A22,'Benefits Drivers'!$A$6:$F$13,4,FALSE)*F$22,0))+(_xlfn.IFNA(VLOOKUP($A20,'Benefits Drivers'!$A$6:$F$13,4,FALSE)*F$20,0)) -> 0 | H23: =(_xlfn.IFNA(VLOOKUP($A15,'Benefits Drivers'!$A$6:$F$13,3,FALSE)*H$15,0))+(_xlfn.IFNA(VLOOKUP($A16,'Benefits Drivers'!$A$6:$F$13,3,FALSE)*H$16,0))+(_xlfn.IFNA(VLOOKUP($A17,'Benefits Drivers'!$A$6:$F$13,3,FALSE)*H$17,0))+(_xlfn.IFNA(VLOOKUP($A18,'Benefits Drivers'!$A$6:$F$13,3,FALSE)*H$18,0))+(_xlfn.IFNA(VLOOKUP($A19,'Benefits Drivers'!$A$6:$F$13,3,FALSE)*H$19,0))+(_xlfn.IFNA(VLOOKUP($A21,'Benefits Drivers'!$A$6:$F$13,3,FALSE)*H$21,0))+(_xlfn.IFNA(VLOOKUP($A22,'Benefits Drivers'!$A$6:$F$13,3,FALSE)*H$22,0))+(_xlfn.IFNA(VLOOKUP($A20,'Benefits Drivers'!$A$6:$F$13,3,FALSE)*H$20,0)) -> 0 | I23: =(_xlfn.IFNA(VLOOKUP($A15,'Benefits Drivers'!$A$6:$F$13,4,FALSE)*I$15,0))+(_xlfn.IFNA(VLOOKUP($A16,'Benefits Drivers'!$A$6:$F$13,4,FALSE)*I$16,0))+(_xlfn.IFNA(VLOOKUP($A17,'Benefits Drivers'!$A$6:$F$13,4,FALSE)*I$17,0))+(_xlfn.IFNA(VLOOKUP($A18,'Benefits Drivers'!$A$6:$F$13,4,FALSE)*I$18,0))+(_xlfn.IFNA(VLOOKUP($A19,'Benefits Drivers'!$A$6:$F$13,4,FALSE)*I$19,0))+(_xlfn.IFNA(VLOOKUP($A21,'Benefits Drivers'!$A$6:$F$13,4,FALSE)*I$21,0))+(_xlfn.IFNA(VLOOKUP($A22,'Benefits Drivers'!$A$6:$F$13,4,FALSE)*I$22,0))+(_xlfn.IFNA(VLOOKUP($A20,'Benefits Drivers'!$A$6:$F$13,4,FALSE)*I$20,0)) -> 0 | L23: =(_xlfn.IFNA(VLOOKUP($A15,'Benefits Drivers'!$A$6:$F$13,5,FALSE)*L$15,0))+(_xlfn.IFNA(VLOOKUP($A16,'Benefits Drivers'!$A$6:$F$13,5,FALSE)*L$16,0))+(_xlfn.IFNA(VLOOKUP($A17,'Benefits Drivers'!$A$6:$F$13,5,FALSE)*L$17,0))+(_xlfn.IFNA(VLOOKUP($A18,'Benefits Drivers'!$A$6:$F$13,5,FALSE)*L$18,0))+(_xlfn.IFNA(VLOOKUP($A19,'Benefits Drivers'!$A$6:$F$13,5,FALSE)*L$19,0))+(_xlfn.IFNA(VLOOKUP($A21,'Benefits Drivers'!$A$6:$F$13,5,FALSE)*L$21,0))+(_xlfn.IFNA(VLOOKUP($A22,'Benefits Drivers'!$A$6:$F$13,5,FALSE)*L$22,0))+(_xlfn.IFNA(VLOOKUP($A20,'Benefits Drivers'!$A$6:$F$13,5,FALSE)*L$20,0)) -> 0 | M23: =(_xlfn.IFNA(VLOOKUP($A15,'Benefits Drivers'!$A$6:$F$13,6,FALSE)*M$15,0))+(_xlfn.IFNA(VLOOKUP($A16,'Benefits Drivers'!$A$6:$F$13,6,FALSE)*M$16,0))+(_xlfn.IFNA(VLOOKUP($A17,'Benefits Drivers'!$A$6:$F$13,6,FALSE)*M$17,0))+(_xlfn.IFNA(VLOOKUP($A18,'Benefits Drivers'!$A$6:$F$13,6,FALSE)*M$18,0))+(_xlfn.IFNA(VLOOKUP($A19,'Benefits Drivers'!$A$6:$F$13,6,FALSE)*M$19,0))+(_xlfn.IFNA(VLOOKUP($A21,'Benefits Drivers'!$A$6:$F$13,6,FALSE)*M$21,0))+(_xlfn.IFNA(VLOOKUP($A22,'Benefits Drivers'!$A$6:$F$13,6,FALSE)*M$22,0))+(_xlfn.IFNA(VLOOKUP($A20,'Benefits Drivers'!$A$6:$F$13,6,FALSE)*M$20,0)) -> 0
A24: Subtotal Salaries, Wages and Benefits | B24: =SUM(B15:B23) -> 0 | C24: =SUM(C15:C23) -> 0 | D24: =SUM(D15:D23) -> 0 | E24: =+C24-D24 -> 0 | F24: =SUM(F15:F23) -> 0 | H24: =SUM(H15:H23) -> 0 | I24: =SUM(I15:I23) -> 0 | J24: =SUM(J15:J23) -> 0 | L24: =SUM(L15:L23) -> 0 | M24: =SUM(M15:M23) -> 0
A25: Operations (All ObjCodes except 01, 07, 21 and 25) | E25: =+C25-D25 -> 0
A26: Cost transfer invoices (CTIs) (21) | E26: =+C26-D26 -> 0
A27: Indirect Cost (25) | E27: =+C27-D27 -> 0
A28: TOTAL EXPENDITURES | B28: =SUM(B24:B27) -> 0 | C28: =SUM(C24:C27) -> 0 | D28: =SUM(D24:D27) -> 0 | E28: =+C28-D28 -> 0 | F28: =SUM(F24:F27) -> 0 | H28: =SUM(H24:H27) -> 0 | I28: =SUM(I24:I27) -> 0 | L28: =SUM(L24:L27) -> 0 | M28: =SUM(M24:M27) -> 0
A29: Net Contribution to (Use of) Fund Balance | B29: =+B11-B28 -> 0 | C29: =+C11-C28 -> 0 | D29: =+D11-D28 -> 0 | E29: =+C29-D29 -> 0 | F29: =+F11-F28 -> 0 | H29: =+H11-H28 -> 0 | I29: =+I11-I28 -> 0 | L29: =+L11-L28 -> 0 | M29: =+M11-M28 -> 0
A31: Opening Balance | C31: =+B33 -> 0 | D31: =+B33 -> 0 | E31: =+D31 -> 0 | F31: =+#REF! -> #REF! | H31: =+C33 -> 0 | I31: =+H33 -> 0 | L31: =+I33 -> 0 | M31: =+L33 -> 0
A32: Net Contribution to (Use of) Fund Balance | B32: =+B29 -> 0 | C32: =+C29 -> 0 | D32: =+D29 -> 0 | E32: =+E29 -> 0 | F32: =+F29 -> 0 | H32: =+H29 -> 0 | I32: =+I29 -> 0 | L32: =+L29 -> 0 | M32: =+M29 -> 0
A33: Closing Balance | B33: =+B31+B32 -> 0 | C33: =+C31+C32 -> 0 | D33: =+D31+D32 -> 0 | E33: =+E31+E32 -> 0 | F33: =+F31+F32 -> #REF! | H33: =+H31+H32 -> 0 | I33: =+I31+I32 -> 0 | L33: =+L31+L32 -> 0 | M33: =+M31+M32 -> 0

Sheet UWC2 Fee Based Programs
A4: Instructions: 1) Please review the budget authority, expenditures, and transfers for your unit for FYs 20-21 and refer to Fiscal Vitality Process Guide at https://www.washington.edu/opb/uw-budget/annual-budgets/fy23-annual-review-materials/ for the data parameters and definitions that were used to generate these figures. For detailed amounts down to the budget number level or other data exploration, please see the Fiscal Vitality Budget Tableau report titled Export to Crosstab at https://bitools.uw.edu/#/site/Transitional/views/FiscalVitalityBudget/DocumentationandResources 2) The Central Budget Policies and Assumptions document is available at https://www.washington.edu/opb/uw-budget/annual-budgets/fy23-annual-review-materials/. If you use alternative assumptions, you should briefly explain them in the Annual Review Submission Portal.
A5: 3) Provide full revenue and expenditure plans for fiscal years 2022-2025 in the green colored cells. 4) This data represents fee based program activity, residing in org 255 Continuum College (UWC2), that has been parsed out into the “home” school/college. It does not reflect splits or exceptions made by UWC2 based on formulas or designated %’s in MOA’s. 5) The "Opening Balance" row reflects the beginning fund balance and is not included in the "revenue" line.
B6: Biennium 19 (Actuals/Plan) | H6: Biennium 21 (Plan) | L6: Biennium 23 (Plan)
B7: FY20 Actuals | C7: FY21 Actuals | D7: FY21 Submitted Plan | E7: FY21. Variance (Actuals Over [Under] Plan) | F7: Bien Total | H7: FY22 Plan | I7: FY23 Plan | J7: Bien Total | L7: FY24 Plan | M7: FY25 Plan | N7: Bien Total
A8: BUDGET AUTHORITY/REVENUES
A9: UWC2 Fee Based Programs
A10: Revenue | E10: =+C10-D10 -> 0
A11: TOTAL REVENUES | B11: =SUM(B10:B10) -> 0 | C11: =SUM(C10:C10) -> 0 | D11: =SUM(D10:D10) -> 0 | E11: =SUM(E10:E10) -> 0 | F11: =SUM(F10:F10) -> 0 | H11: =SUM(H10:H10) -> 0 | I11: =SUM(I10:I10) -> 0 | J11: =SUM(J10:J10) -> 0 | L11: =SUM(L10:L10) -> 0 | M11: =SUM(M10:M10) -> 0
A13: EXPENDITURES
A14: Salaries, Wages and Benefits
A15: Faculty (01-10) | E15: =+C15-D15 -> 0
A16: Auxiliary teaching (01-20) | E16: =+C16-D16 -> 0
A17: Graduate Students (01-30, 01-40) | E17: =+C17-D17 -> 0
A18: Post-doc research trainee (01-50) | E18: =+C18-D18 -> 0
A19: Classified staff (01-60) | E19: =+C19-D19 -> 0
A20: Professional staff (01-70) | E20: =+C20-D20 -> 0
A21: Temporary staff (01-80) | E21: =+C21-D21 -> 0
A22: Pre-doc trainees (01-90) | E22: =+C22-D22 -> 0
A23: Employee Benefits (07) | E23: =+C23-D23 -> 0 | F23: =(_xlfn.IFNA(VLOOKUP($A15,'Benefits Drivers'!$A$6:$F$13,4,FALSE)*F$15,0))+(_xlfn.IFNA(VLOOKUP($A16,'Benefits Drivers'!$A$6:$F$13,4,FALSE)*F$16,0))+(_xlfn.IFNA(VLOOKUP($A17,'Benefits Drivers'!$A$6:$F$13,4,FALSE)*F$17,0))+(_xlfn.IFNA(VLOOKUP($A18,'Benefits Drivers'!$A$6:$F$13,4,FALSE)*F$18,0))+(_xlfn.IFNA(VLOOKUP($A19,'Benefits Drivers'!$A$6:$F$13,4,FALSE)*F$19,0))+(_xlfn.IFNA(VLOOKUP($A21,'Benefits Drivers'!$A$6:$F$13,4,FALSE)*F$21,0))+(_xlfn.IFNA(VLOOKUP($A22,'Benefits Drivers'!$A$6:$F$13,4,FALSE)*F$22,0))+(_xlfn.IFNA(VLOOKUP($A20,'Benefits Drivers'!$A$6:$F$13,4,FALSE)*F$20,0)) -> 0 | H23: =(_xlfn.IFNA(VLOOKUP($A15,'Benefits Drivers'!$A$6:$F$13,3,FALSE)*H$15,0))+(_xlfn.IFNA(VLOOKUP($A16,'Benefits Drivers'!$A$6:$F$13,3,FALSE)*H$16,0))+(_xlfn.IFNA(VLOOKUP($A17,'Benefits Drivers'!$A$6:$F$13,3,FALSE)*H$17,0))+(_xlfn.IFNA(VLOOKUP($A18,'Benefits Drivers'!$A$6:$F$13,3,FALSE)*H$18,0))+(_xlfn.IFNA(VLOOKUP($A19,'Benefits Drivers'!$A$6:$F$13,3,FALSE)*H$19,0))+(_xlfn.IFNA(VLOOKUP($A21,'Benefits Drivers'!$A$6:$F$13,3,FALSE)*H$21,0))+(_xlfn.IFNA(VLOOKUP($A22,'Benefits Drivers'!$A$6:$F$13,3,FALSE)*H$22,0))+(_xlfn.IFNA(VLOOKUP($A20,'Benefits Drivers'!$A$6:$F$13,3,FALSE)*H$20,0)) -> 0 | I23: =(_xlfn.IFNA(VLOOKUP($A15,'Benefits Drivers'!$A$6:$F$13,4,FALSE)*I$15,0))+(_xlfn.IFNA(VLOOKUP($A16,'Benefits Drivers'!$A$6:$F$13,4,FALSE)*I$16,0))+(_xlfn.IFNA(VLOOKUP($A17,'Benefits Drivers'!$A$6:$F$13,4,FALSE)*I$17,0))+(_xlfn.IFNA(VLOOKUP($A18,'Benefits Drivers'!$A$6:$F$13,4,FALSE)*I$18,0))+(_xlfn.IFNA(VLOOKUP($A19,'Benefits Drivers'!$A$6:$F$13,4,FALSE)*I$19,0))+(_xlfn.IFNA(VLOOKUP($A21,'Benefits Drivers'!$A$6:$F$13,4,FALSE)*I$21,0))+(_xlfn.IFNA(VLOOKUP($A22,'Benefits Drivers'!$A$6:$F$13,4,FALSE)*I$22,0))+(_xlfn.IFNA(VLOOKUP($A20,'Benefits Drivers'!$A$6:$F$13,4,FALSE)*I$20,0)) -> 0 | L23: =(_xlfn.IFNA(VLOOKUP($A15,'Benefits Drivers'!$A$6:$F$13,5,FALSE)*L$15,0))+(_xlfn.IFNA(VLOOKUP($A16,'Benefits Drivers'!$A$6:$F$13,5,FALSE)*L$16,0))+(_xlfn.IFNA(VLOOKUP($A17,'Benefits Drivers'!$A$6:$F$13,5,FALSE)*L$17,0))+(_xlfn.IFNA(VLOOKUP($A18,'Benefits Drivers'!$A$6:$F$13,5,FALSE)*L$18,0))+(_xlfn.IFNA(VLOOKUP($A19,'Benefits Drivers'!$A$6:$F$13,5,FALSE)*L$19,0))+(_xlfn.IFNA(VLOOKUP($A21,'Benefits Drivers'!$A$6:$F$13,5,FALSE)*L$21,0))+(_xlfn.IFNA(VLOOKUP($A22,'Benefits Drivers'!$A$6:$F$13,5,FALSE)*L$22,0))+(_xlfn.IFNA(VLOOKUP($A20,'Benefits Drivers'!$A$6:$F$13,5,FALSE)*L$20,0)) -> 0 | M23: =(_xlfn.IFNA(VLOOKUP($A15,'Benefits Drivers'!$A$6:$F$13,6,FALSE)*M$15,0))+(_xlfn.IFNA(VLOOKUP($A16,'Benefits Drivers'!$A$6:$F$13,6,FALSE)*M$16,0))+(_xlfn.IFNA(VLOOKUP($A17,'Benefits Drivers'!$A$6:$F$13,6,FALSE)*M$17,0))+(_xlfn.IFNA(VLOOKUP($A18,'Benefits Drivers'!$A$6:$F$13,6,FALSE)*M$18,0))+(_xlfn.IFNA(VLOOKUP($A19,'Benefits Drivers'!$A$6:$F$13,6,FALSE)*M$19,0))+(_xlfn.IFNA(VLOOKUP($A21,'Benefits Drivers'!$A$6:$F$13,6,FALSE)*M$21,0))+(_xlfn.IFNA(VLOOKUP($A22,'Benefits Drivers'!$A$6:$F$13,6,FALSE)*M$22,0))+(_xlfn.IFNA(VLOOKUP($A20,'Benefits Drivers'!$A$6:$F$13,6,FALSE)*M$20,0)) -> 0
A24: Subtotal Salaries, Wages and Benefits | B24: =SUM(B15:B23) -> 0 | C24: =SUM(C15:C23) -> 0 | D24: =SUM(D15:D23) -> 0 | E24: =+C24-D24 -> 0 | F24: =SUM(F15:F23) -> 0 | H24: =SUM(H15:H23) -> 0 | I24: =SUM(I15:I23) -> 0 | J24: =SUM(J15:J23) -> 0 | L24: =SUM(L15:L23) -> 0 | M24: =SUM(M15:M23) -> 0
A25: Operations (All ObjCodes except 01, 07, 21 and 25) | E25: =+C25-D25 -> 0
A26: Cost transfer invoices (CTIs) (21) | E26: =+C26-D26 -> 0
A27: Indirect Cost (25) | E27: =+C27-D27 -> 0
A28: TOTAL EXPENDITURES | B28: =SUM(B24:B27) -> 0 | C28: =SUM(C24:C27) -> 0 | D28: =SUM(D24:D27) -> 0 | E28: =+C28-D28 -> 0 | F28: =SUM(F24:F27) -> 0 | H28: =SUM(H24:H27) -> 0 | I28: =SUM(I24:I27) -> 0 | L28: =SUM(L24:L27) -> 0 | M28: =SUM(M24:M27) -> 0
A29: Net Contribution to (Use of) Fund Balance | B29: =+B11-B28 -> 0 | C29: =+C11-C28 -> 0 | D29: =+D11-D28 -> 0 | E29: =+C29-D29 -> 0 | F29: =+F11-F28 -> 0 | H29: =+H11-H28 -> 0 | I29: =+I11-I28 -> 0 | L29: =+L11-L28 -> 0 | M29: =+M11-M28 -> 0
A31: Opening Balance | C31: =+B33 -> 0 | D31: =+B33 -> 0 | E31: =+D31 -> 0 | F31: =+#REF! -> #REF! | H31: =+C33 -> 0 | I31: =+H33 -> 0 | L31: =+I33 -> 0 | M31: =+L33 -> 0
A32: Net Contribution to (Use of) Fund Balance | B32: =+B29 -> 0 | C32: =+C29 -> 0 | D32: =+D29 -> 0 | E32: =+E29 -> 0 | F32: =+F29 -> 0 | H32: =+H29 -> 0 | I32: =+I29 -> 0 | L32: =+L29 -> 0 | M32: =+M29 -> 0
A33: Closing Balance | B33: =+B31+B32 -> 0 | C33: =+C31+C32 -> 0 | D33: =+D31+D32 -> 0 | E33: =+E31+E32 -> 0 | F33: =+F31+F32 -> #REF! | H33: =+H31+H32 -> 0 | I33: =+I31+I32 -> 0 | L33: =+L31+L32 -> 0 | M33: =+M31+M32 -> 0

Sheet Practice Plan
A4: Instructions: 1) Please review the budget authority, expenditures, and transfers for your unit for FYs 20-21 and refer to Fiscal Vitality Process Guide at https://www.washington.edu/opb/uw-budget/annual-budgets/fy23-annual-review-materials/ for the data parameters and definitions that were used to generate these figures. For detailed amounts down to the budget number level or other data exploration, please see the Fiscal Vitality Budget Tableau report titled Export to Crosstab at https://bitools.uw.edu/#/site/Transitional/views/FiscalVitalityBudget/DocumentationandResources 2) The Central Budget Policies and Assumptions document is available at https://www.washington.edu/opb/uw-budget/annual-budgets/fy23-annual-review-materials/. If you use alternative assumptions, you should briefly explain them in the Annual Review Submission Portal.
A5: 3) Provide full revenue and expenditure plans for fiscal years 2022-2025 in the green colored cells. 4) The "Opening Balance" row reflects the beginning fund balance and is not included in the "revenue" line.
B6: Biennium 19 (Actuals/Plan) | H6: Biennium 21 (Plan) | L6: Biennium 23 (Plan)
B7: FY20 Actuals | C7: FY21 Actuals | D7: FY21 Submitted Plan | E7: FY21. Variance (Actuals Over [Under] Plan) | F7: Bien Total | H7: FY22 Plan | I7: FY23 Plan | J7: Bien Total | L7: FY24 Plan | M7: FY25 Plan | N7: Bien Total
A8: BUDGET AUTHORITY/REVENUES
A9: Practice Plan Dept of Public Assistance
A10: Revenue | E10: =+C10-D10 -> 0
A11: TOTAL REVENUES | B11: =SUM(B10:B10) -> 0 | C11: =SUM(C10:C10) -> 0 | D11: =SUM(D10:D10) -> 0 | E11: =SUM(E10:E10) -> 0 | F11: =SUM(F10:F10) -> 0 | H11: =SUM(H10:H10) -> 0 | I11: =SUM(I10:I10) -> 0 | J11: =SUM(J10:J10) -> 0 | L11: =SUM(L10:L10) -> 0 | M11: =SUM(M10:M10) -> 0
A13: EXPENDITURES
A14: Salaries, Wages and Benefits
A15: Faculty (01-10) | E15: =+C15-D15 -> 0
A16: Auxiliary teaching (01-20) | E16: =+C16-D16 -> 0
A17: Graduate Students (01-30, 01-40) | E17: =+C17-D17 -> 0
A18: Post-doc research trainee (01-50) | E18: =+C18-D18 -> 0
A19: Classified staff (01-60) | E19: =+C19-D19 -> 0
A20: Professional staff (01-70) | E20: =+C20-D20 -> 0
A21: Temporary staff (01-80) | E21: =+C21-D21 -> 0
A22: Pre-doc trainees (01-90) | E22: =+C22-D22 -> 0
A23: Employee Benefits (07) | E23: =+C23-D23 -> 0 | F23: =(_xlfn.IFNA(VLOOKUP($A15,'Benefits Drivers'!$A$6:$F$13,4,FALSE)*F$15,0))+(_xlfn.IFNA(VLOOKUP($A16,'Benefits Drivers'!$A$6:$F$13,4,FALSE)*F$16,0))+(_xlfn.IFNA(VLOOKUP($A17,'Benefits Drivers'!$A$6:$F$13,4,FALSE)*F$17,0))+(_xlfn.IFNA(VLOOKUP($A18,'Benefits Drivers'!$A$6:$F$13,4,FALSE)*F$18,0))+(_xlfn.IFNA(VLOOKUP($A19,'Benefits Drivers'!$A$6:$F$13,4,FALSE)*F$19,0))+(_xlfn.IFNA(VLOOKUP($A21,'Benefits Drivers'!$A$6:$F$13,4,FALSE)*F$21,0))+(_xlfn.IFNA(VLOOKUP($A22,'Benefits Drivers'!$A$6:$F$13,4,FALSE)*F$22,0))+(_xlfn.IFNA(VLOOKUP($A20,'Benefits Drivers'!$A$6:$F$13,4,FALSE)*F$20,0)) -> 0 | H23: =(_xlfn.IFNA(VLOOKUP($A15,'Benefits Drivers'!$A$6:$F$13,3,FALSE)*H$15,0))+(_xlfn.IFNA(VLOOKUP($A16,'Benefits Drivers'!$A$6:$F$13,3,FALSE)*H$16,0))+(_xlfn.IFNA(VLOOKUP($A17,'Benefits Drivers'!$A$6:$F$13,3,FALSE)*H$17,0))+(_xlfn.IFNA(VLOOKUP($A18,'Benefits Drivers'!$A$6:$F$13,3,FALSE)*H$18,0))+(_xlfn.IFNA(VLOOKUP($A19,'Benefits Drivers'!$A$6:$F$13,3,FALSE)*H$19,0))+(_xlfn.IFNA(VLOOKUP($A21,'Benefits Drivers'!$A$6:$F$13,3,FALSE)*H$21,0))+(_xlfn.IFNA(VLOOKUP($A22,'Benefits Drivers'!$A$6:$F$13,3,FALSE)*H$22,0))+(_xlfn.IFNA(VLOOKUP($A20,'Benefits Drivers'!$A$6:$F$13,3,FALSE)*H$20,0)) -> 0 | I23: =(_xlfn.IFNA(VLOOKUP($A15,'Benefits Drivers'!$A$6:$F$13,4,FALSE)*I$15,0))+(_xlfn.IFNA(VLOOKUP($A16,'Benefits Drivers'!$A$6:$F$13,4,FALSE)*I$16,0))+(_xlfn.IFNA(VLOOKUP($A17,'Benefits Drivers'!$A$6:$F$13,4,FALSE)*I$17,0))+(_xlfn.IFNA(VLOOKUP($A18,'Benefits Drivers'!$A$6:$F$13,4,FALSE)*I$18,0))+(_xlfn.IFNA(VLOOKUP($A19,'Benefits Drivers'!$A$6:$F$13,4,FALSE)*I$19,0))+(_xlfn.IFNA(VLOOKUP($A21,'Benefits Drivers'!$A$6:$F$13,4,FALSE)*I$21,0))+(_xlfn.IFNA(VLOOKUP($A22,'Benefits Drivers'!$A$6:$F$13,4,FALSE)*I$22,0))+(_xlfn.IFNA(VLOOKUP($A20,'Benefits Drivers'!$A$6:$F$13,4,FALSE)*I$20,0)) -> 0 | L23: =(_xlfn.IFNA(VLOOKUP($A15,'Benefits Drivers'!$A$6:$F$13,5,FALSE)*L$15,0))+(_xlfn.IFNA(VLOOKUP($A16,'Benefits Drivers'!$A$6:$F$13,5,FALSE)*L$16,0))+(_xlfn.IFNA(VLOOKUP($A17,'Benefits Drivers'!$A$6:$F$13,5,FALSE)*L$17,0))+(_xlfn.IFNA(VLOOKUP($A18,'Benefits Drivers'!$A$6:$F$13,5,FALSE)*L$18,0))+(_xlfn.IFNA(VLOOKUP($A19,'Benefits Drivers'!$A$6:$F$13,5,FALSE)*L$19,0))+(_xlfn.IFNA(VLOOKUP($A21,'Benefits Drivers'!$A$6:$F$13,5,FALSE)*L$21,0))+(_xlfn.IFNA(VLOOKUP($A22,'Benefits Drivers'!$A$6:$F$13,5,FALSE)*L$22,0))+(_xlfn.IFNA(VLOOKUP($A20,'Benefits Drivers'!$A$6:$F$13,5,FALSE)*L$20,0)) -> 0 | M23: =(_xlfn.IFNA(VLOOKUP($A15,'Benefits Drivers'!$A$6:$F$13,6,FALSE)*M$15,0))+(_xlfn.IFNA(VLOOKUP($A16,'Benefits Drivers'!$A$6:$F$13,6,FALSE)*M$16,0))+(_xlfn.IFNA(VLOOKUP($A17,'Benefits Drivers'!$A$6:$F$13,6,FALSE)*M$17,0))+(_xlfn.IFNA(VLOOKUP($A18,'Benefits Drivers'!$A$6:$F$13,6,FALSE)*M$18,0))+(_xlfn.IFNA(VLOOKUP($A19,'Benefits Drivers'!$A$6:$F$13,6,FALSE)*M$19,0))+(_xlfn.IFNA(VLOOKUP($A21,'Benefits Drivers'!$A$6:$F$13,6,FALSE)*M$21,0))+(_xlfn.IFNA(VLOOKUP($A22,'Benefits Drivers'!$A$6:$F$13,6,FALSE)*M$22,0))+(_xlfn.IFNA(VLOOKUP($A20,'Benefits Drivers'!$A$6:$F$13,6,FALSE)*M$20,0)) -> 0
A24: Subtotal Salaries, Wages and Benefits | B24: =SUM(B15:B23) -> 0 | C24: =SUM(C15:C23) -> 0 | D24: =SUM(D15:D23) -> 0 | E24: =+C24-D24 -> 0 | F24: =SUM(F15:F23) -> 0 | H24: =SUM(H15:H23) -> 0 | I24: =SUM(I15:I23) -> 0 | J24: =SUM(J15:J23) -> 0 | L24: =SUM(L15:L23) -> 0 | M24: =SUM(M15:M23) -> 0
A25: Operations (All ObjCodes except 01, 07, 21 and 25) | E25: =+C25-D25 -> 0
A26: Cost transfer invoices (CTIs) (21) | E26: =+C26-D26 -> 0
A27: Indirect Cost (25) | E27: =+C27-D27 -> 0
A28: TOTAL EXPENDITURES | B28: =SUM(B24:B27) -> 0 | C28: =SUM(C24:C27) -> 0 | D28: =SUM(D24:D27) -> 0 | E28: =+C28-D28 -> 0 | F28: =SUM(F24:F27) -> 0 | H28: =SUM(H24:H27) -> 0 | I28: =SUM(I24:I27) -> 0 | L28: =SUM(L24:L27) -> 0 | M28: =SUM(M24:M27) -> 0
A29: Net Contribution to (Use of) Fund Balance | B29: =+B11-B28 -> 0 | C29: =+C11-C28 -> 0 | D29: =+D11-D28 -> 0 | E29: =+C29-D29 -> 0 | F29: =+F11-F28 -> 0 | H29: =+H11-H28 -> 0 | I29: =+I11-I28 -> 0 | L29: =+L11-L28 -> 0 | M29: =+M11-M28 -> 0
A31: Opening Balance | C31: =+B33 -> 0 | D31: =+B33 -> 0 | E31: =+D31 -> 0 | F31: =+#REF! -> #REF! | H31: =+C33 -> 0 | I31: =+H33 -> 0 | L31: =+I33 -> 0 | M31: =+L33 -> 0
A32: Net Contribution to (Use of) Fund Balance | B32: =+B29 -> 0 | C32: =+C29 -> 0 | D32: =+D29 -> 0 | E32: =+E29 -> 0 | F32: =+F29 -> 0 | H32: =+H29 -> 0 | I32: =+I29 -> 0 | L32: =+L29 -> 0 | M32: =+M29 -> 0
A33: Closing Balance | B33: =+B31+B32 -> 0 | C33: =+C31+C32 -> 0 | D33: =+D31+D32 -> 0 | E33: =+E31+E32 -> 0 | F33: =+F31+F32 -> #REF! | H33: =+H31+H32 -> 0 | I33: =+I31+I32 -> 0 | L33: =+L31+L32 -> 0 | M33: =+M31+M32 -> 0

Sheet Carryover Plan
A1: University of Washington
A2: Summary of Planned GOF/DOF Carryover Balance Usage and Commitments
A3: Instructions: Please provide a list of planned uses of your unit's GOF/DOF carryover balance, by fiscal year. Any amounts entered in the "Uncommitted Carryover Balance Held In Reserve" line should reflect the balance your unit truly has uncommitted to a specific use or uncommitted to a specific ILP loan covenant. For carryover amounts committed to a specific purpose, please select a "category" from the in-cell dropdown list that most closely matches your commitment type. You have the opportunity to provide additional detail in your Annual Review Narrative response, if necessary.
F6: Biennium 21 | J6: Biennium 23
F7: FY22 Plan | G7: FY23 Plan | H7: Bien Total | J7: FY24 Plan | K7: FY25 Plan
A8: Beginning GOF/DOF Carryover Balance | F8: =+GOF!H32+DOF!H32 -> 0 | G8: =+GOF!I32+DOF!I32 -> 0 | J8: =+GOF!L32+DOF!L32 -> 0 | K8: =+GOF!M32+DOF!M32 -> 0
A10: Less: Uncommitted Carryover Balance Held In Reserve1
A12: Equals: Carryover Available For Specific Use | F12: =+F8-F10 -> 0 | G12: =+G8-G10 -> 0 | J12: =+J8-J10 -> 0 | K12: =+K8-K10 -> 0
A14: Description - Planned Uses of Carryover Balance | C14: FTE (if applicable) | D14: Category (Choose One)
A15: 1
A16: 2
A17: 3
A18: 4
A19: 5
A20: 6
A21: 7
A22: 8
A23: 9
A24: 10
A25: 11
A26: 12
... A54: 40
A55: Total Commitments of Carryover | F55: =SUM(F15:F54) -> 0 | G55: =SUM(G15:G54) -> 0 | J55: =SUM(J15:J54) -> 0 | K55: =SUM(K15:K54) -> 0
B58: Remaining Amount to Allocate (Check Figure) - Must = 0 before submitting file | F58: =+F8-F10-F55 -> 0 | G58: =+G8-G10-G55 -> 0 | H58: =+H8-H10-H55 -> 0 | J58: =+J8-J10-J55 -> 0 | K58: =+K8-K10-K55 -> 0
B60: Uncommitted | F60: =+F10 -> 0 | G60: =+G10 -> 0 | H60: =+H10 -> 0 | J60: =+J10 -> 0 | K60: =+K10 -> 0
B61: Faculty Startup Commitments | F61: =SUMIFS(F$15:F$54,$D$15:$D$54,$B61) -> 0 | G61: =SUMIFS(G$15:G$54,$D$15:$D$54,$B61) -> 0 | J61: =SUMIFS(J$15:J$54,$D$15:$D$54,$B61) -> 0 | K61: =SUMIFS(K$15:K$54,$D$15:$D$54,$B61) -> 0
B62: Equipment | F62: =SUMIFS(F$15:F$54,$D$15:$D$54,$B62) -> 0 | G62: =SUMIFS(G$15:G$54,$D$15:$D$54,$B62) -> 0 | J62: =SUMIFS(J$15:J$54,$D$15:$D$54,$B62) -> 0 | K62: =SUMIFS(K$15:K$54,$D$15:$D$54,$B62) -> 0
B63: Facility/Space Investments | F63: =SUMIFS(F$15:F$54,$D$15:$D$54,$B63) -> 0 | G63: =SUMIFS(G$15:G$54,$D$15:$D$54,$B63) -> 0 | J63: =SUMIFS(J$15:J$54,$D$15:$D$54,$B63) -> 0 | K63: =SUMIFS(K$15:K$54,$D$15:$D$54,$B63) -> 0
B64: Professional Development | F64: =SUMIFS(F$15:F$54,$D$15:$D$54,$B64) -> 0 | G64: =SUMIFS(G$15:G$54,$D$15:$D$54,$B64) -> 0 | J64: =SUMIFS(J$15:J$54,$D$15:$D$54,$B64) -> 0 | K64: =SUMIFS(K$15:K$54,$D$15:$D$54,$B64) -> 0
B65: Recruitment | F65: =SUMIFS(F$15:F$54,$D$15:$D$54,$B65) -> 0 | G65: =SUMIFS(G$15:G$54,$D$15:$D$54,$B65) -> 0 | J65: =SUMIFS(J$15:J$54,$D$15:$D$54,$B65) -> 0 | K65: =SUMIFS(K$15:K$54,$D$15:$D$54,$B65) -> 0
B66: Research Initiatives | F66: =SUMIFS(F$15:F$54,$D$15:$D$54,$B66) -> 0 | G66: =SUMIFS(G$15:G$54,$D$15:$D$54,$B66) -> 0 | J66: =SUMIFS(J$15:J$54,$D$15:$D$54,$B66) -> 0 | K66: =SUMIFS(K$15:K$54,$D$15:$D$54,$B66) -> 0
B67: Initiatives, other than Research | F67: =SUMIFS(F$15:F$54,$D$15:$D$54,$B67) -> 0 | G67: =SUMIFS(G$15:G$54,$D$15:$D$54,$B67) -> 0 | J67: =SUMIFS(J$15:J$54,$D$15:$D$54,$B67) -> 0 | K67: =SUMIFS(K$15:K$54,$D$15:$D$54,$B67) -> 0
B68: Temporary Salaries & Benefits | F68: =SUMIFS(F$15:F$54,$D$15:$D$54,$B68) -> 0 | G68: =SUMIFS(G$15:G$54,$D$15:$D$54,$B68) -> 0 | J68: =SUMIFS(J$15:J$54,$D$15:$D$54,$B68) -> 0 | K68: =SUMIFS(K$15:K$54,$D$15:$D$54,$B68) -> 0
B69: Workday HR/FT | F69: =SUMIFS(F$15:F$54,$D$15:$D$54,$B69) -> 0 | G69: =SUMIFS(G$15:G$54,$D$15:$D$54,$B69) -> 0 | J69: =SUMIFS(J$15:J$54,$D$15:$D$54,$B69) -> 0 | K69: =SUMIFS(K$15:K$54,$D$15:$D$54,$B69) -> 0
B70: Other (be specific in description) | F70: =SUMIFS(F$15:F$54,$D$15:$D$54,$B70) -> 0 | G70: =SUMIFS(G$15:G$54,$D$15:$D$54,$B70) -> 0 | J70: =SUMIFS(J$15:J$54,$D$15:$D$54,$B70) -> 0 | K70: =SUMIFS(K$15:K$54,$D$15:$D$54,$B70) -> 0
B71: Category not provided | F71: =SUMIFS(F$15:F$54,$D$15:$D$54,$D71) -> 0 | G71: =SUMIFS(G$15:G$54,$D$15:$D$54,$D71) -> 0 | J71: =SUMIFS(J$15:J$54,$D$15:$D$54,$D71) -> 0 | K71: =SUMIFS(K$15:K$54,$D$15:$D$54,$D71) -> 0
B72: Committed to a Specific Use | F72: =SUM(F61:F71) -> 0 | G72: =SUM(G61:G71) -> 0 | J72: =SUM(J61:J71) -> 0 | K72: =SUM(K61:K71) -> 0
B74: % Committed | F74: =IFERROR(+F72/F8,"") | G74: =IFERROR(+G72/G8,"") | H74: =IFERROR(+H72/H8,"") | J74: =IFERROR(+J72/J8,"") | K74: =IFERROR(+K72/K8,"")
B75: % Uncommitted | F75: =IFERROR(F60/F8,"") | G75: =IFERROR(G60/G8,"") | H75: =IFERROR(H60/H8,"") | J75: =IFERROR(J60/J8,"") | K75: =IFERROR(K60/K8,"")
A77: 1. Current policy suggests that Seattle units maintain uncommitted reserve levels of 10% of permanent GOF/DOF. This policy is subject to change. Reference https://www.washington.edu/opb/uw-budget/budget-policies/ for details.

Sheet CO Use List
A1: Carryover Use Categories
A3: Faculty Startup Commitments
A4: Equipment
A5: Facility/Space Investments
A6: Professional Development
A7: Recruitment
A8: Research Initiatives
A9: Initiatives, other than Research
A10: Temporary Salaries & Benefits
A11: Workday HR/FT
A12: Debt Covenant Requirement
A13: Other (be specific in description)

Sheet OPB Analysis Tab
B4: Unit Reviewed
B5: Reviewed By | M5: GOF | P5: FY20 | Q5: FY21 | R5: FY22 | S5: FY23 | T5: FY24 | U5: FY25
B6: Peer Reviewed By: | H6: **Do Not Modify Sheet** | N6: Revenues/Budget Authority | P6: =+GOF!B12 -> 0 | Q6: =+GOF!C12 -> 0 | R6: =+GOF!H12 -> 0 | S6: =+GOF!I12 -> 0 | T6: =+GOF!L12 -> 0 | U6: =+GOF!M12 -> 0
O7: Net Change | Q7: =IFERROR((Q6-P6)/P6,"") | R7: =IFERROR((R6-Q6)/Q6,"") | S7: =IFERROR((S6-R6)/R6,"") | T7: =IFERROR((T6-S6)/S6,"") | U7: =IFERROR((U6-T6)/T6,"")
A8: Analyst Confirmations | N8: Expenditures | P8: =+GOF!B29 -> 0 | Q8: =+GOF!C29 -> 0 | R8: =+GOF!H29 -> 0 | S8: =+GOF!I29 -> 0 | T8: =+GOF!L29 -> 0 | U8: =+GOF!M29 -> 0
A9: General Observations & Reviewer Comments | O9: Net Change | Q9: =IFERROR((Q8-P8)/P8,"") | R9: =IFERROR((R8-Q8)/Q8,"") | S9: =IFERROR((S8-R8)/R8,"") | T9: =IFERROR((T8-S8)/S8,"") | U9: =IFERROR((U8-T8)/T8,"")
N10: Surplus (Deficit) | P10: =+P6-P8 -> 0 | Q10: =+Q6-Q8 -> 0 | R10: =+R6-R8 -> 0 | S10: =+S6-S8 -> 0 | T10: =+T6-T8 -> 0 | U10: =+U6-U8 -> 0
O11: Net Change | Q11: =IFERROR(IF(Q10<0,(Q10-P10)/ABS(P10),(Q10-P10)/(P10)),"") | R11: =IFERROR(IF(R10<0,(R10-Q10)/ABS(Q10),(R10-Q10)/(Q10)),"") | S11: =IFERROR(IF(S10<0,(S10-R10)/ABS(R10),(S10-R10)/(R10)),"") | T11: =IFERROR(IF(T10<0,(T10-S10)/ABS(S10),(T10-S10)/(S10)),"") | U11: =IFERROR(IF(U10<0,(U10-T10)/ABS(T10),(U10-T10)/(T10)),"")
M13: GOF Provisos | P13: FY20 | Q13: FY21 | R13: FY22 | S13: FY23 | T13: FY24 | U13: FY25
N14: Revenues/Budget Authority | P14: =+'GOF Provisos'!B12 -> 0 | Q14: =+'GOF Provisos'!C12 -> 0 | R14: =+'GOF Provisos'!H12 -> 0 | S14: =+'GOF Provisos'!I12 -> 0 | T14: =+'GOF Provisos'!L12 -> 0 | U14: =+'GOF Provisos'!M12 -> 0
O15: Net Change | Q15: =IFERROR((Q14-P14)/P14,"") | R15: =IFERROR((R14-Q14)/Q14,"") | S15: =IFERROR((S14-R14)/R14,"") | T15: =IFERROR((T14-S14)/S14,"") | U15: =IFERROR((U14-T14)/T14,"")
N16: Expenditures | P16: =+'GOF Provisos'!B29 -> 0 | Q16: =+'GOF Provisos'!C29 -> 0 | R16: =+'GOF Provisos'!H29 -> 0 | S16: =+'GOF Provisos'!I29 -> 0 | T16: =+'GOF Provisos'!L29 -> 0 | U16: =+'GOF Provisos'!M29 -> 0
O17: Net Change | Q17: =IFERROR((Q16-P16)/P16,"") | R17: =IFERROR((R16-Q16)/Q16,"") | S17: =IFERROR((S16-R16)/R16,"") | T17: =IFERROR((T16-S16)/S16,"") | U17: =IFERROR((U16-T16)/T16,"")
N18: Surplus (Deficit) | P18: =+P14-P16 -> 0 | Q18: =+Q14-Q16 -> 0 | R18: =+R14-R16 -> 0 | S18: =+S14-S16 -> 0 | T18: =+T14-T16 -> 0 | U18: =+U14-U16 -> 0
O19: Net Change | Q19: =IFERROR(IF(Q18<0,(Q18-P18)/ABS(P18),(Q18-P18)/(P18)),"") | R19: =IFERROR(IF(R18<0,(R18-Q18)/ABS(Q18),(R18-Q18)/(Q18)),"") | S19: =IFERROR(IF(S18<0,(S18-R18)/ABS(R18),(S18-R18)/(R18)),"") | T19: =IFERROR(IF(T18<0,(T18-S18)/ABS(S18),(T18-S18)/(S18)),"") | U19: =IFERROR(IF(U18<0,(U18-T18)/ABS(T18),(U18-T18)/(T18)),"")
A20: Qualitative Assessment Observations
M21: DOF | P21: FY20 | Q21: FY21 | R21: FY22 | S21: FY23 | T21: FY24 | U21: FY25
N22: Total Budget Authority | P22: =+DOF!B12 -> 0 | Q22: =+DOF!C12 -> 0 | R22: =+DOF!H12 -> 0 | S22: =+DOF!I12 -> 0 | T22: =+DOF!L12 -> 0 | U22: =+DOF!M12 -> 0
O23: Net Change | Q23: =IFERROR((Q22-P22)/P22,"") | R23: =IFERROR((R22-Q22)/Q22,"") | S23: =IFERROR((S22-R22)/R22,"") | T23: =IFERROR((T22-S22)/S22,"") | U23: =IFERROR((U22-T22)/T22,"")
N24: Total Expenditures | P24: =+DOF!B29 -> 0 | Q24: =+DOF!C29 -> 0 | R24: =+DOF!H29 -> 0 | S24: =+DOF!I29 -> 0 | T24: =+DOF!L29 -> 0 | U24: =+DOF!M29 -> 0
O25: Net Change | Q25: =IFERROR((Q24-P24)/P24,"") | R25: =IFERROR((R24-Q24)/Q24,"") | S25: =IFERROR((S24-R24)/R24,"") | T25: =IFERROR((T24-S24)/S24,"") | U25: =IFERROR((U24-T24)/T24,"")
N26: Surplus (Deficit) | P26: =+P22-P24 -> 0 | Q26: =+Q22-Q24 -> 0 | R26: =+R22-R24 -> 0 | S26: =+S22-S24 -> 0 | T26: =+T22-T24 -> 0 | U26: =+U22-U24 -> 0
O27: Net Change | Q27: =IFERROR(IF(Q26<0,(Q26-P26)/ABS(P26),(Q26-P26)/(P26)),"") | R27: =IFERROR(IF(R26<0,(R26-Q26)/ABS(Q26),(R26-Q26)/(Q26)),"") | S27: =IFERROR(IF(S26<0,(S26-R26)/ABS(R26),(S26-R26)/(R26)),"") | T27: =IFERROR(IF(T26<0,(T26-S26)/ABS(S26),(T26-S26)/(S26)),"") | U27: =IFERROR(IF(U26<0,(U26-T26)/ABS(T26),(U26-T26)/(T26)),"")
A29: Alternative Assumptions | M29: Special Appropriations - ROF | P29: FY20 | Q29: FY21 | R29: FY22 | S29: FY23 | T29: FY24 | U29: FY25
N30: Total Budget Authority | P30: =+'Special State Appropriations'!B12 -> 0 | Q30: =+'Special State Appropriations'!C12 -> 0 | R30: =+'Special State Appropriations'!H12 -> 0 | S30: =+'Special State Appropriations'!I12 -> 0 | T30: =+'Special State Appropriations'!L12 -> 0 | U30: =+'Special State Appropriations'!M12 -> 0
O31: Net Change | Q31: =IFERROR((Q30-P30)/P30,"") | R31: =IFERROR((R30-Q30)/Q30,"") | S31: =IFERROR((S30-R30)/R30,"") | T31: =IFERROR((T30-S30)/S30,"") | U31: =IFERROR((U30-T30)/T30,"")
N32: Total Expenditures | P32: =+'Special State Appropriations'!B29 -> 0 | Q32: =+'Special State Appropriations'!C29 -> 0 | R32: =+'Special State Appropriations'!H29 -> 0 | S32: =+'Special State Appropriations'!I29 -> 0 | T32: =+'Special State Appropriations'!L29 -> 0 | U32: =+'Special State Appropriations'!M29 -> 0
O33: Net Change | Q33: =IFERROR((Q32-P32)/P32,"") | R33: =IFERROR((R32-Q32)/Q32,"") | S33: =IFERROR((S32-R32)/R32,"") | T33: =IFERROR((T32-S32)/S32,"") | U33: =IFERROR((U32-T32)/T32,"")
N34: Surplus (Deficit) | P34: =+P30-P32 -> 0 | Q34: =+Q30-Q32 -> 0 | R34: =+R30-R32 -> 0 | S34: =+S30-S32 -> 0 | T34: =+T30-T32 -> 0 | U34: =+U30-U32 -> 0
O35: Net Change | Q35: =IFERROR(IF(Q34<0,(Q34-P34)/ABS(P34),(Q34-P34)/(P34)),"") | R35: =IFERROR(IF(R34<0,(R34-Q34)/ABS(Q34),(R34-Q34)/(Q34)),"") | S35: =IFERROR(IF(S34<0,(S34-R34)/ABS(R34),(S34-R34)/(R34)),"") | T35: =IFERROR(IF(T34<0,(T34-S34)/ABS(S34),(T34-S34)/(S34)),"") | U35: =IFERROR(IF(U34<0,(U34-T34)/ABS(T34),(U34-T34)/(T34)),"")
A36: Carryover Usage Plan
M37: Practice Plan | P37: FY20 | Q37: FY21 | R37: FY22 | S37: FY23 | T37: FY24 | U37: FY25
N38: Total Budget Authority | P38: =+'Practice Plan'!B11 -> 0 | Q38: =+'Practice Plan'!C11 -> 0 | R38: =+'Practice Plan'!H11 -> 0 | S38: =+'Practice Plan'!I11 -> 0 | T38: =+'Practice Plan'!L11 -> 0 | U38: =+'Practice Plan'!M11 -> 0
O39: Net Change | Q39: =IFERROR((Q38-P38)/P38,"") | R39: =IFERROR((R38-Q38)/Q38,"") | S39: =IFERROR((S38-R38)/R38,"") | T39: =IFERROR((T38-S38)/S38,"") | U39: =IFERROR((U38-T38)/T38,"")
N40: Total Expenditures | P40: =+'Practice Plan'!B28 -> 0 | Q40: =+'Practice Plan'!C28 -> 0 | R40: =+'Practice Plan'!H28 -> 0 | S40: =+'Practice Plan'!I28 -> 0 | T40: =+'Practice Plan'!L28 -> 0 | U40: =+'Practice Plan'!M28 -> 0
O41: Net Change | Q41: =IFERROR((Q40-P40)/P40,"") | R41: =IFERROR((R40-Q40)/Q40,"") | S41: =IFERROR((S40-R40)/R40,"") | T41: =IFERROR((T40-S40)/S40,"") | U41: =IFERROR((U40-T40)/T40,"")
N42: Surplus (Deficit) | P42: =+P38-P40 -> 0 | Q42: =+Q38-Q40 -> 0 | R42: =+R38-R40 -> 0 | S42: =+S38-S40 -> 0 | T42: =+T38-T40 -> 0 | U42: =+U38-U40 -> 0
A43: Outstanding Questions or Concerns | O43: Net Change | Q43: =IFERROR(IF(Q42<0,(Q42-P42)/ABS(P42),(Q42-P42)/(P42)),"") | R43: =IFERROR(IF(R42<0,(R42-Q42)/ABS(Q42),(R42-Q42)/(Q42)),"") | S43: =IFERROR(IF(S42<0,(S42-R42)/ABS(R42),(S42-R42)/(R42)),"") | T43: =IFERROR(IF(T42<0,(T42-S42)/ABS(S42),(T42-S42)/(S42)),"") | U43: =IFERROR(IF(U42<0,(U42-T42)/ABS(T42),(U42-T42)/(T42)),"")
M45: Sponsored Projects | P45: FY20 | Q45: FY21 | R45: FY22 | S45: FY23 | T45: FY24 | U45: FY25
N46: Total Budget Authority | P46: =+'Sponsored Projects'!B11 -> 0 | Q46: =+'Sponsored Projects'!C11 -> 0 | R46: =+'Sponsored Projects'!H11 -> 0 | S46: =+'Sponsored Projects'!I11 -> 0 | T46: =+'Sponsored Projects'!L11 -> 0 | U46: =+'Sponsored Projects'!M11 -> 0
O47: Net Change | P47: =IFERROR((P46-#REF!)/#REF!,"") | Q47: =IFERROR((Q46-P46)/P46,"") | R47: =IFERROR((R46-Q46)/Q46,"") | S47: =IFERROR((S46-R46)/R46,"") | T47: =IFERROR((T46-S46)/S46,"") | U47: =IFERROR((U46-T46)/T46,"")
N48: Total Expenditures | P48: =+'Sponsored Projects'!B28 -> 0 | Q48: =+'Sponsored Projects'!C28 -> 0 | R48: =+'Sponsored Projects'!H28 -> 0 | S48: =+'Sponsored Projects'!I28 -> 0 | T48: =+'Sponsored Projects'!L28 -> 0 | U48: =+'Sponsored Projects'!M28 -> 0
O49: Net Change | P49: =IFERROR((P48-#REF!)/#REF!,"") | Q49: =IFERROR((Q48-P48)/P48,"") | R49: =IFERROR((R48-Q48)/Q48,"") | S49: =IFERROR((S48-R48)/R48,"") | T49: =IFERROR((T48-S48)/S48,"") | U49: =IFERROR((U48-T48)/T48,"")
N50: Surplus (Deficit) | P50: =+P46-P48 -> 0 | Q50: =+Q46-Q48 -> 0 | R50: =+R46-R48 -> 0 | S50: =+S46-S48 -> 0 | T50: =+T46-T48 -> 0 | U50: =+U46-U48 -> 0
O51: Net Change | P51: =IFERROR(IF(P50<0,(P50-#REF!)/ABS(#REF!),(P50-#REF!)/(#REF!)),"") | Q51: =IFERROR(IF(Q50<0,(Q50-P50)/ABS(P50),(Q50-P50)/(P50)),"") | R51: =IFERROR(IF(R50<0,(R50-Q50)/ABS(Q50),(R50-Q50)/(Q50)),"") | S51: =IFERROR(IF(S50<0,(S50-R50)/ABS(R50),(S50-R50)/(R50)),"") | T51: =IFERROR(IF(T50<0,(T50-S50)/ABS(S50),(T50-S50)/(S50)),"") | U51: =IFERROR(IF(U50<0,(U50-T50)/ABS(T50),(U50-T50)/(T50)),"")
M53: Student Aid | P53: FY20 | Q53: FY21 | R53: FY22 | S53: FY23 | T53: FY24 | U53: FY25
N54: Total Budget Authority | P54: =+#REF! -> #REF! | Q54: =+#REF! -> #REF! | R54: =+#REF! -> #REF! | S54: =+#REF! -> #REF! | T54: =+#REF! -> #REF! | U54: =+#REF! -> #REF!
O55: Net Change | P55: =IFERROR((P54-#REF!)/#REF!,"") | Q55: =IFERROR((Q54-P54)/P54,"") | R55: =IFERROR((R54-Q54)/Q54,"") | S55: =IFERROR((S54-R54)/R54,"") | T55: =IFERROR((T54-S54)/S54,"") | U55: =IFERROR((U54-T54)/T54,"")
N56: Total Expenditures | P56: =+#REF! -> #REF! | Q56: =+#REF! -> #REF! | R56: =+#REF! -> #REF! | S56: =+#REF! -> #REF! | T56: =+#REF! -> #REF! | U56: =+#REF! -> #REF!
O57: Net Change | P57: =IFERROR((P56-#REF!)/#REF!,"") | Q57: =IFERROR((Q56-P56)/P56,"") | R57: =IFERROR((R56-Q56)/Q56,"") | S57: =IFERROR((S56-R56)/R56,"") | T57: =IFERROR((T56-S56)/S56,"") | U57: =IFERROR((U56-T56)/T56,"")
N58: Surplus (Deficit) | P58: =+P54-P56 -> #REF! | Q58: =+Q54-Q56 -> #REF! | R58: =+R54-R56 -> #REF! | S58: =+S54-S56 -> #REF! | T58: =+T54-T56 -> #REF! | U58: =+U54-U56 -> #REF!
O59: Net Change | P59: =IFERROR(IF(P58<0,(P58-#REF!)/ABS(#REF!),(P58-#REF!)/(#REF!)),"") | Q59: =IFERROR(IF(Q58<0,(Q58-P58)/ABS(P58),(Q58-P58)/(P58)),"") | R59: =IFERROR(IF(R58<0,(R58-Q58)/ABS(Q58),(R58-Q58)/(Q58)),"") | S59: =IFERROR(IF(S58<0,(S58-R58)/ABS(R58),(S58-R58)/(R58)),"") | T59: =IFERROR(IF(T58<0,(T58-S58)/ABS(S58),(T58-S58)/(S58)),"") | U59: =IFERROR(IF(U58<0,(U58-T58)/ABS(T58),(U58-T58)/(T58)),"")
M61: Grants & Contracts - Others | P61: FY20 | Q61: FY21 | R61: FY22 | S61: FY23 | T61: FY24 | U61: FY25
N62: Total Budget Authority | P62: =+#REF! -> #REF! | Q62: =+#REF! -> #REF! | R62: =+#REF! -> #REF! | S62: =+#REF! -> #REF! | T62: =+#REF! -> #REF! | U62: =+#REF! -> #REF!
O63: Net Change | P63: =IFERROR((P62-#REF!)/#REF!,"") | Q63: =IFERROR((Q62-P62)/P62,"") | R63: =IFERROR((R62-Q62)/Q62,"") | S63: =IFERROR((S62-R62)/R62,"") | T63: =IFERROR((T62-S62)/S62,"") | U63: =IFERROR((U62-T62)/T62,"")
N64: Total Expenditures | P64: =+#REF! -> #REF! | Q64: =+#REF! -> #REF! | R64: =+#REF! -> #REF! | S64: =+#REF! -> #REF! | T64: =+#REF! -> #REF! | U64: =+#REF! -> #REF!
O65: Net Change | P65: =IFERROR((P64-#REF!)/#REF!,"") | Q65: =IFERROR((Q64-P64)/P64,"") | R65: =IFERROR((R64-Q64)/Q64,"") | S65: =IFERROR((S64-R64)/R64,"") | T65: =IFERROR((T64-S64)/S64,"") | U65: =IFERROR((U64-T64)/T64,"")
N66: Surplus (Deficit) | P66: =+P62-P64 -> #REF! | Q66: =+Q62-Q64 -> #REF! | R66: =+R62-R64 -> #REF! | S66: =+S62-S64 -> #REF! | T66: =+T62-T64 -> #REF! | U66: =+U62-U64 -> #REF!
O67: Net Change | P67: =IFERROR(IF(P66<0,(P66-#REF!)/ABS(#REF!),(P66-#REF!)/(#REF!)),"") | Q67: =IFERROR(IF(Q66<0,(Q66-P66)/ABS(P66),(Q66-P66)/(P66)),"") | R67: =IFERROR(IF(R66<0,(R66-Q66)/ABS(Q66),(R66-Q66)/(Q66)),"") | S67: =IFERROR(IF(S66<0,(S66-R66)/ABS(R66),(S66-R66)/(R66)),"") | T67: =IFERROR(IF(T66<0,(T66-S66)/ABS(S66),(T66-S66)/(S66)),"") | U67: =IFERROR(IF(U66<0,(U66-T66)/ABS(T66),(U66-T66)/(T66)),"")
M69: Philanthropy - Gifts & Discretionary | P69: FY20 | Q69: FY21 | R69: FY22 | S69: FY23 | T69: FY24 | U69: FY25
N70: Total Budget Authority | P70: =+'Gifts-Discretionary'!B11 -> 0 | Q70: =+'Gifts-Discretionary'!C11 -> 0 | R70: =+'Gifts-Discretionary'!H11 -> 0 | S70: =+'Gifts-Discretionary'!I11 -> 0 | T70: =+'Gifts-Discretionary'!L11 -> 0 | U70: =+'Gifts-Discretionary'!M11 -> 0
O71: Net Change | Q71: =IFERROR((Q70-P70)/P70,"") | R71: =IFERROR((R70-Q70)/Q70,"") | S71: =IFERROR((S70-R70)/R70,"") | T71: =IFERROR((T70-S70)/S70,"") | U71: =IFERROR((U70-T70)/T70,"")
N72: Total Expenditures | P72: =+'Gifts-Discretionary'!B28 -> 0 | Q72: =+'Gifts-Discretionary'!C28 -> 0 | R72: =+'Gifts-Discretionary'!H28 -> 0 | S72: =+'Gifts-Discretionary'!I28 -> 0 | T72: =+'Gifts-Discretionary'!L28 -> 0 | U72: =+'Gifts-Discretionary'!M28 -> 0
O73: Net Change | Q73: =IFERROR((Q72-P72)/P72,"") | R73: =IFERROR((R72-Q72)/Q72,"") | S73: =IFERROR((S72-R72)/R72,"") | T73: =IFERROR((T72-S72)/S72,"") | U73: =IFERROR((U72-T72)/T72,"")
N74: Surplus (Deficit) | P74: =+P70-P72 -> 0 | Q74: =+Q70-Q72 -> 0 | R74: =+R70-R72 -> 0 | S74: =+S70-S72 -> 0 | T74: =+T70-T72 -> 0 | U74: =+U70-U72 -> 0
O75: Net Change | P75: =IFERROR(IF(P74<0,(P74-#REF!)/ABS(#REF!),(P74-#REF!)/(#REF!)),"") | Q75: =IFERROR(IF(Q74<0,(Q74-P74)/ABS(P74),(Q74-P74)/(P74)),"") | R75: =IFERROR(IF(R74<0,(R74-Q74)/ABS(Q74),(R74-Q74)/(Q74)),"") | S75: =IFERROR(IF(S74<0,(S74-R74)/ABS(R74),(S74-R74)/(R74)),"") | T75: =IFERROR(IF(T74<0,(T74-S74)/ABS(S74),(T74-S74)/(S74)),"") | U75: =IFERROR(IF(U74<0,(U74-T74)/ABS(T74),(U74-T74)/(T74)),"")
M77: Self Sustaining | P77: FY20 | Q77: FY21 | R77: FY22 | S77: FY23 | T77: FY24 | U77: FY25
N78: Total Budget Authority | P78: =+'Self Sustaining'!B11 -> 0 | Q78: =+'Self Sustaining'!C11 -> 0 | R78: =+'Self Sustaining'!H11 -> 0 | S78: =+'Self Sustaining'!I11 -> 0 | T78: =+'Self Sustaining'!L11 -> 0 | U78: =+'Self Sustaining'!M11 -> 0
O79: Net Change | Q79: =IFERROR((Q78-P78)/P78,"") | R79: =IFERROR((R78-Q78)/Q78,"") | S79: =IFERROR((S78-R78)/R78,"") | T79: =IFERROR((T78-S78)/S78,"") | U79: =IFERROR((U78-T78)/T78,"")
N80: Total Expenditures | P80: =+'Self Sustaining'!B28 -> 0 | Q80: =+'Self Sustaining'!C28 -> 0 | R80: =+'Self Sustaining'!H28 -> 0 | S80: =+'Self Sustaining'!I28 -> 0 | T80: =+'Self Sustaining'!L28 -> 0 | U80: =+'Self Sustaining'!M28 -> 0
O81: Net Change | Q81: =IFERROR((Q80-P80)/P80,"") | R81: =IFERROR((R80-Q80)/Q80,"") | S81: =IFERROR((S80-R80)/R80,"") | T81: =IFERROR((T80-S80)/S80,"") | U81: =IFERROR((U80-T80)/T80,"")
N82: Surplus (Deficit) | P82: =+P78-P80 -> 0 | Q82: =+Q78-Q80 -> 0 | R82: =+R78-R80 -> 0 | S82: =+S78-S80 -> 0 | T82: =+T78-T80 -> 0 | U82: =+U78-U80 -> 0
O83: Net Change | P83: =IFERROR(IF(P82<0,(P82-#REF!)/ABS(#REF!),(P82-#REF!)/(#REF!)),"") | Q83: =IFERROR(IF(Q82<0,(Q82-P82)/ABS(P82),(Q82-P82)/(P82)),"") | R83: =IFERROR(IF(R82<0,(R82-Q82)/ABS(Q82),(R82-Q82)/(Q82)),"") | S83: =IFERROR(IF(S82<0,(S82-R82)/ABS(R82),(S82-R82)/(R82)),"") | T83: =IFERROR(IF(T82<0,(T82-S82)/ABS(S82),(T82-S82)/(S82)),"") | U83: =IFERROR(IF(U82<0,(U82-T82)/ABS(T82),(U82-T82)/(T82)),"")
M85: Summary - Check | P85: FY20 | Q85: FY21 | R85: FY22 | S85: FY23 | T85: FY24 | U85: FY25 | W85: UWC2 Fee Based Program Totals
N86: Total Budget Authority | P86: =+'All Funds Rollup'!B26 -> 0 | Q86: =+Q78+Q70+Q62+Q54+Q46+Q38+Q30+Q22+Q14+Q6 -> #REF! | R86: =+R78+R70+R62+R54+R46+R38+R30+R22+R14+R6 -> #REF! | S86: =+S78+S70+S62+S54+S46+S38+S30+S22+S14+S6 -> #REF! | T86: =+T78+T70+T62+T54+T46+T38+T30+T22+T14+T6 -> #REF! | U86: =+U78+U70+U62+U54+U46+U38+U30+U22+U14+U6 -> #REF! | W86: =+'UWC2 Fee Based Programs'!B11 -> 0 | X86: =+'UWC2 Fee Based Programs'!C11 -> 0 | Y86: =+'UWC2 Fee Based Programs'!H11 -> 0 | Z86: =+'UWC2 Fee Based Programs'!I11 -> 0 | AA86: =+'UWC2 Fee Based Programs'!L11 -> 0 | AB86: =+'UWC2 Fee Based Programs'!M11 -> 0
O87: Net Change | P87: =IFERROR((P86-#REF!)/#REF!,"") | Q87: =IFERROR((Q86-P86)/P86,"") | R87: =IFERROR((R86-Q86)/Q86,"") | S87: =IFERROR((S86-R86)/R86,"") | T87: =IFERROR((T86-S86)/S86,"") | U87: =IFERROR((U86-T86)/T86,"")
N88: Total Expenditures | P88: =+P80+P72+P64+P56+P48+P40+P32+P24+P16+P8 -> #REF! | Q88: =+Q80+Q72+Q64+Q56+Q48+Q40+Q32+Q24+Q16+Q8 -> #REF! | R88: =+R80+R72+R64+R56+R48+R40+R32+R24+R16+R8 -> #REF! | S88: =+S80+S72+S64+S56+S48+S40+S32+S24+S16+S8 -> #REF! | T88: =+T80+T72+T64+T56+T48+T40+T32+T24+T16+T8 -> #REF! | U88: =+U80+U72+U64+U56+U48+U40+U32+U24+U16+U8 -> #REF! | W88: =+'UWC2 Fee Based Programs'!B28 -> 0 | X88: =+'UWC2 Fee Based Programs'!C28 -> 0 | Y88: =+'UWC2 Fee Based Programs'!H28 -> 0 | Z88: =+'UWC2 Fee Based Programs'!I28 -> 0 | AA88: =+'UWC2 Fee Based Programs'!L28 -> 0 | AB88: =+'UWC2 Fee Based Programs'!M28 -> 0
O89: Net Change | P89: =IFERROR((P88-#REF!)/#REF!,"") | Q89: =IFERROR((Q88-P88)/P88,"") | R89: =IFERROR((R88-Q88)/Q88,"") | S89: =IFERROR((S88-R88)/R88,"") | T89: =IFERROR((T88-S88)/S88,"") | U89: =IFERROR((U88-T88)/T88,"")
N90: Consolidated Surplus(Deficit) | P90: =+P86-P88 -> #REF! | Q90: =+Q86-Q88 -> #REF! | R90: =+R86-R88 -> #REF! | S90: =+S86-S88 -> #REF! | T90: =+T86-T88 -> #REF! | U90: =+U86-U88 -> #REF! | W90: =+W86-W88 -> 0 | X90: =+X86-X88 -> 0 | Y90: =+Y86-Y88 -> 0 | Z90: =+Z86-Z88 -> 0 | AA90: =+AA86-AA88 -> 0 | AB90: =+AB86-AB88 -> 0
O91: Net Change | P91: =IFERROR(IF(P90<0,(P90-#REF!)/ABS(#REF!),(P90-#REF!)/(#REF!)),"") | Q91: =IFERROR(IF(Q90<0,(Q90-P90)/ABS(P90),(Q90-P90)/(P90)),"") | R91: =IFERROR(IF(R90<0,(R90-Q90)/ABS(Q90),(R90-Q90)/(Q90)),"") | S91: =IFERROR(IF(S90<0,(S90-R90)/ABS(R90),(S90-R90)/(R90)),"") | T91: =IFERROR(IF(T90<0,(T90-S90)/ABS(S90),(T90-S90)/(S90)),"") | U91: =IFERROR(IF(U90<0,(U90-T90)/ABS(T90),(U90-T90)/(T90)),"")
M93: Summary - Variance (sh/tie to UWC2) | P93: FY20 | Q93: FY21 | R93: FY22 | S93: FY23 | T93: FY24 | U93: FY25
N94: Total Budget Authority | P94: =+P6+P22+P30+P38+P46+P54+P62+P70+P78-P86 -> #REF! | Q94: =+Q6+Q22+Q30+Q38+Q46+Q54+Q62+Q70+Q78-Q86 -> #REF! | R94: =+R6+R22+R30+R38+R46+R54+R62+R70+R78-R86 -> #REF! | S94: =+S6+S22+S30+S38+S46+S54+S62+S70+S78-S86 -> #REF! | T94: =+T6+T22+T30+T38+T46+T54+T62+T70+T78-T86 -> #REF! | U94: =+U6+U22+U30+U38+U46+U54+U62+U70+U78-U86 -> #REF!
O95: Net Change | P95: =IFERROR((P94-#REF!)/#REF!,"") | Q95: =IFERROR((Q94-P94)/P94,"") | R95: =IFERROR((R94-Q94)/Q94,"") | S95: =IFERROR((S94-R94)/R94,"") | T95: =IFERROR((T94-S94)/S94,"") | U95: =IFERROR((U94-T94)/T94,"")
N96: Total Expenditures | P96: =+P8+P24+P32+P40+P48+P56+P64+P72+P80-P88 -> #REF! | Q96: =+Q8+Q24+Q32+Q40+Q48+Q56+Q64+Q72+Q80-Q88 -> #REF! | R96: =+R8+R24+R32+R40+R48+R56+R64+R72+R80-R88 -> #REF! | S96: =+S8+S24+S32+S40+S48+S56+S64+S72+S80-S88 -> #REF! | T96: =+T8+T24+T32+T40+T48+T56+T64+T72+T80-T88 -> #REF! | U96: =+U8+U24+U32+U40+U48+U56+U64+U72+U80-U88 -> #REF!
O97: Net Change | P97: =IFERROR((P96-#REF!)/#REF!,"") | Q97: =IFERROR((Q96-P96)/P96,"") | R97: =IFERROR((R96-Q96)/Q96,"") | S97: =IFERROR((S96-R96)/R96,"") | T97: =IFERROR((T96-S96)/S96,"") | U97: =IFERROR((U96-T96)/T96,"")
N98: Consolidated Surplus(Deficit) | P98: =+P94-P96 -> #REF! | Q98: =+Q94-Q96 -> #REF! | R98: =+R94-R96 -> #REF! | S98: =+S94-S96 -> #REF! | T98: =+T94-T96 -> #REF! | U98: =+U94-U96 -> #REF!
O99: Net Change | P99: =IFERROR(IF(P98<0,(P98-#REF!)/ABS(#REF!),(P98-#REF!)/(#REF!)),"") | Q99: =IFERROR(IF(Q98<0,(Q98-P98)/ABS(P98),(Q98-P98)/(P98)),"") | R99: =IFERROR(IF(R98<0,(R98-Q98)/ABS(Q98),(R98-Q98)/(Q98)),"") | S99: =IFERROR(IF(S98<0,(S98-R98)/ABS(R98),(S98-R98)/(R98)),"") | T99: =IFERROR(IF(T98<0,(T98-S98)/ABS(S98),(T98-S98)/(S98)),"") | U99: =IFERROR(IF(U98<0,(U98-T98)/ABS(T98),(U98-T98)/(T98)),"")
M102: CHART DATA
M103: GOF & DOF
N104: Revenues/Budget Authority | P104: =+P6+P22 -> 0 | Q104: =+Q6+Q22 -> 0 | R104: =+R6+R22 -> 0 | S104: =+S6+S22 -> 0 | T104: =+T6+T22 -> 0 | U104: =+U6+U22 -> 0
O105: Net Change | P105: =IFERROR((P104-#REF!)/#REF!,"") | Q105: =IFERROR((Q104-P104)/P104,"") | R105: =IFERROR((R104-Q104)/Q104,"") | S105: =IFERROR((S104-R104)/R104,"") | T105: =IFERROR((T104-S104)/S104,"") | U105: =IFERROR((U104-T104)/T104,"")
N106: Expenditures | P106: =+P8+P24 -> 0 | Q106: =+Q8+Q24 -> 0 | R106: =+R8+R24 -> 0 | S106: =+S8+S24 -> 0 | T106: =+T8+T24 -> 0 | U106: =+U8+U24 -> 0
O107: Net Change | P107: =IFERROR((P106-#REF!)/#REF!,"") | Q107: =IFERROR((Q106-P106)/P106,"") | R107: =IFERROR((R106-Q106)/Q106,"") | S107: =IFERROR((S106-R106)/R106,"") | T107: =IFERROR((T106-S106)/S106,"") | U107: =IFERROR((U106-T106)/T106,"")
N108: Surplus (Deficit) | P108: =+P104-P106 -> 0 | Q108: =+Q104-Q106 -> 0 | R108: =+R104-R106 -> 0 | S108: =+S104-S106 -> 0 | T108: =+T104-T106 -> 0 | U108: =+U104-U106 -> 0
O109: Net Change | P109: =IFERROR(IF(P108<0,(P108-#REF!)/ABS(#REF!),(P108-#REF!)/(#REF!)),"") | Q109: =IFERROR(IF(Q108<0,(Q108-P108)/ABS(P108),(Q108-P108)/(P108)),"") | R109: =IFERROR(IF(R108<0,(R108-Q108)/ABS(Q108),(R108-Q108)/(Q108)),"") | S109: =IFERROR(IF(S108<0,(S108-R108)/ABS(R108),(S108-R108)/(R108)),"") | T109: =IFERROR(IF(T108<0,(T108-S108)/ABS(S108),(T108-S108)/(S108)),"") | U109: =IFERROR(IF(U108<0,(U108-T108)/ABS(T108),(U108-T108)/(T108)),"")
M111: Provisos, Research Grants and Scholarships
N112: Revenues/Budget Authority | P112: =+P14+P30+P46+P54 -> #REF! | Q112: =+Q14+Q30+Q46+Q54 -> #REF! | R112: =+R14+R30+R46+R54 -> #REF! | S112: =+S14+S30+S46+S54 -> #REF! | T112: =+T14+T30+T46+T54 -> #REF! | U112: =+U14+U30+U46+U54 -> #REF!
O113: Net Change | P113: =IFERROR((P112-#REF!)/#REF!,"") | Q113: =IFERROR((Q112-P112)/P112,"") | R113: =IFERROR((R112-Q112)/Q112,"") | S113: =IFERROR((S112-R112)/R112,"") | T113: =IFERROR((T112-S112)/S112,"") | U113: =IFERROR((U112-T112)/T112,"")
N114: Expenditures | P114: =+P32+P48+P56 -> #REF! | Q114: =+Q32+Q48+Q56 -> #REF! | R114: =+R32+R48+R56 -> #REF! | S114: =+S32+S48+S56 -> #REF! | T114: =+T32+T48+T56 -> #REF! | U114: =+U32+U48+U56 -> #REF!
O115: Net Change | P115: =IFERROR((P114-#REF!)/#REF!,"") | Q115: =IFERROR((Q114-P114)/P114,"") | R115: =IFERROR((R114-Q114)/Q114,"") | S115: =IFERROR((S114-R114)/R114,"") | T115: =IFERROR((T114-S114)/S114,"") | U115: =IFERROR((U114-T114)/T114,"")
...

Sheet OPB List
A1: Reviewer | B1: Peer Reviewer | C1: Unit
A3: Tram Nguyen | B3: Tram Nguyen | C3: 201 Attorney General
A4: Lisa McDonald | B4: Lisa McDonald | C4: 202 Academic & Student Affairs
A5: Mary Coffel | B5: Mary Coffel | C5: 202 Academic Personnel
A6: Judy Gustafson Golisch | B6: Judy Gustafson Golisch | C6: 202 Compliance & Risk Services
A7: Jason Campbell | B7: Jason Campbell | C7: 202 Executive Office (Pres/Prov)
C8: 202 Global Affairs
C9: 202 Office of Planning & Budgeting
C10: 205 Finance & Administration
C11: 206 Minority Affairs & Diversity, Office of
C12: 207 Libraries
C13: 212 Student Life
C14: 214 External Affairs
C15: 215 Advancement, UW
C16: 216 Research, Office of
C17: 217 CoMotion
C18: 252 Built Environments, College of
C19: 254 Arts & Sciences, College of
... C38: 600 UW Tacoma

Sheet Benefits Drivers
A2: Benefit Rate Assumptions
A3: **Do Not Modify Sheet**
A5: Benefit Assumptions, by Fiscal Year | B5: FY21 | C5: FY22 | D5: FY23 | E5: FY24 | F5: FY25
A6: Faculty (01-10) | B6: 0.24 | C6: 0.232 | D6: 0.23810854 | E6: 0.24038761 | F6: 0.24291034
A7: Auxiliary teaching (01-20) | B7: 0.307 | C7: 0.291 | D7: 0.32399541 | E7: 0.32663023 | F7: 0.32963505
A8: Graduate Students (01-30, 01-40) | B8: 0.204 | C8: 0.216 | D8: 0.22436044 | E8: 0.23072604 | F8: 0.23728261
A9: Post-doc research trainee (01-50) | B9: 0.205 | C9: 0.163 | D9: 0.17701221 | E9: 0.18008118 | F9: 0.18350387
A10: Classified staff (01-60) | B10: 0.42 | C10: 0.373 | D10: 0.39736157 | E10: 0.40015498 | F10: 0.40333762
A11: Professional staff (01-70) | B11: 0.319 | C11: 0.294 | D11: 0.3099074 | E11: 0.3140893 | F11: 0.32022521
A12: Temporary staff (01-80) | B12: 0.204 | C12: 0.204 | D12: 0.19918897 | E12: 0.20018427 | F12: 0.20129972
A13: Pre-doc Trainees (01-90) | B13: 0.26 | C13: 0.216 | D13: 0.24893635 | E13: 0.25640444 | F13: 0.26409658
